Workbook
Name ARET: #REF!
Name ativo: #REF!
Name BALANÇOS_COMPARADOS: '3-Balanço'!$A$6:$D$76
Name bpap: #REF!
Name CONTA: [1]!Tabela4[CONTA]
Name DEMONSTRATIVO_DE_RESULTADOS: '3-Balanço'!#REF!
Name Invest: [2]Cenario!$B$2
Name Investimento_Inicial: [2]AC!$B$3
Name nots1: '[3]Note 4-10'!#REF!
Name passivo: #REF!
Name Perc._VB_que_corr._a_CV: [2]AC!$B$7
Name Preço_Ano1: [2]Cenario!$C$13
Name Preço_Ano2: [2]Cenario!$D$13
Name Preço_Ano3: [2]Cenario!$E$13
Name Preço_Ano4: [2]Cenario!$F$13
Name Preço_Ano5: [2]Cenario!$G$13
Name side1: '[3]Note 4-10'!#REF!
Name TEST: #REF!
Name TIPO: [1]!Tabela3[TIPO]
Name TIR: [2]AC!$C$30
Name Vendas_Brutas_Ano_1: [2]AC!$C$15
Name Vendas_Brutas_Ano_2: [2]AC!$D$15
Name Vendas_Brutas_Ano_3: [2]AC!$E$15
Name Vendas_Brutas_Ano_4: [2]AC!$F$15
Name Vendas_Brutas_Ano_5: [2]AC!$G$15
Name VPL: [2]AC!$C$29

Sheet Início
H9: =IF(J13=1,"Ano","Year") -> Ano | J9: =IF(J13=1,"Mês","Month") -> Mês | L9: =IF(J13=1,"Período","Date") -> Período
H10: 2014 | J10: 1 | L10: =DATE(YEAR(Início!$J$43),$J$10,IF(OR($J$10=1,$J$10=3,$J$10=5,$J$10=7,$J$10=8,$J$10=10,$J$10=12),31,IF(OR($J$10=4,$J$10=6,$J$10=9,$J$10=11),30,IF(DATE(YEAR(Início!$J$43),12,31)-DATE(YEAR(Início!$J$43),1,1)=365,29,28)))) -> 41670
J12: =IF(J13=1,"Idioma","Language") -> Idioma | L12: =IF(J13=1,"Moeda","Currency") -> Moeda
J13: 1 | L13: 1
H43: TOTAL | I43: =DATE(H10-1,12,31) -> 41639 | J43: =DATE(YEAR(I43)+1,1,31) -> 41670 | K43: =DATE(YEAR(J43),MONTH(J43)+1,IF(OR(MONTH(J43)+1=3,MONTH(J43)+1=5,MONTH(J43)+1=7,MONTH(J43)+1=8,MONTH(J43)+1=10,MONTH(J43)+1=12),31,IF(OR(MONTH(J43)+1=4,MONTH(J43)+1=6,MONTH(J43)+1=9,MONTH(J43)+1=11),30,IF(DATE(YEAR(J43),12,31)-DATE(YEAR(J43),MONTH(J43),1)=365,29,28)))) -> 41698 | L43: =DATE(YEAR(K43),MONTH(K43)+1,IF(OR(MONTH(K43)+1=3,MONTH(K43)+1=5,MONTH(K43)+1=7,MONTH(K43)+1=8,MONTH(K43)+1=10,MONTH(K43)+1=12),31,IF(OR(MONTH(K43)+1=4,MONTH(K43)+1=6,MONTH(K43)+1=9,MONTH(K43)+1=11),30,IF(DATE(YEAR(K43),12,31)-DATE(YEAR(K43),MONTH(K43),1)=365,29,28)))) -> 41729 | M43: =DATE(YEAR(L43),MONTH(L43)+1,IF(OR(MONTH(L43)+1=3,MONTH(L43)+1=5,MONTH(L43)+1=7,MONTH(L43)+1=8,MONTH(L43)+1=10,MONTH(L43)+1=12),31,IF(OR(MONTH(L43)+1=4,MONTH(L43)+1=6,MONTH(L43)+1=9,MONTH(L43)+1=11),30,IF(DATE(YEAR(L43),12,31)-DATE(YEAR(L43),MONTH(L43),1)=365,29,28)))) -> 41759 | N43: =DATE(YEAR(M43),MONTH(M43)+1,IF(OR(MONTH(M43)+1=3,MONTH(M43)+1=5,MONTH(M43)+1=7,MONTH(M43)+1=8,MONTH(M43)+1=10,MONTH(M43)+1=12),31,IF(OR(MONTH(M43)+1=4,MONTH(M43)+1=6,MONTH(M43)+1=9,MONTH(M43)+1=11),30,IF(DATE(YEAR(M43),12,31)-DATE(YEAR(M43),MONTH(M43),1)=365,29,28)))) -> 41790 | O43: =DATE(YEAR(N43),MONTH(N43)+1,IF(OR(MONTH(N43)+1=3,MONTH(N43)+1=5,MONTH(N43)+1=7,MONTH(N43)+1=8,MONTH(N43)+1=10,MONTH(N43)+1=12),31,IF(OR(MONTH(N43)+1=4,MONTH(N43)+1=6,MONTH(N43)+1=9,MONTH(N43)+1=11),30,IF(DATE(YEAR(N43),12,31)-DATE(YEAR(N43),MONTH(N43),1)=365,29,28)))) -> 41820 | U43: =DATE(YEAR(O43),MONTH(O43)+1,IF(OR(MONTH(O43)+1=3,MONTH(O43)+1=5,MONTH(O43)+1=7,MONTH(O43)+1=8,MONTH(O43)+1=10,MONTH(O43)+1=12),31,IF(OR(MONTH(O43)+1=4,MONTH(O43)+1=6,MONTH(O43)+1=9,MONTH(O43)+1=11),30,IF(DATE(YEAR(O43),12,31)-DATE(YEAR(O43),MONTH(O43),1)=365,29,28)))) -> 41851 | V43: =DATE(YEAR(U43),MONTH(U43)+1,IF(OR(MONTH(U43)+1=3,MONTH(U43)+1=5,MONTH(U43)+1=7,MONTH(U43)+1=8,MONTH(U43)+1=10,MONTH(U43)+1=12),31,IF(OR(MONTH(U43)+1=4,MONTH(U43)+1=6,MONTH(U43)+1=9,MONTH(U43)+1=11),30,IF(DATE(YEAR(U43),12,31)-DATE(YEAR(U43),MONTH(U43),1)=365,29,28)))) -> 41882 | W43: =DATE(YEAR(V43),MONTH(V43)+1,IF(OR(MONTH(V43)+1=3,MONTH(V43)+1=5,MONTH(V43)+1=7,MONTH(V43)+1=8,MONTH(V43)+1=10,MONTH(V43)+1=12),31,IF(OR(MONTH(V43)+1=4,MONTH(V43)+1=6,MONTH(V43)+1=9,MONTH(V43)+1=11),30,IF(DATE(YEAR(V43),12,31)-DATE(YEAR(V43),MONTH(V43),1)=365,29,28)))) -> 41912 | X43: =DATE(YEAR(W43),MONTH(W43)+1,IF(OR(MONTH(W43)+1=3,MONTH(W43)+1=5,MONTH(W43)+1=7,MONTH(W43)+1=8,MONTH(W43)+1=10,MONTH(W43)+1=12),31,IF(OR(MONTH(W43)+1=4,MONTH(W43)+1=6,MONTH(W43)+1=9,MONTH(W43)+1=11),30,IF(DATE(YEAR(W43),12,31)-DATE(YEAR(W43),MONTH(W43),1)=365,29,28)))) -> 41943 | Y43: =DATE(YEAR(X43),MONTH(X43)+1,IF(OR(MONTH(X43)+1=3,MONTH(X43)+1=5,MONTH(X43)+1=7,MONTH(X43)+1=8,MONTH(X43)+1=10,MONTH(X43)+1=12),31,IF(OR(MONTH(X43)+1=4,MONTH(X43)+1=6,MONTH(X43)+1=9,MONTH(X43)+1=11),30,IF(DATE(YEAR(X43),12,31)-DATE(YEAR(X43),MONTH(X43),1)=365,29,28)))) -> 41973 | Z43: =DATE(YEAR(Y43),MONTH(Y43)+1,IF(OR(MONTH(Y43)+1=3,MONTH(Y43)+1=5,MONTH(Y43)+1=7,MONTH(Y43)+1=8,MONTH(Y43)+1=10,MONTH(Y43)+1=12),31,IF(OR(MONTH(Y43)+1=4,MONTH(Y43)+1=6,MONTH(Y43)+1=9,MONTH(Y43)+1=11),30,IF(DATE(YEAR(Y43),12,31)-DATE(YEAR(Y43),MONTH(Y43),1)=365,29,28)))) -> 42004 | AA43: =DATE(YEAR(Z43),MONTH(Z43)+1,IF(OR(MONTH(Z43)+1=3,MONTH(Z43)+1=5,MONTH(Z43)+1=7,MONTH(Z43)+1=8,MONTH(Z43)+1=10,MONTH(Z43)+1=12),31,IF(OR(MONTH(Z43)+1=4,MONTH(Z43)+1=6,MONTH(Z43)+1=9,MONTH(Z43)+1=11),30,IF(DATE(YEAR(Z43),12,31)-DATE(YEAR(Z43),MONTH(Z43),1)=365,29,28)))) -> 42032
M45: Português
M46: Inglês
M48: Reais
M49: Mil Reais

Sheet Capa

Sheet Índice
B1: Índice
B3: 1 - Introdução
B4: 2 - Premissas
B5: 3 - Balanço Patrimonial
B6: 4 - Demonstração de Resultados do Exercício
B7: 5 - Fluxo de Caixa
B8: 6 - Indicadores de Desempenho
B9: 7 - Cálculos
B10: 8 - Investimentos
B11: 9 - Financiamentos
B12: 10 - Fluxo de Caixa Livre da Empresa
B13: 11 - Fluxo de Caixa Livre do Acionista
... B16: 14 - Gráficos

Sheet 1-Introdução
A1: Voltar índice
A3: Introdução
A5: Para a análise e composição das premissas e projeções foram utilizadas diversas fontes de informações, tais como: mídia especializada, site da internet da CVRD (www.cvrd.com.br), dados da palestra realizado pelo Sr. Roberto Castelo Branco, Diretor de Relações com Investidores, informações impressas de empresas de consultoria. Com base nestas informações e nas ferramentas utilizadas em anexo, elaboramos o que para nós se aproxima do valor da empresa. O setor de minerio de ferro está atravessando um periodo sem precedentes na história, impulsionado pela forte demanda da China. Nesse sentido, a expectativa é de manutenção dos preços, após o aumento de 71,5% em Março/2005, que aliado ao aumento de volume das vendas em função da antecipação de investimentos, se traduz numa expressiva geração de caixa para a Vale do Rio Doce.
A8: Investimentos
A10: Seu programa de investimentos reflete a estratégia da Vale de se tornar uma empresa diversificada de mineração, e a inauguração de Sossego (cobre) marca o início dessa meta. Além disso, ampliou, nos ultimos anos, os investimentos em pesquisa geológica, com os recursos adicionais sendo destinados à prospecção de novos depósitos minerais em outros países. O orçamento consolidado para 2005 é de US$3,3 Bi e até 2010 de aproximadamente US$13,0 Bi. Em relação à 2004, os valores de 2005 são substancialmente superiores. Destacam-se os investimento em exploração de carvão, Paragominas e as expansões da planta da Alunorte. A partir de 2010 a Vale deverá continuar a fazer altos investimentos, pois algumas minas entrarão em exaustão, e segundo alguns analistas, a expansão das minas no mundo estará restrito pela excassez de equipamentos, empreiteiras e pneus. Assim consideramos um percentual de 20 % do EBITDA, do ano anterior, para ser utilizado em investimentos em manutenção e no crescimento orgânico.
A13: Minério de Ferro
A15: Acreditamos numa manutenção dos preços mesmo após a alta de Março de 2005 (71,5%).Pelos motivos apresentados anteriormente eles podem, inclusive, sofrer pequenos reajustes, dependendo da demanda da China, que deve continuar alta, ainda por alguns anos.
A18: Dividendos
A20: Desde a sua privatização em 1997a Vale paga 50% do seu lucro líquido em dividendos. Como tem forte geração de caixa nos últimos anos e projeções, consideramos um aumento nesse percentual, que pode chegar até 75% do lucro.
A23: Risco Vale
A25: Pelo fato de não acreditarmos que o Brasil (Risco Soberano) chegue a Investment Grade, não achamos que a Vale alcançará, também.
A28: Financiamentos
... A40: Com o aumento da produção devido ao aumento nas vendas, conseqüentemente os serviços de logísticas serão imprescindíveis como parte estratégica alavancando resultados também expressivos.

Sheet 2-Premissas
B1: Voltar índice
B2: Premissas
C3: =+'3-Balanço'!E5 -> 42369 | D3: =+'3-Balanço'!F5 -> 42735 | E3: =+'3-Balanço'!G5 -> 43100 | F3: =+'3-Balanço'!H5 -> 43465 | G3: =+'3-Balanço'!I5 -> 43830 | H3: =+'3-Balanço'!J5 -> 44196 | I3: =+'3-Balanço'!K5 -> 44561 | J3: =+'3-Balanço'!L5 -> 44926 | ... O3: =+'3-Balanço'!Q5 -> 46752
B4: 1 - Valores em R$
B6: 2 - Volume de vendas
B7: Minério de ferro e pelotas | C7: 0.11 | D7: 0.0791 | E7: 0.116 | F7: 0.1 | G7: 0.1 | H7: =G7 -> 0.1 | I7: 1e-05 | J7: 1e-05 | K7: 0.03 | L7: =K7 -> 0.03 | M7: =L7 -> 0.03 | N7: =M7 -> 0.03 | O7: =N7 -> 0.03
B8: Manganês e ferro ligas | C8: 0.1 | D8: 0.05 | E8: 0.05 | F8: 0.05 | G8: 0.03 | H8: =G8 -> 0.03 | I8: =H8 -> 0.03 | J8: =I8 -> 0.03 | K8: =J8 -> 0.03 | L8: =K8 -> 0.03 | M8: =L8 -> 0.03 | N8: =M8 -> 0.03 | O8: =N8 -> 0.03
B9: Ouro | C9: 0.01 | D9: =C9 -> 0.01 | E9: =D9 -> 0.01 | F9: =E9 -> 0.01 | G9: =F9 -> 0.01 | H9: =G9 -> 0.01 | I9: =H9 -> 0.01 | J9: =I9 -> 0.01 | K9: =J9 -> 0.01 | ... O9: =N9 -> 0.01
B10: Potássio | C10: 0.05 | D10: =C10 -> 0.05 | E10: =D10 -> 0.05 | F10: =E10 -> 0.05 | G10: =F10 -> 0.05 | H10: =G10 -> 0.05 | I10: =H10 -> 0.05 | J10: =I10 -> 0.05 | K10: =J10 -> 0.05 | ... O10: =N10 -> 0.05
B11: Caulim | C11: 0.05 | D11: 0.03 | E11: 0.03 | F11: 0.02 | G11: 0.01 | H11: =G11 -> 0.01 | I11: =H11 -> 0.01 | J11: =I11 -> 0.01 | K11: =J11 -> 0.01 | L11: =K11 -> 0.01 | M11: =L11 -> 0.01 | N11: =M11 -> 0.01 | O11: =N11 -> 0.01
B12: Cobre | C12: 0.87 | D12: 1e-05 | E12: 1e-05 | F12: 1e-05 | G12: 1e-05 | H12: 1e-05 | I12: 1e-05 | J12: 1e-05 | K12: 1e-05 | L12: 1e-05 | M12: 1e-05 | N12: 1e-05 | O12: 1e-05
B14: Receitas de serviços de logística | C14: 0.05 | D14: 0.05 | E14: 0.02 | F14: 0.02 | G14: 0.02 | H14: =G14 -> 0.02 | I14: =H14 -> 0.02 | J14: =I14 -> 0.02 | K14: =J14 -> 0.02 | L14: =K14 -> 0.02 | M14: =L14 -> 0.02 | N14: =M14 -> 0.02 | O14: =N14 -> 0.02
B15: Produtos de alumínio | C15: 0.02 | D15: 0.05 | E15: 0.05 | F15: 0.05 | G15: 0.05 | H15: =G15 -> 0.05 | I15: =H15 -> 0.05 | J15: =I15 -> 0.05 | K15: =J15 -> 0.05 | L15: =K15 -> 0.05 | M15: =L15 -> 0.05 | N15: =M15 -> 0.05 | O15: =N15 -> 0.05
B16: Outros produtos e serviços | C16: 0.05 | D16: 0.15 | E16: 0.05 | F16: 0.05 | G16: 0.05 | H16: =G16 -> 0.05 | I16: =H16 -> 0.05 | J16: =I16 -> 0.05 | K16: =J16 -> 0.05 | L16: =K16 -> 0.05 | M16: =L16 -> 0.05 | N16: =M16 -> 0.05 | O16: =N16 -> 0.05
B18: 3 - Receitas
B19: Minério de ferro e pelotas | C19: 0.715 | D19: 0.1 | E19: 0.05 | F19: 0.05 | G19: 0.05 | H19: 0.05 | I19: 0.0001 | J19: 0.0001 | K19: 0.0001 | L19: 0.05 | M19: =L19 -> 0.05 | N19: =M19 -> 0.05 | O19: =N19 -> 0.05
B20: Manganês e ferro ligas | C20: 0.12 | D20: 0.02 | E20: 0.02 | F20: 0.02 | G20: 0.05 | H20: =G20 -> 0.05 | I20: =H20 -> 0.05 | J20: =I20 -> 0.05 | K20: =J20 -> 0.05 | L20: =K20 -> 0.05 | M20: =L20 -> 0.05 | N20: =M20 -> 0.05 | O20: =N20 -> 0.05
B21: Ouro | C21: 0.09 | D21: 0.03 | E21: 0.03 | F21: 0.03 | G21: 0.05 | H21: =G21 -> 0.05 | I21: =H21 -> 0.05 | J21: =I21 -> 0.05 | K21: =J21 -> 0.05 | L21: =K21 -> 0.05 | M21: =L21 -> 0.05 | N21: =M21 -> 0.05 | O21: =N21 -> 0.05
B22: Potássio | C22: 0.03 | D22: =C22 -> 0.03 | E22: =D22 -> 0.03 | F22: =E22 -> 0.03 | G22: =F22 -> 0.03 | H22: =G22 -> 0.03 | I22: =H22 -> 0.03 | J22: =I22 -> 0.03 | K22: =J22 -> 0.03 | ... O22: =N22 -> 0.03
B23: Caulim | C23: 0.03 | D23: =C23 -> 0.03 | E23: =D23 -> 0.03 | F23: =E23 -> 0.03 | G23: =F23 -> 0.03 | H23: =G23 -> 0.03 | I23: =H23 -> 0.03 | J23: =I23 -> 0.03 | K23: =J23 -> 0.03 | ... O23: =N23 -> 0.03
B24: Cobre | C24: 0 | D24: -0.05 | E24: =D24 -> -0.05 | F24: =E24 -> -0.05 | G24: 0 | H24: =G24 -> 0 | I24: =H24 -> 0 | J24: =I24 -> 0 | K24: =J24 -> 0 | L24: =K24 -> 0 | M24: =L24 -> 0 | N24: =M24 -> 0 | O24: =N24 -> 0
B26: Receitas de serviços de logística | C26: 0.02 | D26: =C26 -> 0.02 | E26: =D26 -> 0.02 | F26: =E26 -> 0.02 | G26: =F26 -> 0.02 | H26: =G26 -> 0.02 | I26: =H26 -> 0.02 | J26: =I26 -> 0.02 | K26: =J26 -> 0.02 | ... O26: =N26 -> 0.02
B27: Produtos de alumínio | C27: 0.03 | D27: 0.25 | E27: 0.05 | F27: 0.05 | G27: 0.05 | H27: =G27 -> 0.05 | I27: =H27 -> 0.05 | J27: =I27 -> 0.05 | K27: =J27 -> 0.05 | L27: =K27 -> 0.05 | M27: =L27 -> 0.05 | N27: =M27 -> 0.05 | O27: =N27 -> 0.05
B28: Outros produtos e serviços | C28: 0.03 | D28: 0.25 | E28: 0.05 | F28: 0.05 | G28: 0.05 | H28: =G28 -> 0.05 | I28: =H28 -> 0.05 | J28: =I28 -> 0.05 | K28: =J28 -> 0.05 | L28: =K28 -> 0.05 | M28: =L28 -> 0.05 | N28: =M28 -> 0.05 | O28: =N28 -> 0.05
B30: 4 - Impostos sobre vendas e serviços | C30: 0.05 | D30: =C30 -> 0.05 | E30: =D30 -> 0.05 | F30: =E30 -> 0.05 | G30: =F30 -> 0.05 | H30: =G30 -> 0.05 | I30: =H30 -> 0.05 | J30: =I30 -> 0.05 | K30: =J30 -> 0.05 | ... O30: =N30 -> 0.05
B33: 5 - CUSTOS OPERACIONAIS
B34: de minerais e metais | C34: 0.06 | D34: =C34 -> 0.06 | E34: =D34 -> 0.06 | F34: =E34 -> 0.06 | G34: =F34 -> 0.06 | H34: =G34 -> 0.06 | I34: =H34 -> 0.06 | J34: =I34 -> 0.06 | K34: =J34 -> 0.06 | ... O34: =N34 -> 0.06
B35: de serviços de logística | C35: 0.06 | D35: =C35 -> 0.06 | E35: =D35 -> 0.06 | F35: =E35 -> 0.06 | G35: =F35 -> 0.06 | H35: =G35 -> 0.06 | I35: =H35 -> 0.06 | J35: =I35 -> 0.06 | K35: =J35 -> 0.06 | ... O35: =N35 -> 0.06
B36: de produtos de alumínio | C36: 0.06 | D36: =C36 -> 0.06 | E36: =D36 -> 0.06 | F36: =E36 -> 0.06 | G36: =F36 -> 0.06 | H36: =G36 -> 0.06 | I36: =H36 -> 0.06 | J36: =I36 -> 0.06 | K36: =J36 -> 0.06 | ... O36: =N36 -> 0.06
B37: outros | C37: 0.06 | D37: =C37 -> 0.06 | E37: =D37 -> 0.06 | F37: =E37 -> 0.06 | G37: =F37 -> 0.06 | H37: =G37 -> 0.06 | I37: =H37 -> 0.06 | J37: =I37 -> 0.06 | K37: =J37 -> 0.06 | ... O37: =N37 -> 0.06
B40: 5 - Os custos administrativos
B41: Despesas vendas, gerais e administrativas | C41: 0.1 | D41: =C41 -> 0.1 | E41: =D41 -> 0.1 | F41: =E41 -> 0.1 | G41: =F41 -> 0.1 | H41: =G41 -> 0.1 | I41: =H41 -> 0.1 | J41: =I41 -> 0.1 | K41: =J41 -> 0.1 | ... O41: =N41 -> 0.1
B42: Pesquisa e desenvolvimento | C42: 0.4 | D42: =C42 -> 0.4 | E42: =D42 -> 0.4 | F42: =E42 -> 0.4 | G42: 0.03 | H42: =G42 -> 0.03 | I42: =H42 -> 0.03 | J42: =I42 -> 0.03 | K42: =J42 -> 0.03 | L42: =K42 -> 0.03 | M42: =L42 -> 0.03 | N42: =M42 -> 0.03 | O42: =N42 -> 0.03
B43: Participação dos empregados nos resultados | C43: 0.03 | D43: =C43 -> 0.03 | E43: =D43 -> 0.03 | F43: =E43 -> 0.03 | G43: =F43 -> 0.03 | H43: =G43 -> 0.03 | I43: =H43 -> 0.03 | J43: =I43 -> 0.03 | K43: =J43 -> 0.03 | ... O43: =N43 -> 0.03
B44: Outros | C44: 0.02 | D44: =C44 -> 0.02 | E44: =D44 -> 0.02 | F44: =E44 -> 0.02 | G44: =F44 -> 0.02 | H44: =G44 -> 0.02 | I44: =H44 -> 0.02 | J44: =I44 -> 0.02 | K44: =J44 -> 0.02 | ... O44: =N44 -> 0.02
B46: 6 - O imobilizado (bruto) deprecia-se a | C46: 0.05 | D46: =C46 -> 0.05 | E46: =D46 -> 0.05 | F46: =E46 -> 0.05 | G46: =F46 -> 0.05 | H46: =G46 -> 0.05 | I46: =H46 -> 0.05 | J46: =I46 -> 0.05 | K46: =J46 -> 0.05 | ... O46: =N46 -> 0.05
B47: 7 - Alíquota de IR e CSLL | C47: 0.25 | D47: 0.34 | E47: =D47 -> 0.34 | F47: =E47 -> 0.34 | G47: =F47 -> 0.34 | H47: =G47 -> 0.34 | I47: =H47 -> 0.34 | J47: =I47 -> 0.34 | K47: =J47 -> 0.34 | L47: =K47 -> 0.34 | ... O47: =N47 -> 0.34
B48: 8 - Média dos anos 2002 a 2004
B49: Estoques | C49: =AVERAGE('13-Ciclo'!D9:F9) -> 59.821742 | D49: =C49 -> 59.821742 | E49: =D49 -> 59.821742 | F49: =E49 -> 59.821742 | G49: =F49 -> 59.821742 | H49: =G49 -> 59.821742 | I49: =H49 -> 59.821742 | J49: =I49 -> 59.821742 | K49: =J49 -> 59.821742 | ... O49: =N49 -> 59.821742
B50: Contas a Receber | C50: =AVERAGE('13-Ciclo'!D10:F10) -> 50.761503 | D50: =C50 -> 50.761503 | E50: =D50 -> 50.761503 | F50: =E50 -> 50.761503 | G50: =F50 -> 50.761503 | H50: =G50 -> 50.761503 | I50: =H50 -> 50.761503 | J50: =I50 -> 50.761503 | K50: =J50 -> 50.761503 | ... O50: =N50 -> 50.761503
B51: Fornecedores | C51: =AVERAGE('13-Ciclo'!D12:F12) -> 55.620584 | D51: =C51 -> 55.620584 | E51: =D51 -> 55.620584 | F51: =E51 -> 55.620584 | G51: =F51 -> 55.620584 | H51: =G51 -> 55.620584 | I51: =H51 -> 55.620584 | J51: =I51 -> 55.620584 | K51: =J51 -> 55.620584 | ... O51: =N51 -> 55.620584
B53: 9 - Salários | C53: 0.1 | D53: =C53 -> 0.1 | E53: =D53 -> 0.1 | F53: =E53 -> 0.1 | G53: =F53 -> 0.1 | H53: =G53 -> 0.1 | I53: =H53 -> 0.1 | J53: =I53 -> 0.1 | K53: =J53 -> 0.1 | ... O53: =N53 -> 0.1
B55: 10 - O caixa é remunerado a | C55: 0.1 | D55: =C55 -> 0.1 | E55: =D55 -> 0.1 | F55: =E55 -> 0.1 | G55: =F55 -> 0.1 | H55: =G55 -> 0.1 | I55: =H55 -> 0.1 | J55: =I55 -> 0.1 | K55: =J55 -> 0.1 | ... O55: =N55 -> 0.1
B57: 11 - A taxa de juros dos financiamentos é de 12% aa, e essas despesas são pagas em dinheiro. | C57: ='7-Cálculos'!D9 -> 0.073960976 | D57: ='7-Cálculos'!E9 -> 0.073460976 | E57: ='7-Cálculos'!F9 -> 0.072960976 | F57: ='7-Cálculos'!G9 -> 0.072460976 | G57: ='7-Cálculos'!H9 -> 0.071960976 | H57: ='7-Cálculos'!I9 -> 0.071460976 | I57: ='7-Cálculos'!J9 -> 0.070960976 | J57: ='7-Cálculos'!K9 -> 0.070460976 | ... O57: ='7-Cálculos'!P9 -> 0.067960976
B59: 12 - Paga-se, à vista, a título de amortização de financiamentos. | C59: =SUM(C60:C66) -> -803.9 | D59: =SUM(D60:D66) -> -695.9 | E59: =SUM(E60:E66) -> -504.9 | F59: =SUM(F60:F66) -> -270.9 | G59: =SUM(G60:G66) -> -1559.9 | H59: =SUM(H60:H66) -> -181.9 | I59: =SUM(I60:I66) -> 0.1 | J59: =SUM(J60:J66) -> 0.1 | ... O59: =SUM(O60:O66) -> 0.1
B60: Empréstimos e financiamentos de curto prazo (captações líquidas)
B61: Partes relacionadas
B62: Empréstimos e financiamentos de longo prazo | C62: ='9-Financiamentos'!C17 -> -804 | D62: ='9-Financiamentos'!D29 -> -696 | E62: ='9-Financiamentos'!E29 -> -505 | F62: ='9-Financiamentos'!F29 -> -271 | G62: ='9-Financiamentos'!G29 -> -1560 | H62: ='9-Financiamentos'!H29 -> -182 | I62: ='9-Financiamentos'!I16 -> 0 | J62: ='9-Financiamentos'!J16 -> 0 | K62: ='9-Financiamentos'!K16 -> 0 | L62: ='9-Financiamentos'!L16 -> 0 | M62: ='9-Financiamentos'!M16 -> 0 | N62: ='9-Financiamentos'!N16 -> 0 | O62: ='9-Financiamentos'!O16 -> 0
B63: Partes relacionadas
B64: Empréstimos e financiamentos
B65: Benefícios de pós-aposentadoria | C65: 0.1 | D65: =C65 -> 0.1 | E65: =D65 -> 0.1 | F65: =E65 -> 0.1 | G65: =F65 -> 0.1 | H65: =G65 -> 0.1 | I65: =H65 -> 0.1 | J65: =I65 -> 0.1 | K65: =J65 -> 0.1 | ... O65: =N65 -> 0.1
B66: Outros
B68: 13 - Está prevista nova emissão de dívida (financiamento LP). | C68: ='9-Financiamentos'!C10 -> 890 | D68: ='9-Financiamentos'!D10 -> 987 | E68: ='9-Financiamentos'!E10 -> 1121 | F68: ='9-Financiamentos'!F10 -> 1321 | G68: ='9-Financiamentos'!G10 -> 0 | H68: ='9-Financiamentos'!H10 -> 1121 | I68: ='9-Financiamentos'!I10 -> 1198 | J68: ='9-Financiamentos'!J10 -> 765 | ... O68: ='9-Financiamentos'!O10 -> 0
B70: 14 - O orçamento para investimentos de capital. | C70: 2000 | D70: 2000 | E70: 1500 | F70: 1500 | G70: ='8-Investimentos'!G30 -> 3830 | H70: ='8-Investimentos'!H30 -> 3830 | I70: ='8-Investimentos'!I30 -> 3830 | J70: ='8-Investimentos'!J30 -> 3830 | K70: ='8-Investimentos'!K30 -> 3830 | L70: ='8-Investimentos'!L30 -> 3830 | M70: ='8-Investimentos'!M30 -> 3830 | N70: ='8-Investimentos'!N30 -> 3830 | O70: ='8-Investimentos'!O30 -> 3830
C71: 0.01 | D71: =C71 -> 0.01 | E71: =D71 -> 0.01 | F71: =E71 -> 0.01 | G71: =F71 -> 0.01 | H71: =G71 -> 0.01 | I71: =H71 -> 0.01 | J71: =I71 -> 0.01 | K71: =J71 -> 0.01 | ... O71: =N71 -> 0.01
B73: 15 - A empresa paga, em dinheiro, 50% do lucro líquido a título de dividendos. | C73: 0.5 | D73: 0.5 | E73: =D73 -> 0.5 | F73: =E73 -> 0.5 | G73: 0.75 | H73: =G73 -> 0.75 | I73: =H73 -> 0.75 | J73: =I73 -> 0.75 | K73: =J73 -> 0.75 | L73: =K73 -> 0.75 | M73: =L73 -> 0.75 | N73: =M73 -> 0.75 | O73: =N73 -> 0.75
B75: 16 - Ações
B76: Taxa do Dólar | C76: 2.366
C77: Qtd | E77: Preço | G77: Total
B78: Ordinárias | C78: 749949429 | E78: =66.8/$C$76 -> 28.233305 | G78: =C78*E78 -> 2.1173551e+10
B79: Preferenciais | C79: 415727739 | E79: =57.16/$C$76 -> 24.158918 | G79: =C79*E79 -> 1.0043532e+10
B80: Equity | C80: =SUM(C78:C79) -> 1165677168 | G80: =SUM(G78:G79) -> 3.1217083e+10
B82: 17 - Taxa de crescimento na Perpetuidade | C82: 0.03

Sheet 3-Balanço
A1: Voltar índice
A2: BALANÇO PATRIMONIAL
A3: Exercícios findos em 31 de dezembro | P3: (Coloque aqui Logotipo)
B5: =DATE(YEAR(C5)-1,12,31) -> 41274 | C5: =DATE(YEAR(D5)-1,12,31) -> 41639 | D5: =DATE(Início!H10,12,31) -> 42004 | E5: =DATE(YEAR(D5)+1,12,31) -> 42369 | F5: =DATE(YEAR(E5)+1,12,31) -> 42735 | G5: =DATE(YEAR(F5)+1,12,31) -> 43100 | H5: =DATE(YEAR(G5)+1,12,31) -> 43465 | I5: =DATE(YEAR(H5)+1,12,31) -> 43830 | J5: =DATE(YEAR(I5)+1,12,31) -> 44196 | K5: =DATE(YEAR(J5)+1,12,31) -> 44561 | L5: =DATE(YEAR(K5)+1,12,31) -> 44926 | ... Q5: =DATE(YEAR(P5)+1,12,31) -> 46752
A6: A T I V O
A7: CIRCULANTE
A8: Disponíveis | B8: 1091 | C8: 585 | D8: 1249 | E8: ='5-FC'!C61 -> 533.88662 | F8: ='5-FC'!D61 -> 748.71051 | G8: ='5-FC'!E61 -> 2291.4635 | H8: ='5-FC'!F61 -> 4519.7571 | I8: ='5-FC'!G61 -> 1149.8631 | J8: ='5-FC'!H61 -> 263.20252 | K8: ='5-FC'!I61 -> 885.67264 | L8: ='5-FC'!J61 -> 1992.3077 | ... Q8: ='5-FC'!O61 -> 19372.731 | BV8: =B8-C8 -> 506 | BW8: =C8-D8 -> -664
A9: Clientes | B9: 660 | C9: 818 | D9: 1029 | E9: ='13-Ciclo'!G9/360*'4-DRE'!C19 -> 2262.3439 | F9: ='13-Ciclo'!H9/360*'4-DRE'!D19 -> 2658.0387 | G9: ='13-Ciclo'!I9/360*'4-DRE'!E19 -> 3038.2386 | H9: ='13-Ciclo'!J9/360*'4-DRE'!F19 -> 3441.6107 | I9: ='13-Ciclo'!K9/360*'4-DRE'!G19 -> 3908.4062 | J9: ='13-Ciclo'!L9/360*'4-DRE'!H19 -> 4443.4257 | K9: ='13-Ciclo'!M9/360*'4-DRE'!I19 -> 4516.854 | L9: ='13-Ciclo'!N9/360*'4-DRE'!J19 -> 4596.7742 | ... Q9: ='13-Ciclo'!S9/360*'4-DRE'!O19 -> 6542.535 | BV9: =B9-C9 -> -158 | BW9: =C9-D9 -> -211
A10: Empréstimos e adiantamentos | B10: 49 | C10: 56 | D10: 56 | E10: 56 | F10: 56 | G10: 56 | H10: 56 | I10: 56 | J10: 56 | K10: 56 | L10: 56 | M10: 56 | N10: 56 | O10: 56 | P10: 56 | Q10: 56 | BV10: =B10-C10 -> -7 | BW10: =C10-D10 -> 0
A11: Estoques | B11: 292 | C11: 505 | D11: 849 | E11: ='13-Ciclo'!G9/360*-'4-DRE'!C28 -> 779.1188 | F11: ='13-Ciclo'!H9/360*-'4-DRE'!D28 -> 878.33156 | G11: ='13-Ciclo'!I9/360*-'4-DRE'!E28 -> 1012.4756 | H11: ='13-Ciclo'!J9/360*-'4-DRE'!F28 -> 1156.4358 | I11: ='13-Ciclo'!K9/360*-'4-DRE'!G28 -> 1322.6612 | J11: ='13-Ciclo'!L9/360*-'4-DRE'!H28 -> 1514.7324 | K11: ='13-Ciclo'!M9/360*-'4-DRE'!I28 -> 1608.7523 | L11: ='13-Ciclo'!N9/360*-'4-DRE'!J28 -> 1708.6896 | ... Q11: ='13-Ciclo'!S9/360*-'4-DRE'!O28 -> 2600.557 | BV11: =B11-C11 -> -213 | BW11: =C11-D11 -> -344
A12: Imposto de renda diferido | B12: 211 | C12: 91 | D12: 203 | E12: 203 | F12: 203 | G12: 203 | H12: 203 | I12: 203 | J12: 203 | K12: 203 | L12: 203 | M12: 203 | N12: 203 | O12: 203 | P12: 203 | Q12: 203 | BV12: =B12-C12 -> 120 | BW12: =C12-D12 -> -112
A13: Impostos a recuperar | C13: 214 | D13: 285 | E13: 285 | F13: 285 | G13: 285 | H13: 285 | I13: 285 | J13: 285 | K13: 285 | L13: 285 | M13: 285 | N13: 285 | O13: 285 | P13: 285 | Q13: 285 | BV13: =B13-C13 -> -214 | BW13: =C13-D13 -> -71
A14: Outros circulantes | B14: 286 | C14: 205 | D14: 219 | E14: 219 | F14: 219 | G14: 219 | H14: 219 | I14: 219 | J14: 219 | K14: 219 | L14: 219 | M14: 219 | N14: 219 | O14: 219 | P14: 219 | Q14: 219 | BV14: =B14-C14 -> 81 | BW14: =C14-D14 -> -14
A15: Total CIRCULANTE | B15: =B8+B9+B10+B11+B12+B13+B14 -> 2589 | C15: =C8+C9+C10+C11+C12+C13+C14 -> 2474 | D15: =D8+D9+D10+D11+D12+D13+D14 -> 3890 | E15: =E8+E9+E10+E11+E12+E13+E14 -> 4338.3493 | F15: =F8+F9+F10+F11+F12+F13+F14 -> 5048.0808 | G15: =G8+G9+G10+G11+G12+G13+G14 -> 7105.1777 | H15: =H8+H9+H10+H11+H12+H13+H14 -> 9880.8036 | I15: =I8+I9+I10+I11+I12+I13+I14 -> 7143.9306 | ... Q15: =Q8+Q9+Q10+Q11+Q12+Q13+Q14 -> 29278.823
A17: REALIZÁVEL A L. PRAZO
A19: PERMANENTE
A20: Investimentos | B20: 732 | C20: 1034 | D20: 1159 | E20: 1159 | F20: =E20 -> 1159 | G20: =F20 -> 1159 | H20: =G20 -> 1159 | I20: =H20 -> 1159 | J20: =I20 -> 1159 | K20: =J20 -> 1159 | L20: =K20 -> 1159 | M20: =L20 -> 1159 | ... Q20: =P20 -> 1159 | BV20: =B20-C20 -> -302 | BW20: =C20-D20 -> -125
A21: Imobilizado | B21: 5093 | C21: 9306 | D21: 12812 | E21: =D21+'2-Premissas'!C70 -> 14812 | F21: =E21+'2-Premissas'!D70 -> 16812 | G21: =F21+'2-Premissas'!E70 -> 18312 | H21: =G21+'2-Premissas'!F70 -> 19812 | I21: =H21+'2-Premissas'!G70 -> 23642 | J21: =I21+'2-Premissas'!H70 -> 27472 | K21: =J21+'2-Premissas'!I70 -> 31302 | L21: =K21+'2-Premissas'!J70 -> 35132 | ... Q21: =P21+'2-Premissas'!O70 -> 54282 | BV21: =B21-C21 -> -4213 | BW21: =C21-D21 -> -3506
A22: (-) Depreciação Acumulada | B22: -1796 | C22: -2822 | D22: -3749 | E22: =D22+'4-DRE'!C36 -> -4389.6 | F22: =E22+'4-DRE'!D36 -> -5130.2 | G22: =F22+'4-DRE'!E36 -> -5970.8 | H22: =G22+'4-DRE'!F36 -> -6886.4 | I22: =H22+'4-DRE'!G36 -> -7877 | J22: =I22+'4-DRE'!H36 -> -9059.1 | K22: =J22+'4-DRE'!I36 -> -10432.7 | L22: =K22+'4-DRE'!J36 -> -11997.8 | ... Q22: =P22+'4-DRE'!O36 -> -22695.8
A23: Diferido
A24: TOTAL PERMANENTE | B24: =SUM(B20:B23) -> 4029 | C24: =SUM(C20:C23) -> 7518 | D24: =SUM(D20:D23) -> 10222 | E24: =SUM(E20:E23) -> 11581.4 | F24: =SUM(F20:F23) -> 12840.8 | G24: =SUM(G20:G23) -> 13500.2 | H24: =SUM(H20:H23) -> 14084.6 | I24: =SUM(I20:I23) -> 16924 | ... Q24: =SUM(Q20:Q23) -> 32745.2
A26: OUTROS ATIVOS
A27: Ágio na aquisição de controladas | B27: 412 | C27: 451 | D27: 486 | E27: 486 | F27: 486 | G27: 486 | H27: 486 | I27: 486 | J27: 486 | K27: 486 | L27: 486 | M27: 486 | N27: 486 | O27: 486 | P27: 486 | Q27: 486 | BV27: =B27-C27 -> -39 | BW27: =C27-D27 -> -35
A28: Empréstimos e adiantamentos | B28: =SUM(B29:B30) -> 162 | C28: =SUM(C29:C30) -> 108 | D28: =SUM(D29:D30) -> 111 | E28: =SUM(E29:E30) -> 111 | F28: =SUM(F29:F30) -> 111 | G28: =SUM(G29:G30) -> 111 | H28: =SUM(H29:H30) -> 111 | I28: =SUM(I29:I30) -> 111 | ... Q28: =SUM(Q29:Q30) -> 111 | BV28: =B28-C28 -> 54 | BW28: =C28-D28 -> -3
A29: Partes relacionadas | B29: 89 | C29: 40 | D29: 55 | E29: 55 | F29: 55 | G29: 55 | H29: 55 | I29: 55 | J29: 55 | K29: 55 | L29: 55 | M29: 55 | N29: 55 | O29: 55 | P29: 55 | Q29: 55
A30: Outros | B30: 73 | C30: 68 | D30: 56 | E30: 56 | F30: 56 | G30: 56 | H30: 56 | I30: 56 | J30: 56 | K30: 56 | L30: 56 | M30: 56 | N30: 56 | O30: 56 | P30: 56 | Q30: 56
A31: Custo de pensão pago antecipadamente | B31: 79 | C31: 82 | D31: 170 | E31: 170 | F31: 170 | G31: 170 | H31: 170 | I31: 170 | J31: 170 | K31: 170 | L31: 170 | M31: 170 | N31: 170 | O31: 170 | P31: 170 | Q31: 170 | BV31: =B31-C31 -> -3 | BW31: =C31-D31 -> -88
A32: Imposto de renda diferido | B32: 358 | C32: 234 | D32: 70 | E32: 70 | F32: 70 | G32: 70 | H32: 70 | I32: 70 | J32: 70 | K32: 70 | L32: 70 | M32: 70 | N32: 70 | O32: 70 | P32: 70 | Q32: 70 | BV32: =B32-C32 -> 124 | BW32: =C32-D32 -> 164
A33: Depósitos judiciais | B33: 239 | C33: 407 | D33: 531 | E33: 531 | F33: 531 | G33: 531 | H33: 531 | I33: 531 | J33: 531 | K33: 531 | L33: 531 | M33: 531 | N33: 531 | O33: 531 | P33: 531 | Q33: 531 | BV33: =B33-C33 -> -168 | BW33: =C33-D33 -> -124
A34: Ganhos não realizados | B34: 3 | C34: 5 | D34: 4 | E34: 4 | F34: 4 | G34: 4 | H34: 4 | I34: 4 | J34: 4 | K34: 4 | L34: 4 | M34: 4 | N34: 4 | O34: 4 | P34: 4 | Q34: 4 | BV34: =B34-C34 -> -2 | BW34: =C34-D34 -> 1
A35: Outros | B35: 84 | C35: 155 | D35: 231 | E35: 231 | F35: 231 | G35: 231 | H35: 231 | I35: 231 | J35: 231 | K35: 231 | L35: 231 | M35: 231 | N35: 231 | O35: 231 | P35: 231 | Q35: 231 | BV35: =B35-C35 -> -71 | BW35: =C35-D35 -> -76
A36: TOTAL OUTROS ATIVOS | B36: =B27+B28+B31+B32+B33+B34+B35 -> 1337 | C36: =C27+C28+C31+C32+C33+C34+C35 -> 1442 | D36: =D27+D28+D31+D32+D33+D34+D35 -> 1603 | E36: =E27+E28+E31+E32+E33+E34+E35 -> 1603 | F36: =F27+F28+F31+F32+F33+F34+F35 -> 1603 | G36: =G27+G28+G31+G32+G33+G34+G35 -> 1603 | H36: =H27+H28+H31+H32+H33+H34+H35 -> 1603 | I36: =I27+I28+I31+I32+I33+I34+I35 -> 1603 | ... Q36: =Q27+Q28+Q31+Q32+Q33+Q34+Q35 -> 1603
A38: T O T A L A T I V O | B38: =SUM(B15+B17+B24+B36) -> 7955 | C38: =SUM(C15+C17+C24+C36) -> 11434 | D38: =SUM(D15+D17+D24+D36) -> 15715 | E38: =SUM(E15+E17+E24+E36) -> 17522.749 | F38: =SUM(F15+F17+F24+F36) -> 19491.881 | G38: =SUM(G15+G17+G24+G36) -> 22208.378 | H38: =SUM(H15+H17+H24+H36) -> 25568.404 | I38: =SUM(I15+I17+I24+I36) -> 25670.931 | ... Q38: =SUM(Q15+Q17+Q24+Q36) -> 63627.023 | BV38: =SUM(BV8:BV37) -> -4505 | BW38: =SUM(BW8:BW37) -> -5208
BV39: =C39-BV38 -> 4505 | BW39: =D39-BW38 -> 5208
A40: P A S S I V O
A42: CIRCULANTE
A43: Fornecedores | B43: 365 | C43: 482 | D43: 689 | E43: ='2-Premissas'!C51/360*'13-Ciclo'!G22 -> 713.60612 | F43: ='2-Premissas'!D51/360*'13-Ciclo'!H22 -> 831.97666 | G43: ='2-Premissas'!E51/360*'13-Ciclo'!I22 -> 962.09702 | H43: ='2-Premissas'!F51/360*'13-Ciclo'!J22 -> 1097.4638 | I43: ='2-Premissas'!G51/360*'13-Ciclo'!K22 -> 1255.4555 | J43: ='2-Premissas'!H51/360*'13-Ciclo'!L22 -> 1438.0311 | K43: ='2-Premissas'!I51/360*'13-Ciclo'!M22 -> 1510.2992 | L43: ='2-Premissas'!J51/360*'13-Ciclo'!N22 -> 1604.1323 | ... Q43: ='2-Premissas'!O51/360*'13-Ciclo'!S22 -> 2450.3625 | BV43: =C43-B43 -> 117 | BW43: =D43-C43 -> 207
A44: Salários/Encargos Sociais | B44: 76 | C44: 78 | D44: 141 | E44: =D44*(1+'2-Premissas'!C53) -> 155.1 | F44: =E44*(1+'2-Premissas'!D53) -> 170.61 | G44: =F44*(1+'2-Premissas'!E53) -> 187.671 | H44: =G44*(1+'2-Premissas'!F53) -> 206.4381 | I44: =H44*(1+'2-Premissas'!G53) -> 227.08191 | J44: =I44*(1+'2-Premissas'!H53) -> 249.7901 | K44: =J44*(1+'2-Premissas'!I53) -> 274.76911 | L44: =K44*(1+'2-Premissas'!J53) -> 302.24602 | ... Q44: =P44*(1+'2-Premissas'!O53) -> 486.77024 | BV44: =C44-B44 -> 2 | BW44: =D44-C44 -> 63
A45: Juros sobre capital próprio | B45: 3 | C45: 118 | D45: 11 | E45: 11 | F45: 11 | G45: 11 | H45: 11 | I45: 11 | J45: 11 | K45: 11 | L45: 11 | M45: 11 | N45: 11 | O45: 11 | P45: 11 | Q45: 11 | BV45: =C45-B45 -> 115 | BW45: =D45-C45 -> -107
A46: Parcela Circulante de empréstimos e financiamentos de LP | B46: 717 | C46: 1009 | D46: 730 | E46: =-'9-Financiamentos'!D32 -> 696 | F46: =-'9-Financiamentos'!E32 -> 505 | G46: =-'9-Financiamentos'!F32 -> 449 | H46: =-'9-Financiamentos'!G32 -> 1935.4 | I46: =-'9-Financiamentos'!H32 -> 781.6 | J46: =-'9-Financiamentos'!I32 -> 863.8 | K46: =-'9-Financiamentos'!J32 -> 863.8 | L46: =-'9-Financiamentos'!K32 -> 910 | ... Q46: =-'9-Financiamentos'!P32 -> 562.6 | BV46: =C46-B46 -> 292 | BW46: =D46-C46 -> -279
A47: Empréstimos e financiamentos | B47: 184 | C47: 129 | D47: 74 | BV47: =C47-B47 -> -55 | BW47: =D47-C47 -> -55
A48: Empréstimos de partes relacionadas | B48: 64 | C48: 119 | D48: 52 | E48: 52 | F48: 52 | G48: 52 | H48: 52 | I48: 52 | J48: 52 | K48: 52 | L48: 52 | M48: 52 | N48: 52 | O48: 52 | P48: 52 | Q48: 52 | BV48: =C48-B48 -> 55 | BW48: =D48-C48 -> -67
A49: Provisão para IR | C49: 21 | D49: 433 | E49: 433 | F49: 433 | G49: 433 | H49: 433 | I49: 433 | J49: 433 | K49: 433 | L49: 433 | M49: 433 | N49: 433 | O49: 433 | P49: 433 | Q49: 433 | BV49: =C49-B49 -> 21 | BW49: =D49-C49 -> 412
A50: Outros | B50: 99 | C50: 297 | D50: 325 | E50: 325 | F50: 325 | G50: 325 | H50: 325 | I50: 325 | J50: 325 | K50: 325 | L50: 325 | M50: 325 | N50: 325 | O50: 325 | P50: 325 | Q50: 325 | BV50: =C50-B50 -> 198 | BW50: =D50-C50 -> 28
A51: TOTAL PASSIVO CIRCULANTE | B51: =SUM(B43:B50) -> 1508 | C51: =SUM(C43:C50) -> 2253 | D51: =SUM(D43:D50) -> 2455 | E51: =SUM(E43:E50) -> 2385.7061 | F51: =SUM(F43:F50) -> 2328.5867 | G51: =SUM(G43:G50) -> 2419.768 | H51: =SUM(H43:H50) -> 4060.3019 | I51: =SUM(I43:I50) -> 3085.1374 | ... Q51: =SUM(Q43:Q50) -> 4320.7327
A53: EXIGÍVEL A L. PRAZO
A54: Benefícios de pós-aposentadoria | B54: 141 | C54: 198 | D54: 215 | E54: =D54*(1+'2-Premissas'!C65) -> 236.5 | F54: =E54*(1+'2-Premissas'!D65) -> 260.15 | G54: =F54*(1+'2-Premissas'!E65) -> 286.165 | H54: =G54*(1+'2-Premissas'!F65) -> 314.7815 | I54: =H54*(1+'2-Premissas'!G65) -> 346.25965 | J54: =I54*(1+'2-Premissas'!H65) -> 380.88562 | K54: =J54*(1+'2-Premissas'!I65) -> 418.97418 | L54: =K54*(1+'2-Premissas'!J65) -> 460.87159 | ... Q54: =P54*(1+'2-Premissas'!O65) -> 742.23831 | BV54: =C54-B54 -> 57 | BW54: =D54-C54 -> 17
A55: Empréstimos e financiamentos | B55: 2359 | C55: 2767 | D55: 3214 | E55: =D55+'2-Premissas'!C68-E46 -> 3408 | F55: =E55+'2-Premissas'!D68-F46 -> 3890 | G55: =F55+'2-Premissas'!E68-G46 -> 4562 | H55: =G55+'2-Premissas'!F68-H46 -> 3947.6 | I55: =H55+'2-Premissas'!G68-I46 -> 3166 | J55: =I55+'2-Premissas'!H68-J46 -> 3423.2 | K55: =J55+'2-Premissas'!I68-K46 -> 3757.4 | L55: =K55+'2-Premissas'!J68-L46 -> 3612.4 | ... Q55: =P55+'2-Premissas'!O68-Q46 -> 493 | BV55: =C55-B55 -> 408 | BW55: =D55-C55 -> 447
A56: Empréstimos de partes relacionadas | B56: 7 | C56: 4 | D56: 18 | E56: 18 | F56: 18 | G56: 18 | H56: 18 | I56: 18 | J56: 18 | K56: 18 | L56: 18 | M56: 18 | N56: 18 | O56: 18 | P56: 18 | Q56: 18 | BV56: =C56-B56 -> -3 | BW56: =D56-C56 -> 14
A57: Provisões para contingências | B57: 428 | C57: 635 | D57: 914 | E57: 914 | F57: 914 | G57: 914 | H57: 914 | I57: 914 | J57: 914 | K57: 914 | L57: 914 | M57: 914 | N57: 914 | O57: 914 | P57: 914 | Q57: 914 | BV57: =C57-B57 -> 207 | BW57: =D57-C57 -> 279
A58: Perda não realizada com derivativos | B58: 76 | C58: 96 | D58: 236 | E58: 236 | F58: 236 | G58: 236 | H58: 236 | I58: 236 | J58: 236 | K58: 236 | L58: 236 | M58: 236 | N58: 236 | O58: 236 | P58: 236 | Q58: 236 | BV58: =C58-B58 -> 20 | BW58: =D58-C58 -> 140
A59: Outros | B59: 122 | C59: 268 | D59: 484 | E59: 484 | F59: 484 | G59: 484 | H59: 484 | I59: 484 | J59: 484 | K59: 484 | L59: 484 | M59: 484 | N59: 484 | O59: 484 | P59: 484 | Q59: 484 | BV59: =C59-B59 -> 146 | BW59: =D59-C59 -> 216
B60: =SUM(B54:B59) -> 3133 | C60: =SUM(C54:C59) -> 3968 | D60: =SUM(D54:D59) -> 5081 | E60: =SUM(E54:E59) -> 5296.5 | F60: =SUM(F54:F59) -> 5802.15 | G60: =SUM(G54:G59) -> 6500.165 | H60: =SUM(H54:H59) -> 5914.3815 | I60: =SUM(I54:I59) -> 5164.2596 | ... Q60: =SUM(Q54:Q59) -> 2887.2383
A61: RES. EXERCÍCIO FUTUROS
A62: PARTICIPAÇÃO MINORITÁRIA | B62: 27 | C62: 329 | D62: 788 | E62: 788 | F62: 788 | G62: 788 | H62: 788 | I62: 788 | J62: 788 | K62: 788 | L62: 788 | M62: 788 | N62: 788 | O62: 788 | P62: 788 | Q62: 788 | BV62: =C62-B62 -> 302 | BW62: =D62-C62 -> 459
A64: PATRIMÔNIO LÍQUIDO
A65: CAPITAL SOCIAL
A66: Ações preferenciais classe A | B66: 904 | C66: 1055 | D66: 1176 | E66: 1176 | F66: 1176 | G66: 1176 | H66: 1176 | I66: 1176 | J66: 1176 | K66: 1176 | L66: 1176 | M66: 1176 | N66: 1176 | O66: 1176 | P66: 1176 | Q66: 1176 | BV66: =C66-B66 -> 151 | BW66: =D66-C66 -> 121
A67: Ações ordinárias | B67: 1630 | C67: 1902 | D67: 2121 | E67: 2121 | F67: 2121 | G67: 2121 | H67: 2121 | I67: 2121 | J67: 2121 | K67: 2121 | L67: 2121 | M67: 2121 | N67: 2121 | O67: 2121 | P67: 2121 | Q67: 2121 | BV67: =C67-B67 -> 272 | BW67: =D67-C67 -> 219
A68: Ações em tesouraria | B68: -88 | C68: -88 | D68: -88 | E68: -88 | F68: -88 | G68: -88 | H68: -88 | I68: -88 | J68: -88 | K68: -88 | L68: -88 | M68: -88 | N68: -88 | O68: -88 | P68: -88 | Q68: -88 | BV68: =C68-B68 -> 0 | BW68: =D68-C68 -> 0
A69: Capital integralizado adicional | B69: 498 | C69: 498 | D69: 498 | E69: 498 | F69: 498 | G69: 498 | H69: 498 | I69: 498 | J69: 498 | K69: 498 | L69: 498 | M69: 498 | N69: 498 | O69: 498 | P69: 498 | Q69: 498 | BV69: =C69-B69 -> 0 | BW69: =D69-C69 -> 0
A70: TOTAL CAPITAL SOCIAL | B70: =SUM(B66:B69) -> 2944 | C70: =SUM(C66:C69) -> 3367 | D70: =SUM(D66:D69) -> 3707 | E70: =SUM(E66:E69) -> 3707 | F70: =SUM(F66:F69) -> 3707 | G70: =SUM(G66:G69) -> 3707 | H70: =SUM(H66:H69) -> 3707 | I70: =SUM(I66:I69) -> 3707 | ... Q70: =SUM(Q66:Q69) -> 3707
A71: Outros lucros acumulados | B71: -5175 | C71: -4375 | D71: -3774 | E71: -3774 | F71: -3774 | G71: -3774 | H71: -3774 | I71: -3774 | J71: -3774 | K71: -3774 | L71: -3774 | M71: -3774 | N71: -3774 | O71: -3774 | P71: -3774 | Q71: -3774 | BV71: =C71-B71 -> 800 | BW71: =D71-C71 -> 601
A72: Reserva de lucros | B72: 2230 | C72: 3035 | D72: 4143 | E72: 4143 | F72: 4143 | G72: 4143 | H72: 4143 | I72: 4143 | J72: 4143 | K72: 4143 | L72: 4143 | M72: 4143 | N72: 4143 | O72: 4143 | P72: 4143 | Q72: 4143 | BV72: =C72-B72 -> 805 | BW72: =D72-C72 -> 1108
A73: Lucros acumulados | B73: 3288 | C73: 2857 | D73: 3315 | E73: =D73+'4-DRE'!C59 -> 4976.5432 | F73: =E73+'4-DRE'!D59 -> 6497.1442 | G73: =F73+'4-DRE'!E59 -> 8424.4447 | H73: =G73+'4-DRE'!F59 -> 10729.72 | I73: =H73+'4-DRE'!G59 -> 12557.534 | J73: =I73+'4-DRE'!H59 -> 14466.554 | K73: =J73+'4-DRE'!I59 -> 17243.337 | L73: =K73+'4-DRE'!J59 -> 20730.322 | ... Q73: =P73+'4-DRE'!O59 -> 51555.052 | BV73: =C73-B73 -> -431 | BW73: =D73-C73 -> 458
A74: TOTAL PATRIMÔNIO LÍQUIDO | B74: =B70+B71+B72+B73 -> 3287 | C74: =C70+C71+C72+C73 -> 4884 | D74: =D70+D71+D72+D73 -> 7391 | E74: =E70+E71+E72+E73 -> 9052.5432 | F74: =F70+F71+F72+F73 -> 10573.144 | G74: =G70+G71+G72+G73 -> 12500.445 | H74: =H70+H71+H72+H73 -> 14805.72 | I74: =I70+I71+I72+I73 -> 16633.534 | ... Q74: =Q70+Q71+Q72+Q73 -> 55631.052
A76: T O T A L P A S S I V O | B76: =SUM(B51+B60+B61+B62+B74) -> 7955 | C76: =SUM(C51+C60+C61+C62+C74) -> 11434 | D76: =SUM(D51+D60+D61+D62+D74) -> 15715 | E76: =SUM(E51+E60+E61+E62+E74) -> 17522.749 | F76: =SUM(F51+F60+F61+F62+F74) -> 19491.881 | G76: =SUM(G51+G60+G61+G62+G74) -> 22208.378 | H76: =SUM(H51+H60+H61+H62+H74) -> 25568.404 | I76: =SUM(I51+I60+I61+I62+I74) -> 25670.931 | ... Q76: =SUM(Q51+Q60+Q61+Q62+Q74) -> 63627.023 | BV76: =SUM(BV41:BV75) -> 3479 | BW76: =SUM(BW41:BW75) -> 4281
B77: =ROUND(B76,0)-ROUND(B38,0) -> 0 | C77: =ROUND(C76,0)-ROUND(C38,0) -> 0 | D77: =ROUND(D76,0)-ROUND(D38,0) -> 0 | E77: =ROUND(E76,0)-ROUND(E38,0) -> 0 | F77: =ROUND(F76,0)-ROUND(F38,0) -> 0 | G77: =ROUND(G76,0)-ROUND(G38,0) -> 0 | H77: =ROUND(H76,0)-ROUND(H38,0) -> 0 | I77: =ROUND(I76,0)-ROUND(I38,0) -> 0 | ... Q77: =ROUND(Q76,0)-ROUND(Q38,0) -> 0 | BV77: =BV76+BV38 -> -1026 | BW77: =BW76+BW38 -> -927
D78: =ROUND(D76,0)-ROUND(D38,0) -> 0 | E78: =ROUND(E76,0)-ROUND(E38,0) -> 0 | F78: =ROUND(F76,0)-ROUND(F38,0) -> 0 | G78: =ROUND(G76,0)-ROUND(G38,0) -> 0 | H78: =ROUND(H76,0)-ROUND(H38,0) -> 0 | I78: =ROUND(I76,0)-ROUND(I38,0) -> 0 | J78: =ROUND(J76,0)-ROUND(J38,0) -> 0 | K78: =ROUND(K76,0)-ROUND(K38,0) -> 0 | ... Q78: =ROUND(Q76,0)-ROUND(Q38,0) -> 0

Sheet 4-DRE
A1: Voltar índice
A2: DEMONSTRAÇÃO DO RESULTADO
A3: Exercícios findos em 31 de dezembro | N3: (Coloque aqui Logotipo)
B5: =+'3-Balanço'!D5 -> 42004 | C5: =+'3-Balanço'!E5 -> 42369 | D5: =+'3-Balanço'!F5 -> 42735 | E5: =+'3-Balanço'!G5 -> 43100 | F5: =+'3-Balanço'!H5 -> 43465 | G5: =+'3-Balanço'!I5 -> 43830 | H5: =+'3-Balanço'!J5 -> 44196 | I5: =+'3-Balanço'!K5 -> 44561 | ... O5: =+'3-Balanço'!Q5 -> 46752
A6: RECEITAS BRUTAS
A7: Vendas de minerais e metais
A8: Minério de ferro e pelotas | B8: 5143 | C8: =B8*(1+'2-Premissas'!C7)*(1+'2-Premissas'!C19) -> 9790.4719 | D8: =C8*(1+'2-Premissas'!D7)*(1+'2-Premissas'!D19) -> 11621.388 | E8: =D8*(1+'2-Premissas'!E7)*(1+'2-Premissas'!E19) -> 13617.943 | F8: =E8*(1+'2-Premissas'!F7)*(1+'2-Premissas'!F19) -> 15728.724 | G8: =F8*(1+'2-Premissas'!G7)*(1+'2-Premissas'!G19) -> 18166.676 | H8: =G8*(1+'2-Premissas'!H7)*(1+'2-Premissas'!H19) -> 20982.511 | I8: =H8*(1+'2-Premissas'!I7)*(1+'2-Premissas'!I19) -> 20984.819 | J8: =I8*(1+'2-Premissas'!J7)*(1+'2-Premissas'!J19) -> 20987.127 | ... O8: =N8*(1+'2-Premissas'!O7)*(1+'2-Premissas'!O19) -> 29576.021
A9: Manganês e ferro ligas | B9: 701 | C9: =B9*(1+'2-Premissas'!C8)*(1+'2-Premissas'!C20) -> 863.632 | D9: =C9*(1+'2-Premissas'!D8)*(1+'2-Premissas'!D20) -> 924.94987 | E9: =D9*(1+'2-Premissas'!E8)*(1+'2-Premissas'!E20) -> 990.62131 | F9: =E9*(1+'2-Premissas'!F8)*(1+'2-Premissas'!F20) -> 1060.9554 | G9: =F9*(1+'2-Premissas'!G8)*(1+'2-Premissas'!G20) -> 1147.4233 | H9: =G9*(1+'2-Premissas'!H8)*(1+'2-Premissas'!H20) -> 1240.9383 | I9: =H9*(1+'2-Premissas'!I8)*(1+'2-Premissas'!I20) -> 1342.0748 | J9: =I9*(1+'2-Premissas'!J8)*(1+'2-Premissas'!J20) -> 1451.4539 | ... O9: =N9*(1+'2-Premissas'!O8)*(1+'2-Premissas'!O20) -> 2147.5133
A10: Ouro | B10: 0 | C10: =B10*(1+'2-Premissas'!C9)*(1+'2-Premissas'!C21) -> 0 | D10: =C10*(1+'2-Premissas'!D9)*(1+'2-Premissas'!D21) -> 0 | E10: =D10*(1+'2-Premissas'!E9)*(1+'2-Premissas'!E21) -> 0 | F10: =E10*(1+'2-Premissas'!F9)*(1+'2-Premissas'!F21) -> 0 | G10: =F10*(1+'2-Premissas'!G9)*(1+'2-Premissas'!G21) -> 0 | H10: =G10*(1+'2-Premissas'!H9)*(1+'2-Premissas'!H21) -> 0 | I10: =H10*(1+'2-Premissas'!I9)*(1+'2-Premissas'!I21) -> 0 | J10: =I10*(1+'2-Premissas'!J9)*(1+'2-Premissas'!J21) -> 0 | ... O10: =N10*(1+'2-Premissas'!O9)*(1+'2-Premissas'!O21) -> 0
A11: Potássio | B11: 124 | C11: =B11*(1+'2-Premissas'!C10)*(1+'2-Premissas'!C22) -> 134.106 | D11: =C11*(1+'2-Premissas'!D10)*(1+'2-Premissas'!D22) -> 145.03564 | E11: =D11*(1+'2-Premissas'!E10)*(1+'2-Premissas'!E22) -> 156.85604 | F11: =E11*(1+'2-Premissas'!F10)*(1+'2-Premissas'!F22) -> 169.63981 | G11: =F11*(1+'2-Premissas'!G10)*(1+'2-Premissas'!G22) -> 183.46546 | H11: =G11*(1+'2-Premissas'!H10)*(1+'2-Premissas'!H22) -> 198.41789 | I11: =H11*(1+'2-Premissas'!I10)*(1+'2-Premissas'!I22) -> 214.58895 | J11: =I11*(1+'2-Premissas'!J10)*(1+'2-Premissas'!J22) -> 232.07795 | ... O11: =N11*(1+'2-Premissas'!O10)*(1+'2-Premissas'!O22) -> 343.37328
A12: Caulim | B12: 164 | C12: =B12*(1+'2-Premissas'!C11)*(1+'2-Premissas'!C23) -> 177.366 | D12: =C12*(1+'2-Premissas'!D11)*(1+'2-Premissas'!D23) -> 188.16759 | E12: =D12*(1+'2-Premissas'!E11)*(1+'2-Premissas'!E23) -> 199.627 | F12: =E12*(1+'2-Premissas'!F11)*(1+'2-Premissas'!F23) -> 209.72812 | G12: =F12*(1+'2-Premissas'!G11)*(1+'2-Premissas'!G23) -> 218.18016 | H12: =G12*(1+'2-Premissas'!H11)*(1+'2-Premissas'!H23) -> 226.97283 | I12: =H12*(1+'2-Premissas'!I11)*(1+'2-Premissas'!I23) -> 236.11983 | J12: =I12*(1+'2-Premissas'!J11)*(1+'2-Premissas'!J23) -> 245.63546 | ... O12: =N12*(1+'2-Premissas'!O11)*(1+'2-Premissas'!O23) -> 299.28438
A13: Cobre | B13: 201 | C13: =B13*(1+'2-Premissas'!C12)*(1+'2-Premissas'!C24) -> 375.87 | D13: =C13*(1+'2-Premissas'!D12)*(1+'2-Premissas'!D24) -> 357.08007 | E13: =D13*(1+'2-Premissas'!E12)*(1+'2-Premissas'!E24) -> 339.22946 | F13: =E13*(1+'2-Premissas'!F12)*(1+'2-Premissas'!F24) -> 322.27121 | G13: =F13*(1+'2-Premissas'!G12)*(1+'2-Premissas'!G24) -> 322.27443 | H13: =G13*(1+'2-Premissas'!H12)*(1+'2-Premissas'!H24) -> 322.27765 | I13: =H13*(1+'2-Premissas'!I12)*(1+'2-Premissas'!I24) -> 322.28088 | J13: =I13*(1+'2-Premissas'!J12)*(1+'2-Premissas'!J24) -> 322.2841 | ... O13: =N13*(1+'2-Premissas'!O12)*(1+'2-Premissas'!O24) -> 322.30021
A14: Total Vendas de minerais e metais | B14: =SUM(B8:B13) -> 6333 | C14: =SUM(C8:C13) -> 11341.446 | D14: =SUM(D8:D13) -> 13236.621 | E14: =SUM(E8:E13) -> 15304.276 | F14: =SUM(F8:F13) -> 17491.318 | G14: =SUM(G8:G13) -> 20038.019 | H14: =SUM(H8:H13) -> 22971.117 | I14: =SUM(I8:I13) -> 23099.883 | ... O14: =SUM(O8:O13) -> 32688.492
A16: Receitas de serviços de logística | B16: 877 | C16: =B16*(1+'2-Premissas'!C14)*(1+'2-Premissas'!C26) -> 939.267 | D16: =C16*(1+'2-Premissas'!D14)*(1+'2-Premissas'!D26) -> 1005.955 | E16: =D16*(1+'2-Premissas'!E14)*(1+'2-Premissas'!E26) -> 1046.5955 | F16: =E16*(1+'2-Premissas'!F14)*(1+'2-Premissas'!F26) -> 1088.878 | G16: =F16*(1+'2-Premissas'!G14)*(1+'2-Premissas'!G26) -> 1132.8687 | H16: =G16*(1+'2-Premissas'!H14)*(1+'2-Premissas'!H26) -> 1178.6366 | I16: =H16*(1+'2-Premissas'!I14)*(1+'2-Premissas'!I26) -> 1226.2535 | J16: =I16*(1+'2-Premissas'!J14)*(1+'2-Premissas'!J26) -> 1275.7941 | ... O16: =N16*(1+'2-Premissas'!O14)*(1+'2-Premissas'!O26) -> 1555.1859
A17: Produtos de alumínio | B17: 1250 | C17: =B17*(1+'2-Premissas'!C15)*(1+'2-Premissas'!C27) -> 1313.25 | D17: =C17*(1+'2-Premissas'!D15)*(1+'2-Premissas'!D27) -> 1723.6406 | E17: =D17*(1+'2-Premissas'!E15)*(1+'2-Premissas'!E27) -> 1900.3138 | F17: =E17*(1+'2-Premissas'!F15)*(1+'2-Premissas'!F27) -> 2095.096 | G17: =F17*(1+'2-Premissas'!G15)*(1+'2-Premissas'!G27) -> 2309.8433 | H17: =G17*(1+'2-Premissas'!H15)*(1+'2-Premissas'!H27) -> 2546.6022 | I17: =H17*(1+'2-Premissas'!I15)*(1+'2-Premissas'!I27) -> 2807.629 | J17: =I17*(1+'2-Premissas'!J15)*(1+'2-Premissas'!J27) -> 3095.4109 | ... O17: =N17*(1+'2-Premissas'!O15)*(1+'2-Premissas'!O27) -> 5042.0982
A18: Outros produtos e serviços | B18: 19 | C18: =B18*(1+'2-Premissas'!C16)*(1+'2-Premissas'!C28) -> 20.5485 | D18: =C18*(1+'2-Premissas'!D16)*(1+'2-Premissas'!D28) -> 29.538469 | E18: =D18*(1+'2-Premissas'!E16)*(1+'2-Premissas'!E28) -> 32.566162 | F18: =E18*(1+'2-Premissas'!F16)*(1+'2-Premissas'!F28) -> 35.904193 | G18: =F18*(1+'2-Premissas'!G16)*(1+'2-Premissas'!G28) -> 39.584373 | H18: =G18*(1+'2-Premissas'!H16)*(1+'2-Premissas'!H28) -> 43.641771 | I18: =H18*(1+'2-Premissas'!I16)*(1+'2-Premissas'!I28) -> 48.115053 | J18: =I18*(1+'2-Premissas'!J16)*(1+'2-Premissas'!J28) -> 53.046846 | ... O18: =N18*(1+'2-Premissas'!O16)*(1+'2-Premissas'!O28) -> 86.407722
A19: TOTAL RECEITAS BRUTAS | B19: =B14+B16+B17+B18 -> 8479 | C19: =C14+C16+C17+C18 -> 13614.511 | D19: =D14+D16+D17+D18 -> 15995.755 | E19: =E14+E16+E17+E18 -> 18283.752 | F19: =F14+F16+F17+F18 -> 20711.196 | G19: =G14+G16+G17+G18 -> 23520.316 | H19: =H14+H16+H17+H18 -> 26739.998 | I19: =I14+I16+I17+I18 -> 27181.881 | ... O19: =O14+O16+O17+O18 -> 39372.184
A21: Impostos sobre vendas e serviços | B21: -413 | C21: =-C19*'2-Premissas'!C30 -> -680.72557 | D21: =-D19*'2-Premissas'!D30 -> -799.78777 | E21: =-E19*'2-Premissas'!E30 -> -914.18759 | F21: =-F19*'2-Premissas'!F30 -> -1035.5598 | G21: =-G19*'2-Premissas'!G30 -> -1176.0158 | H21: =-H19*'2-Premissas'!H30 -> -1336.9999 | I21: =-I19*'2-Premissas'!I30 -> -1359.094 | J21: =-J19*'2-Premissas'!J30 -> -1383.1415 | ... O21: =-O19*'2-Premissas'!O30 -> -1968.6092
A22: RECEITA OPERACIONAL LÍQUIDA | B22: =+B14+B16+B17+B18+B21 -> 8066 | C22: =B22+B22*$C$62 -> 9298.0493 | D22: =C22+C22*$C$62 -> 10718.289 | E22: =D22+D22*$C$62 -> 12355.465 | F22: =E22+E22*$C$62 -> 14242.713 | G22: =F22+F22*$C$62 -> 16418.231 | H22: =G22+G22*$C$62 -> 18926.05 | I22: =H22+H22*$C$62 -> 21816.928 | J22: =I22+I22*$C$62 -> 25149.377 | ... O22: =N22+N22*$C$62 -> 51191.206
A23: (-) CUSTOS OPERACIONAIS
A24: de minerais e metais | B24: -2881 | C24: =B24*(1+'2-Premissas'!C34)*(1+'2-Premissas'!C7) -> -3389.7846 | D24: =C24*(1+'2-Premissas'!D34)*(1+'2-Premissas'!D7) -> -3877.3916 | E24: =D24*(1+'2-Premissas'!E34)*(1+'2-Premissas'!E7) -> -4586.7991 | F24: =E24*(1+'2-Premissas'!F34)*(1+'2-Premissas'!F7) -> -5348.2078 | G24: =F24*(1+'2-Premissas'!G34)*(1+'2-Premissas'!G7) -> -6236.0103 | H24: =G24*(1+'2-Premissas'!H34)*(1+'2-Premissas'!H7) -> -7271.188 | I24: =H24*(1+'2-Premissas'!I34)*(1+'2-Premissas'!I7) -> -7707.5363 | J24: =I24*(1+'2-Premissas'!J34)*(1+'2-Premissas'!J7) -> -8170.0702 | ... O24: =N24*(1+'2-Premissas'!O34)*(1+'2-Premissas'!O7) -> -12674.804
A25: de serviços de logística | B25: -513 | C25: =B25*(1+'2-Premissas'!C35)*(1+'2-Premissas'!C14) -> -570.969 | D25: =C25*(1+'2-Premissas'!D35)*(1+'2-Premissas'!D14) -> -635.4885 | E25: =D25*(1+'2-Premissas'!E35)*(1+'2-Premissas'!E14) -> -687.09016 | F25: =E25*(1+'2-Premissas'!F35)*(1+'2-Premissas'!F14) -> -742.88188 | G25: =F25*(1+'2-Premissas'!G35)*(1+'2-Premissas'!G14) -> -803.20389 | H25: =G25*(1+'2-Premissas'!H35)*(1+'2-Premissas'!H14) -> -868.42405 | I25: =H25*(1+'2-Premissas'!I35)*(1+'2-Premissas'!I14) -> -938.94008 | J25: =I25*(1+'2-Premissas'!J35)*(1+'2-Premissas'!J14) -> -1015.182 | ... O25: =N25*(1+'2-Premissas'!O35)*(1+'2-Premissas'!O14) -> -1499.9407
A26: de produtos de alumínio | B26: -674 | C26: =B26*(1+'2-Premissas'!C36)+(1+'2-Premissas'!C15) -> -713.42 | D26: =C26*(1+'2-Premissas'!D36)+(1+'2-Premissas'!D15) -> -755.1752 | E26: =D26*(1+'2-Premissas'!E36)+(1+'2-Premissas'!E15) -> -799.43571 | F26: =E26*(1+'2-Premissas'!F36)+(1+'2-Premissas'!F15) -> -846.35185 | G26: =F26*(1+'2-Premissas'!G36)+(1+'2-Premissas'!G15) -> -896.08297 | H26: =G26*(1+'2-Premissas'!H36)+(1+'2-Premissas'!H15) -> -948.79794 | I26: =H26*(1+'2-Premissas'!I36)+(1+'2-Premissas'!I15) -> -1004.6758 | J26: =I26*(1+'2-Premissas'!J36)+(1+'2-Premissas'!J15) -> -1063.9064 | ... O26: =N26*(1+'2-Premissas'!O36)+(1+'2-Premissas'!O15) -> -1417.8278
A27: outros | B27: -13 | C27: =B27*(1+'2-Premissas'!C37)*(1+'2-Premissas'!C16) -> -14.469 | D27: =C27*(1+'2-Premissas'!D37)*(1+'2-Premissas'!D16) -> -17.637711 | E27: =D27*(1+'2-Premissas'!E37)*(1+'2-Premissas'!E16) -> -19.630772 | F27: =E27*(1+'2-Premissas'!F37)*(1+'2-Premissas'!F16) -> -21.84905 | G27: =F27*(1+'2-Premissas'!G37)*(1+'2-Premissas'!G16) -> -24.317992 | H27: =G27*(1+'2-Premissas'!H37)*(1+'2-Premissas'!H16) -> -27.065925 | I27: =H27*(1+'2-Premissas'!I37)*(1+'2-Premissas'!I16) -> -30.124375 | J27: =I27*(1+'2-Premissas'!J37)*(1+'2-Premissas'!J16) -> -33.528429 | ... O27: =N27*(1+'2-Premissas'!O37)*(1+'2-Premissas'!O16) -> -57.264969
A28: TOTAL CUSTOS OPERACIONAIS | B28: =SUM(B24:B27) -> -4081 | C28: =SUM(C24:C27) -> -4688.6426 | D28: =SUM(D24:D27) -> -5285.693 | E28: =SUM(E24:E27) -> -6092.9558 | F28: =SUM(F24:F27) -> -6959.2906 | G28: =SUM(G24:G27) -> -7959.6151 | H28: =SUM(H24:H27) -> -9115.4759 | I28: =SUM(I24:I27) -> -9681.2766 | ... O28: =SUM(O24:O27) -> -15649.837
A29: LUCRO BRUTO | B29: =+B22+B28 -> 3985 | C29: =+C22+C28 -> 4609.4067 | D29: =+D22+D28 -> 5432.5962 | E29: =+E22+E28 -> 6262.5093 | F29: =+F22+F28 -> 7283.4224 | G29: =+G22+G28 -> 8458.6154 | H29: =+H22+H28 -> 9810.5738 | I29: =+I22+I28 -> 12135.652 | ... O29: =+O22+O28 -> 35541.369
A30: Despesas Operacionais
A31: Despesas vendas, gerais e administrativas | B31: -452 | C31: =B31*(1+'2-Premissas'!C41) -> -497.2 | D31: =C31*(1+'2-Premissas'!D41) -> -546.92 | E31: =D31*(1+'2-Premissas'!E41) -> -601.612 | F31: =E31*(1+'2-Premissas'!F41) -> -661.7732 | G31: =F31*(1+'2-Premissas'!G41) -> -727.95052 | H31: =G31*(1+'2-Premissas'!H41) -> -800.74557 | I31: =H31*(1+'2-Premissas'!I41) -> -880.82013 | J31: =I31*(1+'2-Premissas'!J41) -> -968.90214 | ... O31: =N31*(1+'2-Premissas'!O41) -> -1560.4266
A32: Pesquisa e desenvolvimento | B32: -153 | C32: =B32*(1+'2-Premissas'!C42) -> -214.2 | D32: =C32*(1+'2-Premissas'!D42) -> -299.88 | E32: =D32*(1+'2-Premissas'!E42) -> -419.832 | F32: =E32*(1+'2-Premissas'!F42) -> -587.7648 | G32: =F32*(1+'2-Premissas'!G42) -> -605.39774 | H32: =G32*(1+'2-Premissas'!H42) -> -623.55968 | I32: =H32*(1+'2-Premissas'!I42) -> -642.26647 | J32: =I32*(1+'2-Premissas'!J42) -> -661.53446 | ... O32: =N32*(1+'2-Premissas'!O42) -> -766.89975
A33: Participação dos empregados nos resultados | B33: -69 | C33: =B33*(1+'2-Premissas'!C43) -> -71.07 | D33: =C33*(1+'2-Premissas'!D43) -> -73.2021 | E33: =D33*(1+'2-Premissas'!E43) -> -75.398163 | F33: =E33*(1+'2-Premissas'!F43) -> -77.660108 | G33: =F33*(1+'2-Premissas'!G43) -> -79.989911 | H33: =G33*(1+'2-Premissas'!H43) -> -82.389608 | I33: =H33*(1+'2-Premissas'!I43) -> -84.861297 | J33: =I33*(1+'2-Premissas'!J43) -> -87.407136 | ... O33: =N33*(1+'2-Premissas'!O43) -> -101.32883
A34: Outros | B34: -188 | C34: =B34*(1+'2-Premissas'!C44) -> -191.76 | D34: =C34*(1+'2-Premissas'!D44) -> -195.5952 | E34: =D34*(1+'2-Premissas'!E44) -> -199.5071 | F34: =E34*(1+'2-Premissas'!F44) -> -203.49725 | G34: =F34*(1+'2-Premissas'!G44) -> -207.56719 | H34: =G34*(1+'2-Premissas'!H44) -> -211.71853 | I34: =H34*(1+'2-Premissas'!I44) -> -215.95291 | J34: =I34*(1+'2-Premissas'!J44) -> -220.27196 | ... O34: =N34*(1+'2-Premissas'!O44) -> -243.19805
A35: EBITDA | B35: =SUM(B29:B34)-B36 -> 3522 | C35: =SUM(C29:C34)-C36 -> 4275.7767 | D35: =SUM(D29:D34)-D36 -> 5057.5989 | E35: =SUM(E29:E34)-E36 -> 5806.76 | F35: =SUM(F29:F34)-F36 -> 6668.3271 | G35: =SUM(G29:G34)-G36 -> 7828.3101 | H35: =SUM(H29:H34)-H36 -> 9274.2604 | I35: =SUM(I29:I34)-I36 -> 11685.351 | ... O35: =SUM(O29:O34)-O36 -> 35392.116
A36: ( - ) Depreciação e Amorização | B36: -399 | C36: =-'3-Balanço'!D21*'2-Premissas'!C46 -> -640.6 | D36: =-'3-Balanço'!E21*'2-Premissas'!D46 -> -740.6 | E36: =-'3-Balanço'!F21*'2-Premissas'!E46 -> -840.6 | F36: =-'3-Balanço'!G21*'2-Premissas'!F46 -> -915.6 | G36: =-'3-Balanço'!H21*'2-Premissas'!G46 -> -990.6 | H36: =-'3-Balanço'!I21*'2-Premissas'!H46 -> -1182.1 | I36: =-'3-Balanço'!J21*'2-Premissas'!I46 -> -1373.6 | J36: =-'3-Balanço'!K21*'2-Premissas'!J46 -> -1565.1 | ... O36: =-'3-Balanço'!P21*'2-Premissas'!O46 -> -2522.6
A37: EBIT | B37: =B35+B36 -> 3123 | C37: =C35+C36 -> 3635.1767 | D37: =D35+D36 -> 4316.9989 | E37: =E35+E36 -> 4966.16 | F37: =F35+F36 -> 5752.7271 | G37: =G35+G36 -> 6837.7101 | H37: =H35+H36 -> 8092.1604 | I37: =I35+I36 -> 10311.751 | ... O37: =O35+O36 -> 32869.516
A38: Receitas financeiras | B38: 82 | C38: ='3-Balanço'!D8*'2-Premissas'!C55 -> 124.9 | D38: ='3-Balanço'!E8*'2-Premissas'!D55 -> 53.388662 | E38: ='3-Balanço'!F8*'2-Premissas'!E55 -> 74.871051 | F38: ='3-Balanço'!G8*'2-Premissas'!F55 -> 229.14635 | G38: ='3-Balanço'!H8*'2-Premissas'!G55 -> 451.97571 | H38: ='3-Balanço'!I8*'2-Premissas'!H55 -> 114.98631 | I38: ='3-Balanço'!J8*'2-Premissas'!I55 -> 26.320252 | J38: ='3-Balanço'!K8*'2-Premissas'!J55 -> 88.567264 | ... O38: ='3-Balanço'!P8*'2-Premissas'!O55 -> 1326.2749
A39: Despesas financeiras | B39: -671 | C39: =-('3-Balanço'!D46+'3-Balanço'!D47+'3-Balanço'!D48+'3-Balanço'!D55+'3-Balanço'!D56)*'2-Premissas'!C57 -> -302.35247 | D39: =-('3-Balanço'!E46+'3-Balanço'!E47+'3-Balanço'!E48+'3-Balanço'!E55+'3-Balanço'!E56)*'2-Premissas'!D57 -> -306.62611 | E39: =-('3-Balanço'!F46+'3-Balanço'!F47+'3-Balanço'!F48+'3-Balanço'!F55+'3-Balanço'!F56)*'2-Premissas'!E57 -> -325.77076 | F39: =-('3-Balanço'!G46+'3-Balanço'!G47+'3-Balanço'!G48+'3-Balanço'!G55+'3-Balanço'!G56)*'2-Premissas'!F57 -> -368.17422 | G39: =-('3-Balanço'!H46+'3-Balanço'!H47+'3-Balanço'!H48+'3-Balanço'!H55+'3-Balanço'!H56)*'2-Premissas'!G57 -> -428.38369 | H39: =-('3-Balanço'!I46+'3-Balanço'!I47+'3-Balanço'!I48+'3-Balanço'!I55+'3-Balanço'!I56)*'2-Premissas'!H57 -> -287.10162 | I39: =-('3-Balanço'!J46+'3-Balanço'!J47+'3-Balanço'!J48+'3-Balanço'!J55+'3-Balanço'!J56)*'2-Premissas'!I57 -> -309.17697 | J39: =-('3-Balanço'!K46+'3-Balanço'!K47+'3-Balanço'!K48+'3-Balanço'!K55+'3-Balanço'!K56)*'2-Premissas'!J57 -> -330.54653 | ... O39: =-('3-Balanço'!P46+'3-Balanço'!P47+'3-Balanço'!P48+'3-Balanço'!P55+'3-Balanço'!P56)*'2-Premissas'!O57 -> -129.96857
A40: Ganhos (perdas) cambial e monetária | B40: 65 | C40: 65 | D40: 65 | E40: 65 | F40: 65 | G40: 65 | H40: 65 | I40: 65 | J40: 65 | K40: 65 | L40: 65 | M40: 65 | N40: 65 | O40: 65
A41: Ganhos na venda de investimentos | B41: 404 | C41: 404 | D41: 404 | E41: 404 | F41: 404 | G41: 404 | H41: 404 | I41: 404 | J41: 404 | K41: 404 | L41: 404 | M41: 404 | N41: 404 | O41: 404
A43: LUCRO LÍQ. ANTES IR/CS | B43: =SUM(B37:B42) -> 3003 | C43: =SUM(C37:C42) -> 3926.7242 | D43: =SUM(D37:D42) -> 4532.7615 | E43: =SUM(E37:E42) -> 5184.2603 | F43: =SUM(F37:F42) -> 6082.6992 | G43: =SUM(G37:G42) -> 7330.3021 | H43: =SUM(H37:H42) -> 8389.0451 | I43: =SUM(I37:I42) -> 10497.894 | ... O43: =SUM(O37:O42) -> 34534.822
A44: Imposto de renda
A45: Corrente | B45: -433 | C45: =C43*-'2-Premissas'!C47 -> -981.68105 | D45: =D43*-'2-Premissas'!D47 -> -1541.1389 | E45: =E43*-'2-Premissas'!E47 -> -1762.6485 | F45: =F43*-'2-Premissas'!F47 -> -2068.1177 | G45: =G43*-'2-Premissas'!G47 -> -2492.3027 | H45: =H43*-'2-Premissas'!H47 -> -2852.2753 | I45: =I43*-'2-Premissas'!I47 -> -3569.284 | J45: =J43*-'2-Premissas'!J47 -> -4472.9023 | ... O45: =O43*-'2-Premissas'!O47 -> -11741.839
A46: Diferido | B46: -316 | C46: -316 | D46: -316 | E46: -316 | F46: -316 | G46: -316 | H46: -316 | I46: -316 | J46: -316 | K46: -316 | L46: -316 | M46: -316 | N46: -316 | O46: -316
A47: Total Imposto de Renda | B47: =SUM(B45:B46) -> -749 | C47: =SUM(C45:C46) -> -1297.6811 | D47: =SUM(D45:D46) -> -1857.1389 | E47: =SUM(E45:E46) -> -2078.6485 | F47: =SUM(F45:F46) -> -2384.1177 | G47: =SUM(G45:G46) -> -2808.3027 | H47: =SUM(H45:H46) -> -3168.2753 | I47: =SUM(I45:I46) -> -3885.284 | ... O47: =SUM(O45:O46) -> -12057.839
A48: Equivalência Patrimonial | B48: 542 | C48: 542 | D48: 542 | E48: 542 | F48: 542 | G48: 542 | H48: 542 | I48: 542 | J48: 542 | K48: 542 | L48: 542 | M48: 542 | N48: 542 | O48: 542
A49: Participação minoritária | B49: -223 | C49: -223 | D49: -223 | E49: -223 | F49: -223 | G49: -223 | H49: -223 | I49: -223 | J49: -223 | K49: -223 | L49: -223 | M49: -223 | N49: -223 | O49: -223
A51: LUCRO DAS OPERAÇÕES CONTINUADAS | B51: =B43+B47+B48+B49 -> 2573 | C51: =C43+C47+C48+C49 -> 2948.0432 | D51: =D43+D47+D48+D49 -> 2994.6226 | E51: =E43+E47+E48+E49 -> 3424.6118 | F51: =F43+F47+F48+F49 -> 4017.5815 | G51: =G43+G47+G48+G49 -> 4840.9994 | H51: =H43+H47+H48+H49 -> 5539.7698 | I51: =I43+I47+I48+I49 -> 6931.6101 | ... O51: =O43+O47+O48+O49 -> 22795.982
A52: Mudanças no método de contabilização
A53: LUCRO/PREJUÍZO LÍQUIDO | B53: =B51+B52 -> 2573 | C53: =C51+C52 -> 2948.0432 | D53: =D51+D52 -> 2994.6226 | E53: =E51+E52 -> 3424.6118 | F53: =F51+F52 -> 4017.5815 | G53: =G51+G52 -> 4840.9994 | H53: =H51+H52 -> 5539.7698 | I53: =I51+I52 -> 6931.6101 | ... O53: =O51+O52 -> 22795.982
A55: LPA | B55: =B53/'2-Premissas'!$C$80*1000000 -> 2.2073007 | C55: =C53/'2-Premissas'!$C$80*1000000 -> 2.5290391 | D55: =D53/'2-Premissas'!$C$80*1000000 -> 2.5689982 | E55: =E53/'2-Premissas'!$C$80*1000000 -> 2.9378733 | F55: =F53/'2-Premissas'!$C$80*1000000 -> 3.4465644 | G55: =G53/'2-Premissas'!$C$80*1000000 -> 4.1529503 | H55: =H53/'2-Premissas'!$C$80*1000000 -> 4.7524048 | I55: =I53/'2-Premissas'!$C$80*1000000 -> 5.9464235 | ... O55: =O53/'2-Premissas'!$C$80*1000000 -> 19.556
A57: Dividendos | C57: =B53*'2-Premissas'!C73 -> 1286.5 | D57: =C53*'2-Premissas'!D73 -> 1474.0216 | E57: =D53*'2-Premissas'!E73 -> 1497.3113 | F57: =E53*'2-Premissas'!F73 -> 1712.3059 | G57: =F53*'2-Premissas'!G73 -> 3013.1861 | H57: =G53*'2-Premissas'!H73 -> 3630.7495 | I57: =H53*'2-Premissas'!I73 -> 4154.8273 | J57: =I53*'2-Premissas'!J73 -> 5198.7076 | ... O57: =N53*'2-Premissas'!O73 -> 14198.684
A59: Lucros Acumulados | C59: =C53-C57 -> 1661.5432 | D59: =D53-D57 -> 1520.601 | E59: =E53-E57 -> 1927.3005 | F59: =F53-F57 -> 2305.2756 | G59: =G53-G57 -> 1827.8133 | H59: =H53-H57 -> 1909.0202 | I59: =I53-I57 -> 2776.7828 | J59: =J53-J57 -> 3486.985 | ... O59: =O53-O57 -> 8597.2981
C61: =C22/B22-1 -> 0.15274601 | D61: =D22/C22-1 -> 0.15274601 | E61: =E22/D22-1 -> 0.15274601 | F61: =F22/E22-1 -> 0.15274601 | G61: =G22/F22-1 -> 0.15274601 | H61: =H22/G22-1 -> 0.15274601 | I61: =I22/H22-1 -> 0.15274601 | J61: =J22/I22-1 -> 0.15274601 | ... O61: =O22/N22-1 -> 0.15274601
C62: =AS!D12 -> 0.15274601
B64: =B22+B22*$C$62 -> 9298.0493 | C64: =C22+C22*$C$62 -> 10718.289 | D64: =D22+D22*$C$62 -> 12355.465 | E64: =E22+E22*$C$62 -> 14242.713 | F64: =F22+F22*$C$62 -> 16418.231 | G64: =G22+G22*$C$62 -> 18926.05 | H64: =H22+H22*$C$62 -> 21816.928 | I64: =I22+I22*$C$62 -> 25149.377 | ... O64: =O22+O22*$C$62 -> 59010.458
C66: =SUM(B64:O64) -> 384468.45
B68: =SUM(B22:O22) -> 333523.99

Sheet 5-FC
B1: Voltar índice
B2: Demonstrações Consolidadas dos Fluxos de Caixa
B3: Em milhões de dólares norte-americanos | N3: (Coloque aqui Logotipo)
B4: Exercícios findos em 31 de dezembro
C5: =+'3-Balanço'!E5 -> 42369 | D5: =+'3-Balanço'!F5 -> 42735 | E5: =+'3-Balanço'!G5 -> 43100 | F5: =+'3-Balanço'!H5 -> 43465 | G5: =+'3-Balanço'!I5 -> 43830 | H5: =+'3-Balanço'!J5 -> 44196 | I5: =+'3-Balanço'!K5 -> 44561 | J5: =+'3-Balanço'!L5 -> 44926 | ... O5: =+'3-Balanço'!Q5 -> 46752
B7: Fluxos de caixa provenientes das atividades operacionais:
B8: Lucro líquido | C8: ='4-DRE'!C53 -> 2948.0432 | D8: ='4-DRE'!D53 -> 2994.6226 | E8: ='4-DRE'!E53 -> 3424.6118 | F8: ='4-DRE'!F53 -> 4017.5815 | G8: ='4-DRE'!G53 -> 4840.9994 | H8: ='4-DRE'!H53 -> 5539.7698 | I8: ='4-DRE'!I53 -> 6931.6101 | J8: ='4-DRE'!J53 -> 8685.6926 | ... O8: ='4-DRE'!O53 -> 22795.982
B9: Ajustes para reconciliar o lucro líquido com recursos provenientes das atividades operacionais:
B10: Depreciação, exaustão e amortização | C10: =-'4-DRE'!C36 -> 640.6 | D10: =-'4-DRE'!D36 -> 740.6 | E10: =-'4-DRE'!E36 -> 840.6 | F10: =-'4-DRE'!F36 -> 915.6 | G10: =-'4-DRE'!G36 -> 990.6 | H10: =-'4-DRE'!H36 -> 1182.1 | I10: =-'4-DRE'!I36 -> 1373.6 | J10: =-'4-DRE'!J36 -> 1565.1 | ... O10: =-'4-DRE'!O36 -> 2522.6
B11: Redução (aumento) em ativos:
B12: Contas a receber | C12: ='3-Balanço'!D9-'3-Balanço'!E9 -> -1233.3439 | D12: ='3-Balanço'!E9-'3-Balanço'!F9 -> -395.69488 | E12: ='3-Balanço'!F9-'3-Balanço'!G9 -> -380.19983 | F12: ='3-Balanço'!G9-'3-Balanço'!H9 -> -403.37211 | G12: ='3-Balanço'!H9-'3-Balanço'!I9 -> -466.79556 | H12: ='3-Balanço'!I9-'3-Balanço'!J9 -> -535.01946 | I12: ='3-Balanço'!J9-'3-Balanço'!K9 -> -73.428327 | J12: ='3-Balanço'!K9-'3-Balanço'!L9 -> -79.920135 | ... O12: ='3-Balanço'!P9-'3-Balanço'!Q9 -> -492.74743
B13: Estoques | C13: ='3-Balanço'!D11-'3-Balanço'!E11 -> 69.8812 | D13: ='3-Balanço'!E11-'3-Balanço'!F11 -> -99.212758 | E13: ='3-Balanço'!F11-'3-Balanço'!G11 -> -134.14407 | F13: ='3-Balanço'!G11-'3-Balanço'!H11 -> -143.96016 | G13: ='3-Balanço'!H11-'3-Balanço'!I11 -> -166.22544 | H13: ='3-Balanço'!I11-'3-Balanço'!J11 -> -192.07112 | I13: ='3-Balanço'!J11-'3-Balanço'!K11 -> -94.019956 | J13: ='3-Balanço'!K11-'3-Balanço'!L11 -> -99.937274 | ... O13: ='3-Balanço'!P11-'3-Balanço'!Q11 -> -209.94778
B14: Aumento (redução) em passivos:
B15: Fornecedores | C15: ='3-Balanço'!E43-'3-Balanço'!D43 -> 24.606125 | D15: ='3-Balanço'!F43-'3-Balanço'!E43 -> 118.37054 | E15: ='3-Balanço'!G43-'3-Balanço'!F43 -> 130.12036 | F15: ='3-Balanço'!H43-'3-Balanço'!G43 -> 135.36673 | G15: ='3-Balanço'!I43-'3-Balanço'!H43 -> 157.99179 | H15: ='3-Balanço'!J43-'3-Balanço'!I43 -> 182.57556 | I15: ='3-Balanço'!K43-'3-Balanço'!J43 -> 72.268063 | J15: ='3-Balanço'!L43-'3-Balanço'!K43 -> 93.83312 | ... O15: ='3-Balanço'!Q43-'3-Balanço'!P43 -> 197.85167
B16: Salários e encargos sociais | C16: ='3-Balanço'!E44-'3-Balanço'!D44 -> 14.1 | D16: ='3-Balanço'!F44-'3-Balanço'!E44 -> 15.51 | E16: ='3-Balanço'!G44-'3-Balanço'!F44 -> 17.061 | F16: ='3-Balanço'!H44-'3-Balanço'!G44 -> 18.7671 | G16: ='3-Balanço'!I44-'3-Balanço'!H44 -> 20.64381 | H16: ='3-Balanço'!J44-'3-Balanço'!I44 -> 22.708191 | I16: ='3-Balanço'!K44-'3-Balanço'!J44 -> 24.97901 | J16: ='3-Balanço'!L44-'3-Balanço'!K44 -> 27.476911 | ... O16: ='3-Balanço'!Q44-'3-Balanço'!P44 -> 44.25184
B18: D NCG | C18: =SUM(C12:C16) -> -1124.7565 | D18: =SUM(D12:D16) -> -361.0271 | E18: =SUM(E12:E16) -> -367.16255 | F18: =SUM(F12:F16) -> -393.19844 | G18: =SUM(G12:G16) -> -454.3854 | H18: =SUM(H12:H16) -> -521.80683 | I18: =SUM(I12:I16) -> -70.20121 | J18: =SUM(J12:J16) -> -58.547379 | ... O18: =SUM(O12:O16) -> -460.5917
B20: Recursos líquidos provenientes das atividades operacionais | C20: =SUM(C8:C10)+C18 -> 2463.8866 | D20: =SUM(D8:D10)+D18 -> 3374.1955 | E20: =SUM(E8:E10)+E18 -> 3898.0493 | F20: =SUM(F8:F10)+F18 -> 4539.983 | G20: =SUM(G8:G10)+G18 -> 5377.214 | H20: =SUM(H8:H10)+H18 -> 6200.0629 | I20: =SUM(I8:I10)+I18 -> 8235.0089 | J20: =SUM(J8:J10)+J18 -> 10192.245 | ... O20: =SUM(O8:O10)+O18 -> 24857.991
B21: Fluxos de caixa provenientes das atividades de investimento:
B22: Imposto de renda diferido | C22: ='3-Balanço'!D12-'3-Balanço'!E12 -> 0 | D22: ='3-Balanço'!E12-'3-Balanço'!F12 -> 0 | E22: ='3-Balanço'!F12-'3-Balanço'!G12 -> 0 | F22: ='3-Balanço'!G12-'3-Balanço'!H12 -> 0 | G22: ='3-Balanço'!H12-'3-Balanço'!I12 -> 0 | H22: ='3-Balanço'!I12-'3-Balanço'!J12 -> 0 | I22: ='3-Balanço'!J12-'3-Balanço'!K12 -> 0 | J22: ='3-Balanço'!K12-'3-Balanço'!L12 -> 0 | ... O22: ='3-Balanço'!P12-'3-Balanço'!Q12 -> 0
B23: Impostos a recuperar | C23: ='3-Balanço'!D13-'3-Balanço'!E13 -> 0 | D23: ='3-Balanço'!E13-'3-Balanço'!F13 -> 0 | E23: ='3-Balanço'!F13-'3-Balanço'!G13 -> 0 | F23: ='3-Balanço'!G13-'3-Balanço'!H13 -> 0 | G23: ='3-Balanço'!H13-'3-Balanço'!I13 -> 0 | H23: ='3-Balanço'!I13-'3-Balanço'!J13 -> 0 | I23: ='3-Balanço'!J13-'3-Balanço'!K13 -> 0 | J23: ='3-Balanço'!K13-'3-Balanço'!L13 -> 0 | ... O23: ='3-Balanço'!P13-'3-Balanço'!Q13 -> 0
B24: Outros | C24: ='3-Balanço'!D14-'3-Balanço'!E14 -> 0 | D24: ='3-Balanço'!E14-'3-Balanço'!F14 -> 0 | E24: ='3-Balanço'!F14-'3-Balanço'!G14 -> 0 | F24: ='3-Balanço'!G14-'3-Balanço'!H14 -> 0 | G24: ='3-Balanço'!H14-'3-Balanço'!I14 -> 0 | H24: ='3-Balanço'!I14-'3-Balanço'!J14 -> 0 | I24: ='3-Balanço'!J14-'3-Balanço'!K14 -> 0 | J24: ='3-Balanço'!K14-'3-Balanço'!L14 -> 0 | ... O24: ='3-Balanço'!P14-'3-Balanço'!Q14 -> 0
B25: Empréstimos e adiantamentos a receber CP | C25: ='3-Balanço'!D10-'3-Balanço'!E10 -> 0 | D25: ='3-Balanço'!E10-'3-Balanço'!F10 -> 0 | E25: ='3-Balanço'!F10-'3-Balanço'!G10 -> 0 | F25: ='3-Balanço'!G10-'3-Balanço'!H10 -> 0 | G25: ='3-Balanço'!H10-'3-Balanço'!I10 -> 0 | H25: ='3-Balanço'!I10-'3-Balanço'!J10 -> 0 | I25: ='3-Balanço'!J10-'3-Balanço'!K10 -> 0 | J25: ='3-Balanço'!K10-'3-Balanço'!L10 -> 0 | ... O25: ='3-Balanço'!P10-'3-Balanço'!Q10 -> 0
B26: Variações em investimentos | C26: ='3-Balanço'!D20-'3-Balanço'!E20 -> 0 | D26: ='3-Balanço'!E20-'3-Balanço'!F20 -> 0 | E26: ='3-Balanço'!F20-'3-Balanço'!G20 -> 0 | F26: ='3-Balanço'!G20-'3-Balanço'!H20 -> 0 | G26: ='3-Balanço'!H20-'3-Balanço'!I20 -> 0 | H26: ='3-Balanço'!I20-'3-Balanço'!J20 -> 0 | I26: ='3-Balanço'!J20-'3-Balanço'!K20 -> 0 | J26: ='3-Balanço'!K20-'3-Balanço'!L20 -> 0 | ... O26: ='3-Balanço'!P20-'3-Balanço'!Q20 -> 0
B27: Variações ao imobilizado | C27: ='3-Balanço'!D21-'3-Balanço'!E21 -> -2000 | D27: ='3-Balanço'!E21-'3-Balanço'!F21 -> -2000 | E27: ='3-Balanço'!F21-'3-Balanço'!G21 -> -1500 | F27: ='3-Balanço'!G21-'3-Balanço'!H21 -> -1500 | G27: ='3-Balanço'!H21-'3-Balanço'!I21 -> -3830 | H27: ='3-Balanço'!I21-'3-Balanço'!J21 -> -3830 | I27: ='3-Balanço'!J21-'3-Balanço'!K21 -> -3830 | J27: ='3-Balanço'!K21-'3-Balanço'!L21 -> -3830 | ... O27: ='3-Balanço'!P21-'3-Balanço'!Q21 -> -3830
B28: Ágio na aquisição de controladas | C28: ='3-Balanço'!D27-'3-Balanço'!E27 -> 0 | D28: ='3-Balanço'!E27-'3-Balanço'!F27 -> 0 | E28: ='3-Balanço'!F27-'3-Balanço'!G27 -> 0 | F28: ='3-Balanço'!G27-'3-Balanço'!H27 -> 0 | G28: ='3-Balanço'!H27-'3-Balanço'!I27 -> 0 | H28: ='3-Balanço'!I27-'3-Balanço'!J27 -> 0 | I28: ='3-Balanço'!J27-'3-Balanço'!K27 -> 0 | J28: ='3-Balanço'!K27-'3-Balanço'!L27 -> 0 | ... O28: ='3-Balanço'!P27-'3-Balanço'!Q27 -> 0
B29: Empréstimos e adiantamentos a receber LP | C29: ='3-Balanço'!D28-'3-Balanço'!E28 -> 0 | D29: ='3-Balanço'!E28-'3-Balanço'!F28 -> 0 | E29: ='3-Balanço'!F28-'3-Balanço'!G28 -> 0 | F29: ='3-Balanço'!G28-'3-Balanço'!H28 -> 0 | G29: ='3-Balanço'!H28-'3-Balanço'!I28 -> 0 | H29: ='3-Balanço'!I28-'3-Balanço'!J28 -> 0 | I29: ='3-Balanço'!J28-'3-Balanço'!K28 -> 0 | J29: ='3-Balanço'!K28-'3-Balanço'!L28 -> 0 | ... O29: ='3-Balanço'!P28-'3-Balanço'!Q28 -> 0
B30: Custo de pensão pago antecipadamente | C30: ='3-Balanço'!D31-'3-Balanço'!E31 -> 0 | D30: ='3-Balanço'!E31-'3-Balanço'!F31 -> 0 | E30: ='3-Balanço'!F31-'3-Balanço'!G31 -> 0 | F30: ='3-Balanço'!G31-'3-Balanço'!H31 -> 0 | G30: ='3-Balanço'!H31-'3-Balanço'!I31 -> 0 | H30: ='3-Balanço'!I31-'3-Balanço'!J31 -> 0 | I30: ='3-Balanço'!J31-'3-Balanço'!K31 -> 0 | J30: ='3-Balanço'!K31-'3-Balanço'!L31 -> 0 | ... O30: ='3-Balanço'!P31-'3-Balanço'!Q31 -> 0
B31: Imposto de renda diferido | C31: ='3-Balanço'!D32-'3-Balanço'!E32 -> 0 | D31: ='3-Balanço'!E32-'3-Balanço'!F32 -> 0 | E31: ='3-Balanço'!F32-'3-Balanço'!G32 -> 0 | F31: ='3-Balanço'!G32-'3-Balanço'!H32 -> 0 | G31: ='3-Balanço'!H32-'3-Balanço'!I32 -> 0 | H31: ='3-Balanço'!I32-'3-Balanço'!J32 -> 0 | I31: ='3-Balanço'!J32-'3-Balanço'!K32 -> 0 | J31: ='3-Balanço'!K32-'3-Balanço'!L32 -> 0 | ... O31: ='3-Balanço'!P32-'3-Balanço'!Q32 -> 0
B32: Depósitos judiciais | C32: ='3-Balanço'!D33-'3-Balanço'!E33 -> 0 | D32: ='3-Balanço'!E33-'3-Balanço'!F33 -> 0 | E32: ='3-Balanço'!F33-'3-Balanço'!G33 -> 0 | F32: ='3-Balanço'!G33-'3-Balanço'!H33 -> 0 | G32: ='3-Balanço'!H33-'3-Balanço'!I33 -> 0 | H32: ='3-Balanço'!I33-'3-Balanço'!J33 -> 0 | I32: ='3-Balanço'!J33-'3-Balanço'!K33 -> 0 | J32: ='3-Balanço'!K33-'3-Balanço'!L33 -> 0 | ... O32: ='3-Balanço'!P33-'3-Balanço'!Q33 -> 0
B33: Ganhos não realizados | C33: ='3-Balanço'!D34-'3-Balanço'!E34 -> 0 | D33: ='3-Balanço'!E34-'3-Balanço'!F34 -> 0 | E33: ='3-Balanço'!F34-'3-Balanço'!G34 -> 0 | F33: ='3-Balanço'!G34-'3-Balanço'!H34 -> 0 | G33: ='3-Balanço'!H34-'3-Balanço'!I34 -> 0 | H33: ='3-Balanço'!I34-'3-Balanço'!J34 -> 0 | I33: ='3-Balanço'!J34-'3-Balanço'!K34 -> 0 | J33: ='3-Balanço'!K34-'3-Balanço'!L34 -> 0 | ... O33: ='3-Balanço'!P34-'3-Balanço'!Q34 -> 0
B34: Outros | C34: ='3-Balanço'!D35-'3-Balanço'!E35 -> 0 | D34: ='3-Balanço'!E35-'3-Balanço'!F35 -> 0 | E34: ='3-Balanço'!F35-'3-Balanço'!G35 -> 0 | F34: ='3-Balanço'!G35-'3-Balanço'!H35 -> 0 | G34: ='3-Balanço'!H35-'3-Balanço'!I35 -> 0 | H34: ='3-Balanço'!I35-'3-Balanço'!J35 -> 0 | I34: ='3-Balanço'!J35-'3-Balanço'!K35 -> 0 | J34: ='3-Balanço'!K35-'3-Balanço'!L35 -> 0 | ... O34: ='3-Balanço'!P35-'3-Balanço'!Q35 -> 0
B36: Recursos líquidos provenientes de atividades de investimento | C36: =SUM(C22:C35) -> -2000 | D36: =SUM(D22:D35) -> -2000 | E36: =SUM(E22:E35) -> -1500 | F36: =SUM(F22:F35) -> -1500 | G36: =SUM(G22:G35) -> -3830 | H36: =SUM(H22:H35) -> -3830 | I36: =SUM(I22:I35) -> -3830 | J36: =SUM(J22:J35) -> -3830 | ... O36: =SUM(O22:O35) -> -3830
B37: Fluxos de caixa provenientes das atividades de financiamento:
B38: Imposto de Renda | C38: ='3-Balanço'!E49-'3-Balanço'!D49 -> 0 | D38: ='3-Balanço'!F49-'3-Balanço'!E49 -> 0 | E38: ='3-Balanço'!G49-'3-Balanço'!F49 -> 0 | F38: ='3-Balanço'!H49-'3-Balanço'!G49 -> 0 | G38: ='3-Balanço'!I49-'3-Balanço'!H49 -> 0 | H38: ='3-Balanço'!J49-'3-Balanço'!I49 -> 0 | I38: ='3-Balanço'!K49-'3-Balanço'!J49 -> 0 | J38: ='3-Balanço'!L49-'3-Balanço'!K49 -> 0 | ... O38: ='3-Balanço'!Q49-'3-Balanço'!P49 -> 0
B39: Outros | C39: ='3-Balanço'!E50-'3-Balanço'!D50 -> 0 | D39: ='3-Balanço'!F50-'3-Balanço'!E50 -> 0 | E39: ='3-Balanço'!G50-'3-Balanço'!F50 -> 0 | F39: ='3-Balanço'!H50-'3-Balanço'!G50 -> 0 | G39: ='3-Balanço'!I50-'3-Balanço'!H50 -> 0 | H39: ='3-Balanço'!J50-'3-Balanço'!I50 -> 0 | I39: ='3-Balanço'!K50-'3-Balanço'!J50 -> 0 | J39: ='3-Balanço'!L50-'3-Balanço'!K50 -> 0 | ... O39: ='3-Balanço'!Q50-'3-Balanço'!P50 -> 0
B40: Empréstimos e financiamentos de curto prazo (captações líquidas) | C40: ='3-Balanço'!E47-'3-Balanço'!D47+'3-Balanço'!E46-'3-Balanço'!D46 -> -108 | D40: ='3-Balanço'!F47-'3-Balanço'!E47+'3-Balanço'!F46-'3-Balanço'!E46 -> -191 | E40: ='3-Balanço'!G47-'3-Balanço'!F47+'3-Balanço'!G46-'3-Balanço'!F46 -> -56 | F40: ='3-Balanço'!H47-'3-Balanço'!G47+'3-Balanço'!H46-'3-Balanço'!G46 -> 1486.4 | G40: ='3-Balanço'!I47-'3-Balanço'!H47+'3-Balanço'!I46-'3-Balanço'!H46 -> -1153.8 | H40: ='3-Balanço'!J47-'3-Balanço'!I47+'3-Balanço'!J46-'3-Balanço'!I46 -> 82.2 | I40: ='3-Balanço'!K47-'3-Balanço'!J47+'3-Balanço'!K46-'3-Balanço'!J46 -> 0 | J40: ='3-Balanço'!L47-'3-Balanço'!K47+'3-Balanço'!L46-'3-Balanço'!K46 -> 46.2 | ... O40: ='3-Balanço'!Q47-'3-Balanço'!P47+'3-Balanço'!Q46-'3-Balanço'!P46 -> -224.2
B41: Empréstimos
B42: Partes relacionadas | C42: ='3-Balanço'!E48-'3-Balanço'!D48 -> 0 | D42: ='3-Balanço'!F48-'3-Balanço'!E48 -> 0 | E42: ='3-Balanço'!G48-'3-Balanço'!F48 -> 0 | F42: ='3-Balanço'!H48-'3-Balanço'!G48 -> 0 | G42: ='3-Balanço'!I48-'3-Balanço'!H48 -> 0 | H42: ='3-Balanço'!J48-'3-Balanço'!I48 -> 0 | I42: ='3-Balanço'!K48-'3-Balanço'!J48 -> 0 | J42: ='3-Balanço'!L48-'3-Balanço'!K48 -> 0 | ... O42: ='3-Balanço'!Q48-'3-Balanço'!P48 -> 0
B43: Empréstimos e financiamentos de longo prazo
B44: Partes relacionadas | C44: ='3-Balanço'!E56-'3-Balanço'!D56 -> 0 | D44: ='3-Balanço'!F56-'3-Balanço'!E56 -> 0 | E44: ='3-Balanço'!G56-'3-Balanço'!F56 -> 0 | F44: ='3-Balanço'!H56-'3-Balanço'!G56 -> 0 | G44: ='3-Balanço'!I56-'3-Balanço'!H56 -> 0 | H44: ='3-Balanço'!J56-'3-Balanço'!I56 -> 0 | I44: ='3-Balanço'!K56-'3-Balanço'!J56 -> 0 | J44: ='3-Balanço'!L56-'3-Balanço'!K56 -> 0 | ... O44: ='3-Balanço'!Q56-'3-Balanço'!P56 -> 0
B45: Empréstimos e financiamentos | C45: ='3-Balanço'!E55-'3-Balanço'!D55 -> 194 | D45: ='3-Balanço'!F55-'3-Balanço'!E55 -> 482 | E45: ='3-Balanço'!G55-'3-Balanço'!F55 -> 672 | F45: ='3-Balanço'!H55-'3-Balanço'!G55 -> -614.4 | G45: ='3-Balanço'!I55-'3-Balanço'!H55 -> -781.6 | H45: ='3-Balanço'!J55-'3-Balanço'!I55 -> 257.2 | I45: ='3-Balanço'!K55-'3-Balanço'!J55 -> 334.2 | J45: ='3-Balanço'!L55-'3-Balanço'!K55 -> -145 | ... O45: ='3-Balanço'!Q55-'3-Balanço'!P55 -> -562.6
B46: Benefícios de pós-aposentadoria | C46: ='3-Balanço'!E54-'3-Balanço'!D54 -> 21.5 | D46: ='3-Balanço'!F54-'3-Balanço'!E54 -> 23.65 | E46: ='3-Balanço'!G54-'3-Balanço'!F54 -> 26.015 | F46: ='3-Balanço'!H54-'3-Balanço'!G54 -> 28.6165 | G46: ='3-Balanço'!I54-'3-Balanço'!H54 -> 31.47815 | H46: ='3-Balanço'!J54-'3-Balanço'!I54 -> 34.625965 | I46: ='3-Balanço'!K54-'3-Balanço'!J54 -> 38.088562 | J46: ='3-Balanço'!L54-'3-Balanço'!K54 -> 41.897418 | ... O46: ='3-Balanço'!Q54-'3-Balanço'!P54 -> 67.47621
B47: Outros | C47: ='3-Balanço'!E59-'3-Balanço'!D59 -> 0 | D47: ='3-Balanço'!F59-'3-Balanço'!E59 -> 0 | E47: ='3-Balanço'!G59-'3-Balanço'!F59 -> 0 | F47: ='3-Balanço'!H59-'3-Balanço'!G59 -> 0 | G47: ='3-Balanço'!I59-'3-Balanço'!H59 -> 0 | H47: ='3-Balanço'!J59-'3-Balanço'!I59 -> 0 | I47: ='3-Balanço'!K59-'3-Balanço'!J59 -> 0 | J47: ='3-Balanço'!L59-'3-Balanço'!K59 -> 0 | ... O47: ='3-Balanço'!Q59-'3-Balanço'!P59 -> 0
B48: Juros sobre o capital próprio pagos a acionistas | C48: ='3-Balanço'!E45-'3-Balanço'!D45 -> 0 | D48: ='3-Balanço'!F45-'3-Balanço'!E45 -> 0 | E48: ='3-Balanço'!G45-'3-Balanço'!F45 -> 0 | F48: ='3-Balanço'!H45-'3-Balanço'!G45 -> 0 | G48: ='3-Balanço'!I45-'3-Balanço'!H45 -> 0 | H48: ='3-Balanço'!J45-'3-Balanço'!I45 -> 0 | I48: ='3-Balanço'!K45-'3-Balanço'!J45 -> 0 | J48: ='3-Balanço'!L45-'3-Balanço'!K45 -> 0 | ... O48: ='3-Balanço'!Q45-'3-Balanço'!P45 -> 0
B49: Provisões para contingências | C49: ='3-Balanço'!E57-'3-Balanço'!D57 -> 0 | D49: ='3-Balanço'!F57-'3-Balanço'!E57 -> 0 | E49: ='3-Balanço'!G57-'3-Balanço'!F57 -> 0 | F49: ='3-Balanço'!H57-'3-Balanço'!G57 -> 0 | G49: ='3-Balanço'!I57-'3-Balanço'!H57 -> 0 | H49: ='3-Balanço'!J57-'3-Balanço'!I57 -> 0 | I49: ='3-Balanço'!K57-'3-Balanço'!J57 -> 0 | J49: ='3-Balanço'!L57-'3-Balanço'!K57 -> 0 | ... O49: ='3-Balanço'!Q57-'3-Balanço'!P57 -> 0
B50: Perda não realizada com derivativos | C50: ='3-Balanço'!E58-'3-Balanço'!D58 -> 0 | D50: ='3-Balanço'!F58-'3-Balanço'!E58 -> 0 | E50: ='3-Balanço'!G58-'3-Balanço'!F58 -> 0 | F50: ='3-Balanço'!H58-'3-Balanço'!G58 -> 0 | G50: ='3-Balanço'!I58-'3-Balanço'!H58 -> 0 | H50: ='3-Balanço'!J58-'3-Balanço'!I58 -> 0 | I50: ='3-Balanço'!K58-'3-Balanço'!J58 -> 0 | J50: ='3-Balanço'!L58-'3-Balanço'!K58 -> 0 | ... O50: ='3-Balanço'!Q58-'3-Balanço'!P58 -> 0
B51: Dividendos | C51: =-'4-DRE'!C57 -> -1286.5 | D51: =-'4-DRE'!D57 -> -1474.0216 | E51: =-'4-DRE'!E57 -> -1497.3113 | F51: =-'4-DRE'!F57 -> -1712.3059 | G51: =-'4-DRE'!G57 -> -3013.1861 | H51: =-'4-DRE'!H57 -> -3630.7495 | I51: =-'4-DRE'!I57 -> -4154.8273 | J51: =-'4-DRE'!J57 -> -5198.7076 | ... O51: =-'4-DRE'!O57 -> -14198.684
B52: PARTICIPAÇÃO MINORITÁRIA | C52: ='3-Balanço'!E62-'3-Balanço'!D62 -> 0 | D52: ='3-Balanço'!F62-'3-Balanço'!E62 -> 0 | E52: ='3-Balanço'!G62-'3-Balanço'!F62 -> 0 | F52: ='3-Balanço'!H62-'3-Balanço'!G62 -> 0 | G52: ='3-Balanço'!I62-'3-Balanço'!H62 -> 0 | H52: ='3-Balanço'!J62-'3-Balanço'!I62 -> 0 | I52: ='3-Balanço'!K62-'3-Balanço'!J62 -> 0 | J52: ='3-Balanço'!L62-'3-Balanço'!K62 -> 0 | ... O52: ='3-Balanço'!Q62-'3-Balanço'!P62 -> 0
B53: Variações no Capital Próprio | C53: ='3-Balanço'!E70-'3-Balanço'!D70 -> 0 | D53: ='3-Balanço'!F70-'3-Balanço'!E70 -> 0 | E53: ='3-Balanço'!G70-'3-Balanço'!F70 -> 0 | F53: ='3-Balanço'!H70-'3-Balanço'!G70 -> 0 | G53: ='3-Balanço'!I70-'3-Balanço'!H70 -> 0 | H53: ='3-Balanço'!J70-'3-Balanço'!I70 -> 0 | I53: ='3-Balanço'!K70-'3-Balanço'!J70 -> 0 | J53: ='3-Balanço'!L70-'3-Balanço'!K70 -> 0 | ... O53: ='3-Balanço'!Q70-'3-Balanço'!P70 -> 0
B54: Outros lucros acumulados | C54: ='3-Balanço'!E71-'3-Balanço'!D71 -> 0 | D54: ='3-Balanço'!F71-'3-Balanço'!E71 -> 0 | E54: ='3-Balanço'!G71-'3-Balanço'!F71 -> 0 | F54: ='3-Balanço'!H71-'3-Balanço'!G71 -> 0 | G54: ='3-Balanço'!I71-'3-Balanço'!H71 -> 0 | H54: ='3-Balanço'!J71-'3-Balanço'!I71 -> 0 | I54: ='3-Balanço'!K71-'3-Balanço'!J71 -> 0 | J54: ='3-Balanço'!L71-'3-Balanço'!K71 -> 0 | ... O54: ='3-Balanço'!Q71-'3-Balanço'!P71 -> 0
B55: Reserva de lucros | C55: ='3-Balanço'!E72-'3-Balanço'!D72 -> 0 | D55: ='3-Balanço'!F72-'3-Balanço'!E72 -> 0 | E55: ='3-Balanço'!G72-'3-Balanço'!F72 -> 0 | F55: ='3-Balanço'!H72-'3-Balanço'!G72 -> 0 | G55: ='3-Balanço'!I72-'3-Balanço'!H72 -> 0 | H55: ='3-Balanço'!J72-'3-Balanço'!I72 -> 0 | I55: ='3-Balanço'!K72-'3-Balanço'!J72 -> 0 | J55: ='3-Balanço'!L72-'3-Balanço'!K72 -> 0 | ... O55: ='3-Balanço'!Q72-'3-Balanço'!P72 -> 0
B56: Lucros acumulados
B57: Recursos líquidos utilizados nas atividades de financiamento | C57: =SUM(C38:C56) -> -1179 | D57: =SUM(D38:D56) -> -1159.3716 | E57: =SUM(E38:E56) -> -855.29629 | F57: =SUM(F38:F56) -> -811.68941 | G57: =SUM(G38:G56) -> -4917.108 | H57: =SUM(H38:H56) -> -3256.7236 | I57: =SUM(I38:I56) -> -3782.5388 | J57: =SUM(J38:J56) -> -5255.6101 | ... O57: =SUM(O38:O56) -> -14918.008
B58: Aumento (diminuição) de caixa e equivalentes | C58: =C20+C36+C57 -> -715.11338 | D58: =D20+D36+D57 -> 214.82389 | E58: =E20+E36+E57 -> 1542.753 | F58: =F20+F36+F57 -> 2228.2936 | G58: =G20+G36+G57 -> -3369.894 | H58: =H20+H36+H57 -> -886.66062 | I58: =I20+I36+I57 -> 622.47011 | J58: =J20+J36+J57 -> 1106.6351 | ... O58: =O20+O36+O57 -> 6109.9826
B60: Caixa e equivalentes no início do período | C60: ='3-Balanço'!D8 -> 1249 | D60: ='3-Balanço'!E8 -> 533.88662 | E60: ='3-Balanço'!F8 -> 748.71051 | F60: ='3-Balanço'!G8 -> 2291.4635 | G60: ='3-Balanço'!H8 -> 4519.7571 | H60: ='3-Balanço'!I8 -> 1149.8631 | I60: ='3-Balanço'!J8 -> 263.20252 | J60: ='3-Balanço'!K8 -> 885.67264 | ... O60: ='3-Balanço'!P8 -> 13262.749
B61: Caixa e equivalentes no final do período | C61: =C58+C60 -> 533.88662 | D61: =D58+D60 -> 748.71051 | E61: =E58+E60 -> 2291.4635 | F61: =F58+F60 -> 4519.7571 | G61: =G58+G60 -> 1149.8631 | H61: =H58+H60 -> 263.20252 | I61: =I58+I60 -> 885.67264 | J61: =J58+J60 -> 1992.3077 | ... O61: =O58+O60 -> 19372.731
C63: =ROUND(C61-C60,0)-ROUND(C58,0) -> 0 | D63: =ROUND(D61-D60,0)-ROUND(D58,0) -> 0 | E63: =ROUND(E61-E60,0)-ROUND(E58,0) -> 0 | F63: =ROUND(F61-F60,0)-ROUND(F58,0) -> 0 | G63: =ROUND(G61-G60,0)-ROUND(G58,0) -> 0 | H63: =ROUND(H61-H60,0)-ROUND(H58,0) -> 0 | I63: =ROUND(I61-I60,0)-ROUND(I58,0) -> 0 | J63: =ROUND(J61-J60,0)-ROUND(J58,0) -> 0 | ... O63: =ROUND(O61-O60,0)-ROUND(O58,0) -> 0

Sheet 6-Desempenho
C1: Voltar índice
O2: (Coloque aqui Logotipo)
B3: Indicadores Econômico-Financeiros
D4: =+'3-Balanço'!D5 -> 42004 | E4: =+'3-Balanço'!E5 -> 42369 | F4: =+'3-Balanço'!F5 -> 42735 | G4: =+'3-Balanço'!G5 -> 43100 | H4: =+'3-Balanço'!H5 -> 43465 | I4: =+'3-Balanço'!I5 -> 43830 | J4: =+'3-Balanço'!J5 -> 44196 | K4: =+'3-Balanço'!K5 -> 44561 | ... Q4: =+'3-Balanço'!Q5 -> 46752
C6: RENTABILIDADE
C8: Margem Bruta (%) | D8: ='4-DRE'!B29/'4-DRE'!B22 -> 0.49404909 | E8: ='4-DRE'!C29/'4-DRE'!C22 -> 0.49573911 | F8: ='4-DRE'!D29/'4-DRE'!D22 -> 0.50685292 | G8: ='4-DRE'!E29/'4-DRE'!E22 -> 0.50686148 | H8: ='4-DRE'!F29/'4-DRE'!F22 -> 0.51137887 | I8: ='4-DRE'!G29/'4-DRE'!G22 -> 0.51519653 | J8: ='4-DRE'!H29/'4-DRE'!H22 -> 0.51836352 | K8: ='4-DRE'!I29/'4-DRE'!I22 -> 0.55624933 | ... Q8: ='4-DRE'!O29/'4-DRE'!O22 -> 0.69428661
C9: Margem Operacional Própria (%) | D9: ='4-DRE'!B43/'4-DRE'!B22 -> 0.3723035 | E9: ='4-DRE'!C43/'4-DRE'!C22 -> 0.42231699 | F9: ='4-DRE'!D43/'4-DRE'!D22 -> 0.42289972 | G9: ='4-DRE'!E43/'4-DRE'!E22 -> 0.41959249 | H9: ='4-DRE'!F43/'4-DRE'!F22 -> 0.42707448 | I9: ='4-DRE'!G43/'4-DRE'!G22 -> 0.44647333 | J9: ='4-DRE'!H43/'4-DRE'!H22 -> 0.44325389 | K9: ='4-DRE'!I43/'4-DRE'!I22 -> 0.48118113 | ... Q9: ='4-DRE'!O43/'4-DRE'!O22 -> 0.67462411
C10: Margem Líquida (%) | D10: ='4-DRE'!B53/'4-DRE'!B22 -> 0.31899331 | E10: ='4-DRE'!C53/'4-DRE'!C22 -> 0.31706039 | F10: ='4-DRE'!D53/'4-DRE'!D22 -> 0.27939371 | G10: ='4-DRE'!E53/'4-DRE'!E22 -> 0.27717385 | H10: ='4-DRE'!F53/'4-DRE'!F22 -> 0.28207979 | I10: ='4-DRE'!G53/'4-DRE'!G22 -> 0.29485512 | J10: ='4-DRE'!H53/'4-DRE'!H22 -> 0.29270608 | K10: ='4-DRE'!I53/'4-DRE'!I22 -> 0.31771705 | ... Q10: ='4-DRE'!O53/'4-DRE'!O22 -> 0.44531052
C11: Ebitda - US$ Milhões | D11: ='4-DRE'!B35 -> 3522 | E11: ='4-DRE'!C35 -> 4275.7767 | F11: ='4-DRE'!D35 -> 5057.5989 | G11: ='4-DRE'!E35 -> 5806.76 | H11: ='4-DRE'!F35 -> 6668.3271 | I11: ='4-DRE'!G35 -> 7828.3101 | J11: ='4-DRE'!H35 -> 9274.2604 | K11: ='4-DRE'!I35 -> 11685.351 | ... Q11: ='4-DRE'!O35 -> 35392.116
C12: Ebitda/Receita (%) | D12: =D11/'4-DRE'!B22 -> 0.43664766 | E12: =E11/'4-DRE'!C22 -> 0.45985739 | F12: =F11/'4-DRE'!D22 -> 0.47186625 | G12: =G11/'4-DRE'!E22 -> 0.46997503 | H12: =H11/'4-DRE'!F22 -> 0.4681922 | I12: =I11/'4-DRE'!G22 -> 0.47680595 | J12: =J11/'4-DRE'!H22 -> 0.49002621 | K12: =K11/'4-DRE'!I22 -> 0.53560935 | ... Q12: =Q11/'4-DRE'!O22 -> 0.69137101
C13: Retorno sobre o Investimento (%) (Margem X Giro) | D13: =D10*D38 -> 0.23517046 | E13: =E10*E38 -> 0.21895969 | F13: =F10*F38 -> 0.19677941 | G13: =G10*G38 -> 0.2089208 | H13: =H10*H38 -> 0.22926629 | I13: =I10*I38 -> 0.23056696 | J13: =J10*J38 -> 0.22730937 | K13: =K10*K38 -> 0.25677474 | ... Q13: =Q10*Q38 -> 0.55969503
C14: Retorno s/ Patrim. Líq. Médio (%) | D14: ='4-DRE'!B53/((('3-Balanço'!D74-'4-DRE'!B53)+'3-Balanço'!C74)/2) -> 0.5304061 | E14: ='4-DRE'!C53/((('3-Balanço'!E74-'4-DRE'!C53)+'3-Balanço'!D74)/2) -> 0.43689277 | F14: ='4-DRE'!D53/((('3-Balanço'!F74-'4-DRE'!D53)+'3-Balanço'!E74)/2) -> 0.36012397 | G14: ='4-DRE'!E53/((('3-Balanço'!G74-'4-DRE'!E53)+'3-Balanço'!F74)/2) -> 0.34857915 | H14: ='4-DRE'!F53/((('3-Balanço'!H74-'4-DRE'!F53)+'3-Balanço'!G74)/2) -> 0.34502584 | I14: ='4-DRE'!G53/((('3-Balanço'!I74-'4-DRE'!G53)+'3-Balanço'!H74)/2) -> 0.3640088 | J14: ='4-DRE'!H53/((('3-Balanço'!J74-'4-DRE'!H53)+'3-Balanço'!I74)/2) -> 0.37385008 | K14: ='4-DRE'!I53/((('3-Balanço'!K74-'4-DRE'!I53)+'3-Balanço'!J74)/2) -> 0.42098701 | ... Q14: ='4-DRE'!O53/((('3-Balanço'!Q74-'4-DRE'!O53)+'3-Balanço'!P74)/2) -> 0.57083556
C15: Geração Operacional de Caixa - Base: Fluxo de Caixa | E15: ='5-FC'!C58 -> -715.11338 | F15: ='5-FC'!D58 -> 214.82389 | G15: ='5-FC'!E58 -> 1542.753 | H15: ='5-FC'!F58 -> 2228.2936 | I15: ='5-FC'!G58 -> -3369.894 | J15: ='5-FC'!H58 -> -886.66062 | K15: ='5-FC'!I58 -> 622.47011 | L15: ='5-FC'!J58 -> 1106.6351 | ... Q15: ='5-FC'!O58 -> 6109.9826
C16: Geração Operacional de Caixa / Rec. Operacional Líq. (%) | D16: =D15/'4-DRE'!B22 -> 0 | E16: =E15/'4-DRE'!C22 -> -0.076910044 | F16: =F15/'4-DRE'!D22 -> 0.020042741 | G16: =G15/'4-DRE'!E22 -> 0.12486402 | H16: =H15/'4-DRE'!F22 -> 0.15645149 | I16: =I15/'4-DRE'!G22 -> -0.20525318 | J16: =J15/'4-DRE'!H22 -> -0.046848689 | K16: =K15/'4-DRE'!I22 -> 0.02853152 | ... Q16: =Q15/'4-DRE'!O22 -> 0.1193561
C18: ESTRUTURA
C20: Endividamento de Curto Prazo (%) | D20: ='3-Balanço'!D51/'3-Balanço'!D76 -> 0.15622017 | E20: ='3-Balanço'!E51/'3-Balanço'!E76 -> 0.13614908 | F20: ='3-Balanço'!F51/'3-Balanço'!F76 -> 0.11946444 | G20: ='3-Balanço'!G51/'3-Balanço'!G76 -> 0.10895744 | H20: ='3-Balanço'!H51/'3-Balanço'!H76 -> 0.15880154 | I20: ='3-Balanço'!I51/'3-Balanço'!I76 -> 0.1201802 | J20: ='3-Balanço'!J51/'3-Balanço'!J76 -> 0.11976952 | K20: ='3-Balanço'!K51/'3-Balanço'!K76 -> 0.11048573 | ... Q20: ='3-Balanço'!Q51/'3-Balanço'!Q76 -> 0.067907195
C21: Endividamento Oneroso de Curto Prazo (%) | D21: =('3-Balanço'!D46+'3-Balanço'!D47+'3-Balanço'!D48)/'3-Balanço'!D76 -> 0.054470251 | E21: =('3-Balanço'!E46+'3-Balanço'!E47+'3-Balanço'!E48)/'3-Balanço'!E76 -> 0.042687365 | F21: =('3-Balanço'!F46+'3-Balanço'!F47+'3-Balanço'!F48)/'3-Balanço'!F76 -> 0.028576001 | G21: =('3-Balanço'!G46+'3-Balanço'!G47+'3-Balanço'!G48)/'3-Balanço'!G76 -> 0.022559054 | H21: =('3-Balanço'!H46+'3-Balanço'!H47+'3-Balanço'!H48)/'3-Balanço'!H76 -> 0.077728748 | I21: =('3-Balanço'!I46+'3-Balanço'!I47+'3-Balanço'!I48)/'3-Balanço'!I76 -> 0.032472527 | J21: =('3-Balanço'!J46+'3-Balanço'!J47+'3-Balanço'!J48)/'3-Balanço'!J76 -> 0.032522161 | K21: =('3-Balanço'!K46+'3-Balanço'!K47+'3-Balanço'!K48)/'3-Balanço'!K76 -> 0.029160424 | ... Q21: =('3-Balanço'!Q46+'3-Balanço'!Q47+'3-Balanço'!Q48)/'3-Balanço'!Q76 -> 0.0096594178
C22: Endividamento de Longo Prazo (%) | D22: =('3-Balanço'!D60+'3-Balanço'!D62)/'3-Balanço'!D76 -> 0.37346484 | E22: =('3-Balanço'!E60+'3-Balanço'!E62)/'3-Balanço'!E76 -> 0.34723432 | F22: =('3-Balanço'!F60+'3-Balanço'!F62)/'3-Balanço'!F76 -> 0.33809718 | G22: =('3-Balanço'!G60+'3-Balanço'!G62)/'3-Balanço'!G76 -> 0.32817188 | H22: =('3-Balanço'!H60+'3-Balanço'!H62)/'3-Balanço'!H76 -> 0.26213531 | I22: =('3-Balanço'!I60+'3-Balanço'!I62)/'3-Balanço'!I76 -> 0.2318677 | J22: =('3-Balanço'!J60+'3-Balanço'!J62)/'3-Balanço'!J76 -> 0.22174182 | K22: =('3-Balanço'!K60+'3-Balanço'!K62)/'3-Balanço'!K76 -> 0.21067512 | ... Q22: =('3-Balanço'!Q60+'3-Balanço'!Q62)/'3-Balanço'!Q76 -> 0.057762223
C23: Endividamento Oneroso de Longo Prazo (%) | D23: =('3-Balanço'!D55+'3-Balanço'!D56)/'3-Balanço'!D76 -> 0.20566338 | E23: =('3-Balanço'!E55+'3-Balanço'!E56)/'3-Balanço'!E76 -> 0.19551726 | F23: =('3-Balanço'!F55+'3-Balanço'!F56)/'3-Balanço'!F76 -> 0.20049374 | G23: =('3-Balanço'!G55+'3-Balanço'!G56)/'3-Balanço'!G76 -> 0.20622848 | H23: =('3-Balanço'!H55+'3-Balanço'!H56)/'3-Balanço'!H76 -> 0.15509768 | I23: =('3-Balanço'!I55+'3-Balanço'!I56)/'3-Balanço'!I76 -> 0.12403134 | J23: =('3-Balanço'!J55+'3-Balanço'!J56)/'3-Balanço'!J76 -> 0.12220491 | K23: =('3-Balanço'!K55+'3-Balanço'!K56)/'3-Balanço'!K76 -> 0.12021431 | ... Q23: =('3-Balanço'!Q55+'3-Balanço'!Q56)/'3-Balanço'!Q76 -> 0.0080311788
C24: Endividamento Oneroso Total (%) | D24: =D21+D23 -> 0.26013363 | E24: =E21+E23 -> 0.23820463 | F24: =F21+F23 -> 0.22906974 | G24: =G21+G23 -> 0.22878754 | H24: =H21+H23 -> 0.23282642 | I24: =I21+I23 -> 0.15650387 | J24: =J21+J23 -> 0.15472707 | K24: =K21+K23 -> 0.14937473 | ... Q24: =Q21+Q23 -> 0.017690597
C25: Endividamento Total (%) | D25: =('3-Balanço'!D51+'3-Balanço'!D60+'3-Balanço'!D62)/'3-Balanço'!D76 -> 0.52968501 | E25: =('3-Balanço'!E51+'3-Balanço'!E60+'3-Balanço'!E62)/'3-Balanço'!E76 -> 0.4833834 | F25: =('3-Balanço'!F51+'3-Balanço'!F60+'3-Balanço'!F62)/'3-Balanço'!F76 -> 0.45756163 | G25: =('3-Balanço'!G51+'3-Balanço'!G60+'3-Balanço'!G62)/'3-Balanço'!G76 -> 0.43712932 | H25: =('3-Balanço'!H51+'3-Balanço'!H60+'3-Balanço'!H62)/'3-Balanço'!H76 -> 0.42093685 | I25: =('3-Balanço'!I51+'3-Balanço'!I60+'3-Balanço'!I62)/'3-Balanço'!I76 -> 0.3520479 | J25: =('3-Balanço'!J51+'3-Balanço'!J60+'3-Balanço'!J62)/'3-Balanço'!J76 -> 0.34151134 | K25: =('3-Balanço'!K51+'3-Balanço'!K60+'3-Balanço'!K62)/'3-Balanço'!K76 -> 0.32116085 | ... Q25: =('3-Balanço'!Q51+'3-Balanço'!Q60+'3-Balanço'!Q62)/'3-Balanço'!Q76 -> 0.12566942
C26: Capitalização - (%) | D26: ='3-Balanço'!D74/'3-Balanço'!D76 -> 0.47031499 | E26: ='3-Balanço'!E74/'3-Balanço'!E76 -> 0.5166166 | F26: ='3-Balanço'!F74/'3-Balanço'!F76 -> 0.54243837 | G26: ='3-Balanço'!G74/'3-Balanço'!G76 -> 0.56287068 | H26: ='3-Balanço'!H74/'3-Balanço'!H76 -> 0.57906315 | I26: ='3-Balanço'!I74/'3-Balanço'!I76 -> 0.6479521 | J26: ='3-Balanço'!J74/'3-Balanço'!J76 -> 0.65848866 | K26: ='3-Balanço'!K74/'3-Balanço'!K76 -> 0.67883915 | ... Q26: ='3-Balanço'!Q74/'3-Balanço'!Q76 -> 0.87433058
C27: Grau de alavancagem Financeira ( Nº de vezes) | D27: =D13/D20 -> 1.5053783 | E27: =E13/E20 -> 1.6082348 | F27: =F13/F20 -> 1.6471798 | G27: =G13/G20 -> 1.9174532 | H27: =H13/H20 -> 1.4437284 | I27: =I13/I20 -> 1.9185104 | J27: =J13/J20 -> 1.8978899 | K27: =K13/K20 -> 2.3240535 | ... Q27: =Q13/Q20 -> 8.2420579
C29: ATIVIDADE
C31: Giro dos Estoques | D31: =-'4-DRE'!B28/'3-Balanço'!D11 -> 4.8068316 | E31: =-'4-DRE'!C28/'3-Balanço'!E11 -> 6.0178789 | F31: =-'4-DRE'!D28/'3-Balanço'!F11 -> 6.0178789 | G31: =-'4-DRE'!E28/'3-Balanço'!G11 -> 6.0178789 | H31: =-'4-DRE'!F28/'3-Balanço'!H11 -> 6.0178789 | I31: =-'4-DRE'!G28/'3-Balanço'!I11 -> 6.0178789 | J31: =-'4-DRE'!H28/'3-Balanço'!J11 -> 6.0178789 | K31: =-'4-DRE'!I28/'3-Balanço'!K11 -> 6.0178789 | ... Q31: =-'4-DRE'!O28/'3-Balanço'!Q11 -> 6.0178789
C32: Ciclo Operacional e Financeiro
C33: Período Médio de Estoque (dias) | D33: ='3-Balanço'!D11/-'4-DRE'!B28*360 -> 74.893408 | E33: ='3-Balanço'!E11/-'4-DRE'!C28*360 -> 59.821742 | F33: ='3-Balanço'!F11/-'4-DRE'!D28*360 -> 59.821742 | G33: ='3-Balanço'!G11/-'4-DRE'!E28*360 -> 59.821742 | H33: ='3-Balanço'!H11/-'4-DRE'!F28*360 -> 59.821742 | I33: ='3-Balanço'!I11/-'4-DRE'!G28*360 -> 59.821742 | J33: ='3-Balanço'!J11/-'4-DRE'!H28*360 -> 59.821742 | K33: ='3-Balanço'!K11/-'4-DRE'!I28*360 -> 59.821742 | ... Q33: ='3-Balanço'!Q11/-'4-DRE'!O28*360 -> 59.821742
C34: Período médio de Cobrança (dias) | D34: ='3-Balanço'!D9/'4-DRE'!B19*360 -> 43.689114 | E34: ='3-Balanço'!E9/'4-DRE'!C19*360 -> 59.821742 | F34: ='3-Balanço'!F9/'4-DRE'!D19*360 -> 59.821742 | G34: ='3-Balanço'!G9/'4-DRE'!E19*360 -> 59.821742 | H34: ='3-Balanço'!H9/'4-DRE'!F19*360 -> 59.821742 | I34: ='3-Balanço'!I9/'4-DRE'!G19*360 -> 59.821742 | J34: ='3-Balanço'!J9/'4-DRE'!H19*360 -> 59.821742 | K34: ='3-Balanço'!K9/'4-DRE'!I19*360 -> 59.821742 | ... Q34: ='3-Balanço'!Q9/'4-DRE'!O19*360 -> 59.821742
C35: Ciclo Operacional | D35: =SUM(D33:D34) -> 118.58252 | E35: =SUM(E33:E34) -> 119.64348 | F35: =SUM(F33:F34) -> 119.64348 | G35: =SUM(G33:G34) -> 119.64348 | H35: =SUM(H33:H34) -> 119.64348 | I35: =SUM(I33:I34) -> 119.64348 | J35: =SUM(J33:J34) -> 119.64348 | K35: =SUM(K33:K34) -> 119.64348 | ... Q35: =SUM(Q33:Q34) -> 119.64348
C36: Período médio de pagamentos (dias) | D36: ='3-Balanço'!D43/'13-Ciclo'!F22*360 -> 56.054237 | E36: ='3-Balanço'!E43/'13-Ciclo'!G22*360 -> 55.620584 | F36: ='3-Balanço'!F43/'13-Ciclo'!H22*360 -> 55.620584 | G36: ='3-Balanço'!G43/'13-Ciclo'!I22*360 -> 55.620584 | H36: ='3-Balanço'!H43/'13-Ciclo'!J22*360 -> 55.620584 | I36: ='3-Balanço'!I43/'13-Ciclo'!K22*360 -> 55.620584 | J36: ='3-Balanço'!J43/'13-Ciclo'!L22*360 -> 55.620584 | K36: ='3-Balanço'!K43/'13-Ciclo'!M22*360 -> 55.620584 | ... Q36: ='3-Balanço'!Q43/'13-Ciclo'!S22*360 -> 55.620584
C37: Ciclo Financeiro | D37: =D35-D36 -> 62.528285 | E37: =E35-E36 -> 64.0229 | F37: =F35-F36 -> 64.0229 | G37: =G35-G36 -> 64.0229 | H37: =H35-H36 -> 64.0229 | I37: =I35-I36 -> 64.0229 | J37: =J35-J36 -> 64.0229 | K37: =K35-K36 -> 64.0229 | ... Q37: =Q35-Q36 -> 64.0229
C38: Giro s/ Ativo Operacional (nº de vezes) | D38: ='4-DRE'!B22/('3-Balanço'!D9+'3-Balanço'!D11+'3-Balanço'!D21+'3-Balanço'!D22) -> 0.73722694 | E38: ='4-DRE'!C22/('3-Balanço'!E9+'3-Balanço'!E11+'3-Balanço'!E21+'3-Balanço'!E22) -> 0.690593 | F38: ='4-DRE'!D22/('3-Balanço'!F9+'3-Balanço'!F11+'3-Balanço'!F21+'3-Balanço'!F22) -> 0.70430866 | G38: ='4-DRE'!E22/('3-Balanço'!G9+'3-Balanço'!G11+'3-Balanço'!G21+'3-Balanço'!G22) -> 0.75375364 | H38: ='4-DRE'!F22/('3-Balanço'!H9+'3-Balanço'!H11+'3-Balanço'!H21+'3-Balanço'!H22) -> 0.81277108 | I38: ='4-DRE'!G22/('3-Balanço'!I9+'3-Balanço'!I11+'3-Balanço'!I21+'3-Balanço'!I22) -> 0.78196694 | J38: ='4-DRE'!H22/('3-Balanço'!J9+'3-Balanço'!J11+'3-Balanço'!J21+'3-Balanço'!J22) -> 0.77657891 | K38: ='4-DRE'!I22/('3-Balanço'!K9+'3-Balanço'!K11+'3-Balanço'!K21+'3-Balanço'!K22) -> 0.80818685 | ... Q38: ='4-DRE'!O22/('3-Balanço'!Q9+'3-Balanço'!Q11+'3-Balanço'!Q21+'3-Balanço'!Q22) -> 1.2568646
C39: Grau de Alavancagem Operacional
C40: Liquidez Corrente | D40: ='3-Balanço'!D15/'3-Balanço'!D51 -> 1.5845214 | E40: ='3-Balanço'!E15/'3-Balanço'!E51 -> 1.818476 | F40: ='3-Balanço'!F15/'3-Balanço'!F51 -> 2.1678733 | G40: ='3-Balanço'!G15/'3-Balanço'!G51 -> 2.9363053 | H40: ='3-Balanço'!H15/'3-Balanço'!H51 -> 2.4335145 | I40: ='3-Balanço'!I15/'3-Balanço'!I51 -> 2.3155956 | J40: ='3-Balanço'!J15/'3-Balanço'!J51 -> 2.0708998 | K40: ='3-Balanço'!K15/'3-Balanço'!K51 -> 2.2405113 | ... Q40: ='3-Balanço'!Q15/'3-Balanço'!Q51 -> 6.7763561
C41: Liquidez Seca | D41: =('3-Balanço'!D15-'3-Balanço'!D11)/'3-Balanço'!D51 -> 1.2386965 | E41: =('3-Balanço'!E15-'3-Balanço'!E11)/'3-Balanço'!E51 -> 1.4918981 | F41: =('3-Balanço'!F15-'3-Balanço'!F11)/'3-Balanço'!F51 -> 1.7906781 | G41: =('3-Balanço'!G15-'3-Balanço'!G11)/'3-Balanço'!G51 -> 2.5178868 | H41: =('3-Balanço'!H15-'3-Balanço'!H11)/'3-Balanço'!H51 -> 2.1486993 | I41: =('3-Balanço'!I15-'3-Balanço'!I11)/'3-Balanço'!I51 -> 1.8868752 | J41: =('3-Balanço'!J15-'3-Balanço'!J11)/'3-Balanço'!J51 -> 1.6217737 | K41: =('3-Balanço'!K15-'3-Balanço'!K11)/'3-Balanço'!K51 -> 1.7768763 | ... Q41: =('3-Balanço'!Q15-'3-Balanço'!Q11)/'3-Balanço'!Q51 -> 6.1744774
C42: Liquidez Geral | D42: =('3-Balanço'!D15+'3-Balanço'!D17)/('3-Balanço'!D51+'3-Balanço'!D60) -> 0.51618896 | E42: =('3-Balanço'!E15+'3-Balanço'!E17)/('3-Balanço'!E51+'3-Balanço'!E60) -> 0.56472701 | F42: =('3-Balanço'!F15+'3-Balanço'!F17)/('3-Balanço'!F51+'3-Balanço'!F60) -> 0.62086389 | G42: =('3-Balanço'!G15+'3-Balanço'!G17)/('3-Balanço'!G51+'3-Balanço'!G60) -> 0.79655057 | H42: =('3-Balanço'!H15+'3-Balanço'!H17)/('3-Balanço'!H51+'3-Balanço'!H60) -> 0.9905882 | I42: =('3-Balanço'!I15+'3-Balanço'!I17)/('3-Balanço'!I51+'3-Balanço'!I60) -> 0.86599427 | J42: =('3-Balanço'!J15+'3-Balanço'!J17)/('3-Balanço'!J51+'3-Balanço'!J60) -> 0.79109667 | K42: =('3-Balanço'!K15+'3-Balanço'!K17)/('3-Balanço'!K51+'3-Balanço'!K60) -> 0.83610199 | ... Q42: =('3-Balanço'!Q15+'3-Balanço'!Q17)/('3-Balanço'!Q51+'3-Balanço'!Q60) -> 4.0620063
C43: Ativo Total (AT) | D43: ='3-Balanço'!D38 -> 15715 | E43: ='3-Balanço'!E38 -> 17522.749 | F43: ='3-Balanço'!F38 -> 19491.881 | G43: ='3-Balanço'!G38 -> 22208.378 | H43: ='3-Balanço'!H38 -> 25568.404 | I43: ='3-Balanço'!I38 -> 25670.931 | J43: ='3-Balanço'!J38 -> 28159.261 | K43: ='3-Balanço'!K38 -> 31405.579 | ... Q43: ='3-Balanço'!Q38 -> 63627.023
C44: Patrimônio Líquido (PL) | D44: ='3-Balanço'!D74 -> 7391 | E44: ='3-Balanço'!E74 -> 9052.5432 | F44: ='3-Balanço'!F74 -> 10573.144 | G44: ='3-Balanço'!G74 -> 12500.445 | H44: ='3-Balanço'!H74 -> 14805.72 | I44: ='3-Balanço'!I74 -> 16633.534 | J44: ='3-Balanço'!J74 -> 18542.554 | K44: ='3-Balanço'!K74 -> 21319.337 | ... Q44: ='3-Balanço'!Q74 -> 55631.052
C45: Dívidas Bancárias (DB) | D45: ='3-Balanço'!D46+'3-Balanço'!D47+'3-Balanço'!D55 -> 4018 | E45: ='3-Balanço'!E46+'3-Balanço'!E47+'3-Balanço'!E55 -> 4104 | F45: ='3-Balanço'!F46+'3-Balanço'!F47+'3-Balanço'!F55 -> 4395 | G45: ='3-Balanço'!G46+'3-Balanço'!G47+'3-Balanço'!G55 -> 5011 | H45: ='3-Balanço'!H46+'3-Balanço'!H47+'3-Balanço'!H55 -> 5883 | I45: ='3-Balanço'!I46+'3-Balanço'!I47+'3-Balanço'!I55 -> 3947.6 | J45: ='3-Balanço'!J46+'3-Balanço'!J47+'3-Balanço'!J55 -> 4287 | K45: ='3-Balanço'!K46+'3-Balanço'!K47+'3-Balanço'!K55 -> 4621.2 | ... Q45: ='3-Balanço'!Q46+'3-Balanço'!Q47+'3-Balanço'!Q55 -> 1055.6
C46: Faturamento Líquido (ROL) | D46: ='4-DRE'!B22 -> 8066 | E46: ='4-DRE'!C22 -> 9298.0493 | F46: ='4-DRE'!D22 -> 10718.289 | G46: ='4-DRE'!E22 -> 12355.465 | H46: ='4-DRE'!F22 -> 14242.713 | I46: ='4-DRE'!G22 -> 16418.231 | J46: ='4-DRE'!H22 -> 18926.05 | K46: ='4-DRE'!I22 -> 21816.928 | ... Q46: ='4-DRE'!O22 -> 51191.206
C47: Capital Circulante Líquido | D47: ='3-Balanço'!D15-'3-Balanço'!D51 -> 1435 | E47: ='3-Balanço'!E15-'3-Balanço'!E51 -> 1952.6432 | F47: ='3-Balanço'!F15-'3-Balanço'!F51 -> 2719.4942 | G47: ='3-Balanço'!G15-'3-Balanço'!G51 -> 4685.4097 | H47: ='3-Balanço'!H15-'3-Balanço'!H51 -> 5820.5018 | I47: ='3-Balanço'!I15-'3-Balanço'!I51 -> 4058.7932 | J47: ='3-Balanço'!J15-'3-Balanço'!J51 -> 3611.7394 | K47: ='3-Balanço'!K15-'3-Balanço'!K51 -> 4304.4107 | ... Q47: ='3-Balanço'!Q15-'3-Balanço'!Q51 -> 24958.091
C48: Necessidade de Cap. De Giro - NCG (*) | D48: ='3-Balanço'!D9+'3-Balanço'!D11-'3-Balanço'!D43-'3-Balanço'!D44 -> 1048 | E48: ='3-Balanço'!E9+'3-Balanço'!E11-'3-Balanço'!E43-'3-Balanço'!E44 -> 2172.7565 | F48: ='3-Balanço'!F9+'3-Balanço'!F11-'3-Balanço'!F43-'3-Balanço'!F44 -> 2533.7836 | G48: ='3-Balanço'!G9+'3-Balanço'!G11-'3-Balanço'!G43-'3-Balanço'!G44 -> 2900.9462 | H48: ='3-Balanço'!H9+'3-Balanço'!H11-'3-Balanço'!H43-'3-Balanço'!H44 -> 3294.1446 | I48: ='3-Balanço'!I9+'3-Balanço'!I11-'3-Balanço'!I43-'3-Balanço'!I44 -> 3748.53 | J48: ='3-Balanço'!J9+'3-Balanço'!J11-'3-Balanço'!J43-'3-Balanço'!J44 -> 4270.3368 | K48: ='3-Balanço'!K9+'3-Balanço'!K11-'3-Balanço'!K43-'3-Balanço'!K44 -> 4340.5381 | ... Q48: ='3-Balanço'!Q9+'3-Balanço'!Q11-'3-Balanço'!Q43-'3-Balanço'!Q44 -> 6205.9593
C49: Lucro Operacional (LO) | D49: ='4-DRE'!B43 -> 3003 | E49: ='4-DRE'!C43 -> 3926.7242 | F49: ='4-DRE'!D43 -> 4532.7615 | G49: ='4-DRE'!E43 -> 5184.2603 | H49: ='4-DRE'!F43 -> 6082.6992 | I49: ='4-DRE'!G43 -> 7330.3021 | J49: ='4-DRE'!H43 -> 8389.0451 | K49: ='4-DRE'!I43 -> 10497.894 | ... Q49: ='4-DRE'!O43 -> 34534.822
C50: Lucro Líquido (LL) | D50: ='4-DRE'!B53 -> 2573 | E50: ='4-DRE'!C53 -> 2948.0432 | F50: ='4-DRE'!D53 -> 2994.6226 | G50: ='4-DRE'!E53 -> 3424.6118 | H50: ='4-DRE'!F53 -> 4017.5815 | I50: ='4-DRE'!G53 -> 4840.9994 | J50: ='4-DRE'!H53 -> 5539.7698 | K50: ='4-DRE'!I53 -> 6931.6101 | ... Q50: ='4-DRE'!O53 -> 22795.982
C51: EBITDA | D51: ='4-DRE'!B35 -> 3522 | E51: ='4-DRE'!C35 -> 4275.7767 | F51: ='4-DRE'!D35 -> 5057.5989 | G51: ='4-DRE'!E35 -> 5806.76 | H51: ='4-DRE'!F35 -> 6668.3271 | I51: ='4-DRE'!G35 -> 7828.3101 | J51: ='4-DRE'!H35 -> 9274.2604 | K51: ='4-DRE'!I35 -> 11685.351 | ... Q51: ='4-DRE'!O35 -> 35392.116
C52: EBIT | D52: ='4-DRE'!B37 -> 3123 | E52: ='4-DRE'!C37 -> 3635.1767 | F52: ='4-DRE'!D37 -> 4316.9989 | G52: ='4-DRE'!E37 -> 4966.16 | H52: ='4-DRE'!F37 -> 5752.7271 | I52: ='4-DRE'!G37 -> 6837.7101 | J52: ='4-DRE'!H37 -> 8092.1604 | K52: ='4-DRE'!I37 -> 10311.751 | ... Q52: ='4-DRE'!O37 -> 32869.516
C53: Autogeração (AG) | D53: ='4-DRE'!B53-'4-DRE'!B49-'4-DRE'!B48-'4-DRE'!B40-'4-DRE'!B36 -> 2588 | E53: ='4-DRE'!C53-'4-DRE'!C49-'4-DRE'!C48-'4-DRE'!C40-'4-DRE'!C36 -> 3204.6432 | F53: ='4-DRE'!D53-'4-DRE'!D49-'4-DRE'!D48-'4-DRE'!D40-'4-DRE'!D36 -> 3351.2226 | G53: ='4-DRE'!E53-'4-DRE'!E49-'4-DRE'!E48-'4-DRE'!E40-'4-DRE'!E36 -> 3881.2118 | H53: ='4-DRE'!F53-'4-DRE'!F49-'4-DRE'!F48-'4-DRE'!F40-'4-DRE'!F36 -> 4549.1815 | I53: ='4-DRE'!G53-'4-DRE'!G49-'4-DRE'!G48-'4-DRE'!G40-'4-DRE'!G36 -> 5447.5994 | J53: ='4-DRE'!H53-'4-DRE'!H49-'4-DRE'!H48-'4-DRE'!H40-'4-DRE'!H36 -> 6337.8698 | K53: ='4-DRE'!I53-'4-DRE'!I49-'4-DRE'!I48-'4-DRE'!I40-'4-DRE'!I36 -> 7921.2101 | ... Q53: ='4-DRE'!O53-'4-DRE'!O49-'4-DRE'!O48-'4-DRE'!O40-'4-DRE'!O36 -> 24934.582
C55: ROIC | E55: ='4-DRE'!C37/('3-Balanço'!E74+'3-Balanço'!E55+'3-Balanço'!E46) -> 0.27630181 | F55: ='4-DRE'!D37/('3-Balanço'!F74+'3-Balanço'!F55+'3-Balanço'!F46) -> 0.28841244 | G55: ='4-DRE'!E37/('3-Balanço'!G74+'3-Balanço'!G55+'3-Balanço'!G46) -> 0.28359511 | H55: ='4-DRE'!F37/('3-Balanço'!H74+'3-Balanço'!H55+'3-Balanço'!H46) -> 0.27806104 | I55: ='4-DRE'!G37/('3-Balanço'!I74+'3-Balanço'!I55+'3-Balanço'!I46) -> 0.33223195 | J55: ='4-DRE'!H37/('3-Balanço'!J74+'3-Balanço'!J55+'3-Balanço'!J46) -> 0.35445986 | K55: ='4-DRE'!I37/('3-Balanço'!K74+'3-Balanço'!K55+'3-Balanço'!K46) -> 0.39751494 | L55: ='4-DRE'!J37/('3-Balanço'!L74+'3-Balanço'!L55+'3-Balanço'!L46) -> 0.44081615 | ... Q55: ='4-DRE'!O37/('3-Balanço'!Q74+'3-Balanço'!Q55+'3-Balanço'!Q46) -> 0.57984577

Sheet 7-Cálculos
B1: Voltar índice
B2: Cálculos e Índices
C4: =+'3-Balanço'!D5 -> 42004 | D4: =+'3-Balanço'!E5 -> 42369 | E4: =+'3-Balanço'!F5 -> 42735 | F4: =+'3-Balanço'!G5 -> 43100 | G4: =+'3-Balanço'!H5 -> 43465 | H4: =+'3-Balanço'!I5 -> 43830 | I4: =+'3-Balanço'!J5 -> 44196 | J4: =+'3-Balanço'!K5 -> 44561 | ... P4: =+'3-Balanço'!Q5 -> 46752
B6: Rm | C6: 0.1781 | D6: 0.21 | E6: 0.171 | F6: 0.17 | G6: 0.16 | H6: 0.15 | I6: 0.138 | J6: 0.135 | K6: =J6 -> 0.135 | L6: =K6 -> 0.135 | M6: =L6 -> 0.135 | N6: =M6 -> 0.135 | O6: =N6 -> 0.135 | P6: =O6 -> 0.135
B7: Rf | C7: 0.1625 | D7: 0.189 | E7: =E6-$G$3 -> 0.171 | F7: =F6-$G$3 -> 0.17 | G7: =G6-$G$3 -> 0.16 | H7: =H6-$G$3 -> 0.15 | I7: =I6-$G$3 -> 0.138 | J7: =J6-$G$3 -> 0.135 | K7: =K6-$G$3 -> 0.135 | L7: =L6-$G$3 -> 0.135 | ... P7: =P6-$G$3 -> 0.135
B8: Prêmio | C8: =C6-C7 -> 0.0156 | D8: =D6-D7 -> 0.021 | E8: =E6-E7 -> 0 | F8: =F6-F7 -> 0 | G8: =G6-G7 -> 0 | H8: =H6-H7 -> 0 | I8: =I6-I7 -> 0 | J8: =J6-J7 -> 0 | ... P8: =P6-P7 -> 0
B9: Ij | C9: 0.074460976 | D9: =C9-0.0005 -> 0.073960976 | E9: =D9-0.0005 -> 0.073460976 | F9: =E9-0.0005 -> 0.072960976 | G9: =F9-0.0005 -> 0.072460976 | H9: =G9-0.0005 -> 0.071960976 | I9: =H9-0.0005 -> 0.071460976 | J9: =I9-0.0005 -> 0.070960976 | K9: =J9-0.0005 -> 0.070460976 | ... P9: =O9-0.0005 -> 0.067960976
B10: E | C10: ='2-Premissas'!G80/1000000 -> 31217.083 | D10: =+C10+'3-Balanço'!E74-'3-Balanço'!D74 -> 32878.627 | E10: =+D10+'3-Balanço'!F74-'3-Balanço'!E74 -> 34399.228 | F10: =+E10+'3-Balanço'!G74-'3-Balanço'!F74 -> 36326.528 | G10: =+F10+'3-Balanço'!H74-'3-Balanço'!G74 -> 38631.804 | H10: =+G10+'3-Balanço'!I74-'3-Balanço'!H74 -> 40459.617 | I10: =+H10+'3-Balanço'!J74-'3-Balanço'!I74 -> 42368.637 | J10: =+I10+'3-Balanço'!K74-'3-Balanço'!J74 -> 45145.42 | K10: =+J10+'3-Balanço'!L74-'3-Balanço'!K74 -> 48632.405 | ... P10: =+O10+'3-Balanço'!Q74-'3-Balanço'!P74 -> 79457.136
B11: D | C11: =-SUM('9-Financiamentos'!C34:$T$34) -> 4018 | D11: =-SUM('9-Financiamentos'!D34:$T$34) -> 4104 | E11: =-SUM('9-Financiamentos'!E34:$T$34) -> 4395 | F11: =-SUM('9-Financiamentos'!F34:$T$34) -> 5011 | G11: =-SUM('9-Financiamentos'!G34:$T$34) -> 5883 | H11: =-SUM('9-Financiamentos'!H34:$T$34) -> 3947.6 | I11: =-SUM('9-Financiamentos'!I34:$T$34) -> 4287 | J11: =-SUM('9-Financiamentos'!J34:$T$34) -> 4621.2 | ... P11: =-SUM('9-Financiamentos'!P34:$T$34) -> 1055.6
B12: VPL | C12: =-NPV(C9,'9-Financiamentos'!C32:$T$32) -> 9581.2863
B13: E/(D + E) | C13: =C10/(C10+C11) -> 0.88596593 | D13: =D10/(D10+D11) -> 0.88902897 | E13: =E10/(E10+E11) -> 0.88670995 | F13: =F10/(F10+F11) -> 0.87877843 | G13: =G10/(G10+G11) -> 0.86784172 | H13: =H10/(H10+H11) -> 0.91110454 | I13: =I10/(I10+I11) -> 0.908114 | J13: =J10/(J10+J11) -> 0.90714258 | ... P13: =P10/(P10+P11) -> 0.98688903
B14: D/(D + E) | C14: =C11/(C10+C11) -> 0.11403407 | D14: =D11/(D10+D11) -> 0.11097103 | E14: =E11/(E10+E11) -> 0.11329005 | F14: =F11/(F10+F11) -> 0.12122157 | G14: =G11/(G10+G11) -> 0.13215828 | H14: =H11/(H10+H11) -> 0.08889546 | I14: =I11/(I10+I11) -> 0.091886003 | J14: =J11/(J10+J11) -> 0.092857421 | ... P14: =P11/(P10+P11) -> 0.013110969
B15: bu | C15: =$C$16/(1+(C11/C10*(1-'2-Premissas'!C47))) -> 0.82058583
B16: bl | C16: 0.8998 | D16: =$C$15*(1+'7-Cálculos'!D11/'7-Cálculos'!D10*(1-'2-Premissas'!D47)) -> 0.88818815 | E16: =$C$15*(1+'7-Cálculos'!E11/'7-Cálculos'!E10*(1-'2-Premissas'!E47)) -> 0.88978137 | F16: =$C$15*(1+'7-Cálculos'!F11/'7-Cálculos'!F10*(1-'2-Premissas'!F47)) -> 0.89529406 | G16: =$C$15*(1+'7-Cálculos'!G11/'7-Cálculos'!G10*(1-'2-Premissas'!G47)) -> 0.90306073 | H16: =$C$15*(1+'7-Cálculos'!H11/'7-Cálculos'!H10*(1-'2-Premissas'!H47)) -> 0.87342784 | I16: =$C$15*(1+'7-Cálculos'!I11/'7-Cálculos'!I10*(1-'2-Premissas'!I47)) -> 0.87538537 | J16: =$C$15*(1+'7-Cálculos'!J11/'7-Cálculos'!J10*(1-'2-Premissas'!J47)) -> 0.87602402 | K16: =$C$15*(1+'7-Cálculos'!K11/'7-Cálculos'!K10*(1-'2-Premissas'!K47)) -> 0.87094878 | ... P16: =$C$15*(1+'7-Cálculos'!P11/'7-Cálculos'!P10*(1-'2-Premissas'!P47)) -> 0.83148743
B17: Ke | C17: =C7+C16*(C6-C7) -> 0.17653688 | D17: =D7+D16*(D6-D7) -> 0.20765195 | E17: =E7+E16*(E6-E7) -> 0.171 | F17: =F7+F16*(F6-F7) -> 0.17 | G17: =G7+G16*(G6-G7) -> 0.16 | H17: =H7+H16*(H6-H7) -> 0.15 | I17: =I7+I16*(I6-I7) -> 0.138 | J17: =J7+J16*(J6-J7) -> 0.135 | ... P17: =P7+P16*(P6-P7) -> 0.135
B18: Kd | C18: =C9*(1-'2-Premissas'!C47) -> 0.055845732 | D18: =D9*(1-'2-Premissas'!C47) -> 0.055470732 | E18: =E9*(1-'2-Premissas'!D47) -> 0.048484244 | F18: =F9*(1-'2-Premissas'!E47) -> 0.048154244 | G18: =G9*(1-'2-Premissas'!F47) -> 0.047824244 | H18: =H9*(1-'2-Premissas'!G47) -> 0.047494244 | I18: =I9*(1-'2-Premissas'!H47) -> 0.047164244 | J18: =J9*(1-'2-Premissas'!I47) -> 0.046834244 | K18: =K9*(1-'2-Premissas'!J47) -> 0.046504244 | ... P18: =P9*(1-'2-Premissas'!O47) -> 0.044854244
B19: WACC | C19: =C17*C13+C18*C14 -> 0.16277398 | D19: =D17*D13+D18*D14 -> 0.19076425 | E19: =E17*E13+E18*E14 -> 0.15712018 | F19: =F17*F13+F18*F14 -> 0.15522967 | G19: =G17*G13+G18*G14 -> 0.14517504 | H19: =H17*H13+H18*H14 -> 0.1408877 | I19: =I17*I13+I18*I14 -> 0.12965347 | J19: =J17*J13+J18*J14 -> 0.12681316 | ... P19: =P17*P13+P18*P14 -> 0.1338181
B21: PIB | C21: 0.051 | D21: 0.035 | E21: 0.04 | F21: 0.04 | G21: 0.04 | H21: 0.038 | I21: 0.035 | J21: 0.03 | K21: =J21 -> 0.03 | L21: =K21 -> 0.03 | M21: =L21 -> 0.03 | N21: =M21 -> 0.03 | O21: =N21 -> 0.03 | P21: =O21 -> 0.03
B22: IPCA | C22: 0.076 | D22: 0.06 | E22: 0.055 | F22: 0.05 | G22: 0.045 | H22: 0.035 | I22: =H22 -> 0.035 | J22: =I22 -> 0.035 | K22: =J22 -> 0.035 | L22: =K22 -> 0.035 | M22: =L22 -> 0.035 | N22: =M22 -> 0.035 | O22: =N22 -> 0.035 | P22: =O22 -> 0.035
B23: Dólar | C23: 2.65 | D23: 2.5 | E23: 2.9 | F23: 3.1 | G23: 3.2 | H23: =G23*H22+G23 -> 3.312 | I23: =H23*I22+H23 -> 3.42792 | J23: =I23*J22+I23 -> 3.5478972 | K23: =J23*K22+J23 -> 3.6720736 | L23: =K23*L22+K23 -> 3.8005962 | M23: =L23*M22+L23 -> 3.933617 | N23: =M23*N22+M23 -> 4.0712936 | O23: =N23*O22+N23 -> 4.2137889 | P23: =O23*P22+O23 -> 4.3612715

Sheet 8-Investimentos
B1: Voltar índice
B3: Investimentos
C5: =+'3-Balanço'!E5 -> 42369 | D5: =+'3-Balanço'!F5 -> 42735 | E5: =+'3-Balanço'!G5 -> 43100 | F5: =+'3-Balanço'!H5 -> 43465 | G5: =+'3-Balanço'!I5 -> 43830 | H5: =+'3-Balanço'!J5 -> 44196 | I5: =+'3-Balanço'!K5 -> 44561 | J5: =+'3-Balanço'!L5 -> 44926 | ... O5: =+'3-Balanço'!Q5 -> 46752 | P5: Total
B7: Operacional
B8: Minerais ferrosos | C8: 1266 | D8: 478 | E8: =606+100 -> 706 | F8: =410+120 -> 530 | H8: 100 | P8: =SUM(C8:O8) -> 3080
B9: Minerais não ferrosos | C9: 303 | D9: 658.2 | E9: 234 | F9: =219.4-15 -> 204.4 | G9: 500 | H9: =180+300 -> 480 | P9: =SUM(C9:O9) -> 2379.6
B10: Serviços de logística | C10: 760 | P10: =SUM(C10:O10) -> 760
B11: Produtos de alumínio | C11: 537 | D11: 290 | E11: 300 | F11: 280 | G11: 280 | P11: =SUM(C11:O11) -> 1687
B12: Carvão | C12: 136 | D12: 20 | G12: 843 | P12: =SUM(C12:O12) -> 999
B13: Energia Elétrica | C13: 109 | D13: 100 | G13: 150 | P13: =SUM(C13:O13) -> 359
B14: Outros produtos e serviços | C14: 221 | P14: =SUM(C14:O14) -> 221
P15: =SUM(C15:O15) -> 0
B16: Projetos em Siderúrgicas | E16: 50 | F16: 200 | G16: 150 | H16: 150 | P16: =SUM(C16:O16) -> 550
P17: =SUM(C17:O17) -> 0
B18: Projetos em Ref. Alumina (Chalco) | E18: 1000 | P18: =SUM(C18:O18) -> 1000
B19: Manutenções | P19: =SUM(C19:O19) -> 0
P20: =SUM(C20:O20) -> 0
P21: =SUM(C21:O21) -> 0
P22: =SUM(C22:O22) -> 0
C23: 2969.5451 | D23: 2969.5451 | E23: 2969.5451 | F23: 2969.5451 | G23: 2969.5451 | H23: 2969.5451 | I23: 2969.5451 | J23: 2969.5451 | K23: 2969.5451 | L23: 2969.5451 | M23: 2969.5451 | N23: 2969.5451 | O23: =SUM(O7:O22) -> 0 | P23: =SUM(P7:P22) -> 11035.6
B27: S/ EBITDA | C27: 0 | D27: 0.05 | E27: 0.05 | F27: =E27 -> 0.05 | G27: =F27 -> 0.05 | H27: 0.1 | I27: 0.2 | J27: 0.2 | K27: 0.2 | L27: 0.2 | M27: =L27 -> 0.2 | N27: =M27 -> 0.2 | O27: =N27 -> 0.2
C28: ='4-DRE'!C35*C27 -> 0 | D28: ='4-DRE'!D35*D27 -> 252.87995 | E28: ='4-DRE'!E35*E27 -> 290.338 | F28: ='4-DRE'!F35*F27 -> 333.41635 | G28: ='4-DRE'!G35*G27 -> 391.4155 | H28: ='4-DRE'!G35*H27 -> 782.83101 | I28: ='4-DRE'!H35*I27 -> 1854.8521 | J28: ='4-DRE'!I35*J27 -> 2337.0702 | K28: ='4-DRE'!J35*K27 -> 2898.7348 | L28: ='4-DRE'!K35*L27 -> 3500.7718 | M28: ='4-DRE'!L35*M27 -> 4202.1242 | N28: ='4-DRE'!M35*N27 -> 5019.0917 | O28: ='4-DRE'!N35*O27 -> 5970.5634
C30: =AS!D9 -> 3830 | D30: =C30 -> 3830 | E30: =D30 -> 3830 | F30: =E30 -> 3830 | G30: =F30 -> 3830 | H30: =G30 -> 3830 | I30: =H30 -> 3830 | J30: =I30 -> 3830 | K30: =J30 -> 3830 | ... O30: =N30 -> 3830

Sheet 9-Financiamentos
B1: Voltar índice
C4: =+'3-Balanço'!E5 -> 42369 | D4: =+'3-Balanço'!F5 -> 42735 | E4: =+'3-Balanço'!G5 -> 43100 | F4: =+'3-Balanço'!H5 -> 43465 | G4: =+'3-Balanço'!I5 -> 43830 | H4: =+'3-Balanço'!J5 -> 44196 | I4: =+'3-Balanço'!K5 -> 44561 | J4: =+'3-Balanço'!L5 -> 44926 | ... O4: =+'3-Balanço'!Q5 -> 46752 | P4: =YEAR(O4+1) -> 2028 | Q4: =+P4+1 -> 2029 | R4: =+Q4+1 -> 2030 | S4: =+R4+1 -> 2031 | T4: Total
B6: Captação
B7: Empréstimos e financiamentos Curto Prazo
B8: Empréstimos e financiamentos de longo prazo | C8: 890 | D8: 987 | E8: 1121 | F8: 1321 | H8: 1121 | I8: 1198 | J8: 765 | K8: 850 | T8: =SUM(C8:S8) -> 8253
B9: Juros sobre o capital próprio pagos a acionistas
B10: Total Captação | C10: =SUM(C7:C9) -> 890 | D10: =SUM(D7:D9) -> 987 | E10: =SUM(E7:E9) -> 1121 | F10: =SUM(F7:F9) -> 1321 | G10: =SUM(G7:G9) -> 0 | H10: =SUM(H7:H9) -> 1121 | I10: =SUM(I7:I9) -> 1198 | J10: =SUM(J7:J9) -> 765 | ... T10: =SUM(T7:T9) -> 8253
B13: Taxa de Juros | C13: ='7-Cálculos'!D9 -> 0.073960976 | D13: ='7-Cálculos'!E9 -> 0.073460976 | E13: ='7-Cálculos'!F9 -> 0.072960976 | F13: ='7-Cálculos'!G9 -> 0.072460976 | G13: ='7-Cálculos'!H9 -> 0.071960976 | H13: ='7-Cálculos'!I9 -> 0.071460976 | I13: ='7-Cálculos'!J9 -> 0.070960976 | J13: ='7-Cálculos'!K9 -> 0.070460976 | ... S13: ='7-Cálculos'!T9 -> 0 | T13: ='7-Cálculos'!Z9 -> 0
B16: Amortizações
B17: Empréstimos e financiamentos Curto Prazo | C17: =-(730+74) -> -804
B18: 38717 | F18: =-$C$8*20% -> -178 | G18: =-$C$8*20% -> -178 | H18: =-$C$8*20% -> -178 | I18: =-$C$8*20% -> -178 | J18: =-$C$8*20% -> -178 | T18: =SUM(C18:S18) -> -890
B19: 39082 | G19: =-$D$8*20% -> -197.4 | H19: =-$D$8*20% -> -197.4 | I19: =-$D$8*20% -> -197.4 | J19: =-$D$8*20% -> -197.4 | K19: =-$D$8*20% -> -197.4 | T19: =SUM(C19:S19) -> -987
B20: 39447 | H20: =-$E$8*20% -> -224.2 | I20: =-$E$8*20% -> -224.2 | J20: =-$E$8*20% -> -224.2 | K20: =-$E$8*20% -> -224.2 | L20: =-$E$8*20% -> -224.2 | T20: =SUM(C20:S20) -> -1121
B21: 39813 | I21: =-$F$8*20% -> -264.2 | J21: =-$F$8*20% -> -264.2 | K21: =-$F$8*20% -> -264.2 | L21: =-$F$8*20% -> -264.2 | M21: =-$F$8*20% -> -264.2 | T21: =SUM(C21:S21) -> -1321
B22: 40178 | J22: =-$G$8*20% -> 0 | K22: =-$G$8*20% -> 0 | L22: =-$G$8*20% -> 0 | M22: =-$G$8*20% -> 0 | N22: =-$G$8*20% -> 0 | T22: =SUM(C22:S22) -> 0
B23: 40543 | K23: =-$H$8*20% -> -224.2 | L23: =-$H$8*20% -> -224.2 | M23: =-$H$8*20% -> -224.2 | N23: =-$H$8*20% -> -224.2 | O23: =-$H$8*20% -> -224.2 | T23: =SUM(C23:S23) -> -1121
B24: 40908 | L24: =-$I$8*20% -> -239.6 | M24: =-$I$8*20% -> -239.6 | N24: =-$I$8*20% -> -239.6 | O24: =-$I$8*20% -> -239.6 | P24: =-$I$8*20% -> -239.6 | T24: =SUM(C24:S24) -> -1198
B25: 41274 | M25: =-$J$8*20% -> -153 | N25: =-$J$8*20% -> -153 | O25: =-$J$8*20% -> -153 | P25: =-$J$8*20% -> -153 | Q25: =-$J$8*20% -> -153 | T25: =SUM(C25:S25) -> -765
B26: 41639 | N26: =-$K$8*20% -> -170 | O26: =-$K$8*20% -> -170 | P26: =-$K$8*20% -> -170 | Q26: =-$K$8*20% -> -170 | R26: =-$K$8*20% -> -170 | T26: =SUM(C26:S26) -> -850
B27: 42004 | O27: =-$L$8*20% -> 0 | P27: =-$L$8*20% -> 0 | Q27: =-$L$8*20% -> 0 | R27: =-$L$8*20% -> 0 | S27: =-$L$8*20% -> 0 | T27: =SUM(C27:S27) -> 0
B29: Empréstimos e financiamentos de longo prazo | D29: -696 | E29: -505 | F29: -271 | G29: -1560 | H29: -182
B32: Total Amortizações | C32: =SUM(C17:C31) -> -804 | D32: =SUM(D17:D31) -> -696 | E32: =SUM(E17:E31) -> -505 | F32: =SUM(F17:F31) -> -449 | G32: =SUM(G17:G31) -> -1935.4 | H32: =SUM(H17:H31) -> -781.6 | I32: =SUM(I17:I31) -> -863.8 | J32: =SUM(J17:J31) -> -863.8 | ... T32: =SUM(T17:T31) -> -8253
B34: Total Líquido | C34: =C10+C32 -> 86 | D34: =D10+D32 -> 291 | E34: =E10+E32 -> 616 | F34: =F10+F32 -> 872 | G34: =G10+G32 -> -1935.4 | H34: =H10+H32 -> 339.4 | I34: =I10+I32 -> 334.2 | J34: =J10+J32 -> -98.8 | ... T34: =T10+T32 -> 0

Sheet 10-FCLE
B1: Voltar índice
B2: Fluxo de Caixa da Empresa
C4: =+'3-Balanço'!E5 -> 42369 | D4: =+'3-Balanço'!F5 -> 42735 | E4: =+'3-Balanço'!G5 -> 43100 | F4: =+'3-Balanço'!H5 -> 43465 | G4: =+'3-Balanço'!I5 -> 43830 | H4: =+'3-Balanço'!J5 -> 44196 | I4: =+'3-Balanço'!K5 -> 44561 | J4: =+'3-Balanço'!L5 -> 44926 | ... O4: =+'3-Balanço'!Q5 -> 46752 | P4: 43465 | Q4: 43830 | R4: 44196 | S4: 44561 | T4: 44926 | U4: 45291 | V4: 45657 | W4: 46022 | X4: 46387 | Y4: 46752
B6: EBIT * (1 - IR) | C6: ='4-DRE'!C37*(1-'2-Premissas'!C47) -> 2726.3825 | D6: ='4-DRE'!D37*(1-'2-Premissas'!D47) -> 2849.2193 | E6: ='4-DRE'!E37*(1-'2-Premissas'!E47) -> 3277.6656 | F6: ='4-DRE'!F37*(1-'2-Premissas'!F47) -> 3796.7999 | G6: ='4-DRE'!G37*(1-'2-Premissas'!G47) -> 4512.8886 | H6: ='4-DRE'!H37*(1-'2-Premissas'!H47) -> 5340.8259 | I6: ='4-DRE'!I37*(1-'2-Premissas'!I47) -> 6805.7555 | J6: ='4-DRE'!J37*(1-'2-Premissas'!J47) -> 8532.8589 | ... O6: ='4-DRE'!O37*(1-'2-Premissas'!O47) -> 21693.88 | P6: ='4-DRE'!#REF!*(1-'2-Premissas'!#REF!) -> #REF! | Q6: ='4-DRE'!#REF!*(1-'2-Premissas'!#REF!) -> #REF! | R6: ='4-DRE'!#REF!*(1-'2-Premissas'!#REF!) -> #REF! | S6: ='4-DRE'!#REF!*(1-'2-Premissas'!#REF!) -> #REF! | T6: ='4-DRE'!#REF!*(1-'2-Premissas'!#REF!) -> #REF! | U6: ='4-DRE'!#REF!*(1-'2-Premissas'!#REF!) -> #REF! | V6: ='4-DRE'!#REF!*(1-'2-Premissas'!#REF!) -> #REF! | W6: ='4-DRE'!#REF!*(1-'2-Premissas'!#REF!) -> #REF! | ... Y6: ='4-DRE'!#REF!*(1-'2-Premissas'!#REF!) -> #REF!
B7: (+) Depreciação | C7: =-'4-DRE'!C36 -> 640.6 | D7: =-'4-DRE'!D36 -> 740.6 | E7: =-'4-DRE'!E36 -> 840.6 | F7: =-'4-DRE'!F36 -> 915.6 | G7: =-'4-DRE'!G36 -> 990.6 | H7: =-'4-DRE'!H36 -> 1182.1 | I7: =-'4-DRE'!I36 -> 1373.6 | J7: =-'4-DRE'!J36 -> 1565.1 | ... O7: =-'4-DRE'!O36 -> 2522.6 | P7: =-'4-DRE'!#REF! -> #REF! | Q7: =-'4-DRE'!#REF! -> #REF! | R7: =-'4-DRE'!#REF! -> #REF! | S7: =-'4-DRE'!#REF! -> #REF! | T7: =-'4-DRE'!#REF! -> #REF! | U7: =-'4-DRE'!#REF! -> #REF! | V7: =-'4-DRE'!#REF! -> #REF! | W7: =-'4-DRE'!#REF! -> #REF! | ... Y7: =-'4-DRE'!#REF! -> #REF!
B8: (-) Investimento de capital | C8: =-'2-Premissas'!C70 -> -2000 | D8: =-'2-Premissas'!D70 -> -2000 | E8: =-'2-Premissas'!E70 -> -1500 | F8: =-'2-Premissas'!F70 -> -1500 | G8: =-'2-Premissas'!G70 -> -3830 | H8: =-'2-Premissas'!H70 -> -3830 | I8: =-'2-Premissas'!I70 -> -3830 | J8: =-'2-Premissas'!J70 -> -3830 | ... O8: =-'2-Premissas'!O70 -> -3830 | P8: =-'2-Premissas'!#REF! -> #REF! | Q8: =-'2-Premissas'!#REF! -> #REF! | R8: =-'2-Premissas'!#REF! -> #REF! | S8: =-'2-Premissas'!#REF! -> #REF! | T8: =-'2-Premissas'!#REF! -> #REF! | U8: =-'2-Premissas'!#REF! -> #REF! | V8: =-'2-Premissas'!#REF! -> #REF! | W8: =-'2-Premissas'!#REF! -> #REF! | ... Y8: =-'2-Premissas'!#REF! -> #REF!
B9: (-) D NCG | C9: ='5-FC'!C18 -> -1124.7565 | D9: ='5-FC'!D18 -> -361.0271 | E9: ='5-FC'!E18 -> -367.16255 | F9: ='5-FC'!F18 -> -393.19844 | G9: ='5-FC'!G18 -> -454.3854 | H9: ='5-FC'!H18 -> -521.80683 | I9: ='5-FC'!I18 -> -70.20121 | J9: ='5-FC'!J18 -> -58.547379 | ... O9: ='5-FC'!O18 -> -460.5917 | P9: ='5-FC'!#REF! -> #REF! | Q9: ='5-FC'!#REF! -> #REF! | R9: ='5-FC'!#REF! -> #REF! | S9: ='5-FC'!#REF! -> #REF! | T9: ='5-FC'!#REF! -> #REF! | U9: ='5-FC'!#REF! -> #REF! | V9: ='5-FC'!#REF! -> #REF! | W9: ='5-FC'!#REF! -> #REF! | ... Y9: ='5-FC'!#REF! -> #REF!
B10: Fluxo de Caixa Livre | C10: =SUM(C6:C9) -> 242.22598 | D10: =SUM(D6:D9) -> 1228.7922 | E10: =SUM(E6:E9) -> 2251.1031 | F10: =SUM(F6:F9) -> 2819.2014 | G10: =SUM(G6:G9) -> 1219.1032 | H10: =SUM(H6:H9) -> 2171.119 | I10: =SUM(I6:I9) -> 4279.1543 | J10: =SUM(J6:J9) -> 6209.4115 | ... Y10: =SUM(Y6:Y9) -> #REF!
B13: WACC | C13: ='7-Cálculos'!D19 -> 0.19076425 | D13: ='7-Cálculos'!E19 -> 0.15712018 | E13: ='7-Cálculos'!F19 -> 0.15522967 | F13: ='7-Cálculos'!G19 -> 0.14517504 | G13: ='7-Cálculos'!H19 -> 0.1408877 | H13: ='7-Cálculos'!I19 -> 0.12965347 | I13: ='7-Cálculos'!J19 -> 0.12681316 | J13: ='7-Cálculos'!K19 -> 0.1274708 | ... O13: ='7-Cálculos'!P19 -> 0.1338181 | P13: ='7-Cálculos'!#REF! -> #REF! | Q13: ='7-Cálculos'!#REF! -> #REF! | R13: ='7-Cálculos'!#REF! -> #REF! | S13: ='7-Cálculos'!#REF! -> #REF! | T13: ='7-Cálculos'!#REF! -> #REF! | U13: ='7-Cálculos'!#REF! -> #REF! | V13: ='7-Cálculos'!#REF! -> #REF! | W13: ='7-Cálculos'!#REF! -> #REF! | ... Y13: ='7-Cálculos'!#REF! -> #REF!
B14: WACC Acumulado | C14: =1+C13 -> 1.1907642 | D14: =C14*(1+D13) -> 1.3778573 | E14: =D14*(1+E13) -> 1.5917417 | F14: =E14*(1+F13) -> 1.8228228 | G14: =F14*(1+G13) -> 2.0796362 | H14: =G14*(1+H13) -> 2.3492682 | I14: =H14*(1+I13) -> 2.6471863 | J14: =I14*(1+J13) -> 2.9846253 | K14: =J14*(1+K13) -> 3.3668693 | ... Y14: =X14*(1+Y13) -> #REF!
B15: VP Fluxo de Caixa da Empresa | C15: =C10/C14 -> 203.4206 | D15: =D10/D14 -> 891.8138 | E15: =E10/E14 -> 1414.2389 | F15: =F10/F14 -> 1546.613 | G15: =G10/G14 -> 586.20987 | H15: =H10/H14 -> 924.16823 | I15: =I10/I14 -> 1616.4915 | J15: =J10/J14 -> 2080.466 | ... N15: =N10/N14 -> 3330.8967 | O15: =O23/N14 -> 39366.114 | P15: =P10/P14 -> #REF! | Q15: =Q10/Q14 -> #REF! | R15: =R10/R14 -> #REF! | S15: =S10/S14 -> #REF! | T15: =T10/T14 -> #REF! | U15: =U10/U14 -> #REF! | V15: =V10/V14 -> #REF! | W15: =W10/W14 -> #REF! | ... Y15: =Y10/Y14 -> #REF!
B16: Valor Final | C16: =SUM(C15:O15) -> 60135.645 | P16: =SUM(P15:$Y$15) -> #REF! | Q16: =SUM(Q15:$Y$15) -> #REF! | R16: =SUM(R15:$Y$15) -> #REF! | S16: =SUM(S15:$Y$15) -> #REF! | T16: =SUM(T15:$Y$15) -> #REF! | U16: =SUM(U15:$Y$15) -> #REF! | V16: =SUM(V15:$Y$15) -> #REF! | W16: =SUM(W15:$Y$15) -> #REF! | ... Y16: =SUM(Y15:$Y$15) -> #REF!
B17: Caixa | C17: =+'3-Balanço'!D8 -> 1249
B18: Ativos Não Operacionais | C18: =+'3-Balanço'!D12+'3-Balanço'!D13+'3-Balanço'!D36 -> 2091
B19: Investimentos | C19: ='3-Balanço'!E20 -> 1159 | P19: ='3-Balanço'!#REF! -> #REF! | Q19: ='3-Balanço'!#REF! -> #REF! | R19: ='3-Balanço'!#REF! -> #REF! | S19: ='3-Balanço'!#REF! -> #REF! | T19: ='3-Balanço'!#REF! -> #REF! | U19: ='3-Balanço'!#REF! -> #REF! | V19: ='3-Balanço'!#REF! -> #REF! | W19: ='3-Balanço'!#REF! -> #REF! | ... Y19: ='3-Balanço'!#REF! -> #REF!
B20: Valor da Empresa | C20: =SUM(C16:C19) -> 64634.645
B21: (-) Dívidas | C21: -3382
B22: Valor do Patrimônio | C22: =SUM(C20:C21) -> 61252.645
B23: Total de Ações (ON + PN) | C23: ='2-Premissas'!C80/1000000 -> 1165.6772 | O23: =O10/(O13-'2-Premissas'!$C$82) -> 191930.77
B24: PA US$ | C24: =C22/C23+'4-DRE'!C55 -> 55.075873 | O24: =O23/N14 -> 39366.114
B25: R$ | C25: =C24*'7-Cálculos'!D23 -> 137.68968
B26: 50% + 1 das ações ON | C26: =(+'2-Premissas'!C78/2+1)/1000000 -> 374.97472
B27: Vl máximo da proposta | C27: =+C25*C26 -> 51630.15
B29: Beta Desalavancado | C29: ='7-Cálculos'!C15 -> 0.82058583 | P29: =$C$30/(1+('7-Cálculos'!#REF!/'7-Cálculos'!#REF!*(1-'2-Premissas'!#REF!))) -> #REF! | Q29: =$C$30/(1+('7-Cálculos'!#REF!/'7-Cálculos'!#REF!*(1-'2-Premissas'!#REF!))) -> #REF! | R29: =$C$30/(1+('7-Cálculos'!#REF!/'7-Cálculos'!#REF!*(1-'2-Premissas'!#REF!))) -> #REF! | S29: =$C$30/(1+('7-Cálculos'!#REF!/'7-Cálculos'!#REF!*(1-'2-Premissas'!#REF!))) -> #REF! | T29: =$C$30/(1+('7-Cálculos'!#REF!/'7-Cálculos'!#REF!*(1-'2-Premissas'!#REF!))) -> #REF! | U29: =$C$30/(1+('7-Cálculos'!#REF!/'7-Cálculos'!#REF!*(1-'2-Premissas'!#REF!))) -> #REF! | V29: =$C$30/(1+('7-Cálculos'!#REF!/'7-Cálculos'!#REF!*(1-'2-Premissas'!#REF!))) -> #REF! | W29: =$C$30/(1+('7-Cálculos'!#REF!/'7-Cálculos'!#REF!*(1-'2-Premissas'!#REF!))) -> #REF! | ... Y29: =$C$30/(1+('7-Cálculos'!#REF!/'7-Cálculos'!#REF!*(1-'2-Premissas'!#REF!))) -> #REF!
B30: Beta Alavancado | C30: ='7-Cálculos'!D16 -> 0.88818815 | D30: ='7-Cálculos'!E16 -> 0.88978137 | E30: ='7-Cálculos'!F16 -> 0.89529406 | F30: ='7-Cálculos'!G16 -> 0.90306073 | G30: ='7-Cálculos'!H16 -> 0.87342784 | H30: ='7-Cálculos'!I16 -> 0.87538537 | I30: ='7-Cálculos'!J16 -> 0.87602402 | J30: ='7-Cálculos'!K16 -> 0.87094878 | ... O30: ='7-Cálculos'!P16 -> 0.83148743 | P30: ='7-Cálculos'!#REF! -> #REF! | Q30: ='7-Cálculos'!#REF! -> #REF! | R30: ='7-Cálculos'!#REF! -> #REF! | S30: ='7-Cálculos'!#REF! -> #REF! | T30: ='7-Cálculos'!#REF! -> #REF! | U30: ='7-Cálculos'!#REF! -> #REF! | V30: ='7-Cálculos'!#REF! -> #REF! | W30: ='7-Cálculos'!#REF! -> #REF! | ... Y30: ='7-Cálculos'!#REF! -> #REF!

Sheet 11-FCLA
B1: Voltar índice
B2: Fluxo de Caixa Livre do Acionista
C4: =+'3-Balanço'!E5 -> 42369 | D4: =+'3-Balanço'!F5 -> 42735 | E4: =+'3-Balanço'!G5 -> 43100 | F4: =+'3-Balanço'!H5 -> 43465 | G4: =+'3-Balanço'!I5 -> 43830 | H4: =+'3-Balanço'!J5 -> 44196 | I4: =+'3-Balanço'!K5 -> 44561 | J4: =+'3-Balanço'!L5 -> 44926 | ... O4: =+'3-Balanço'!Q5 -> 46752
B6: Lucro Líquido | C6: ='4-DRE'!C53 -> 2948.0432 | D6: ='4-DRE'!D53 -> 2994.6226 | E6: ='4-DRE'!E53 -> 3424.6118 | F6: ='4-DRE'!F53 -> 4017.5815 | G6: ='4-DRE'!G53 -> 4840.9994 | H6: ='4-DRE'!H53 -> 5539.7698 | I6: ='4-DRE'!I53 -> 6931.6101 | J6: ='4-DRE'!J53 -> 8685.6926 | ... O6: ='4-DRE'!O53 -> 22795.982
B7: (+) Depreciação | C7: =-'4-DRE'!C36 -> 640.6 | D7: =-'4-DRE'!D36 -> 740.6 | E7: =-'4-DRE'!E36 -> 840.6 | F7: =-'4-DRE'!F36 -> 915.6 | G7: =-'4-DRE'!G36 -> 990.6 | H7: =-'4-DRE'!H36 -> 1182.1 | I7: =-'4-DRE'!I36 -> 1373.6 | J7: =-'4-DRE'!J36 -> 1565.1 | ... O7: =-'4-DRE'!O36 -> 2522.6
B8: (-) Investimento de capital | C8: =-'2-Premissas'!C70 -> -2000 | D8: =-'2-Premissas'!D70 -> -2000 | E8: =-'2-Premissas'!E70 -> -1500 | F8: =-'2-Premissas'!F70 -> -1500 | G8: =-'2-Premissas'!G70 -> -3830 | H8: =-'2-Premissas'!H70 -> -3830 | I8: =-'2-Premissas'!I70 -> -3830 | J8: =-'2-Premissas'!J70 -> -3830 | ... O8: =-'2-Premissas'!O70 -> -3830
B9: (-) D NCG | C9: ='5-FC'!C18 -> -1124.7565 | D9: ='5-FC'!D18 -> -361.0271 | E9: ='5-FC'!E18 -> -367.16255 | F9: ='5-FC'!F18 -> -393.19844 | G9: ='5-FC'!G18 -> -454.3854 | H9: ='5-FC'!H18 -> -521.80683 | I9: ='5-FC'!I18 -> -70.20121 | J9: ='5-FC'!J18 -> -58.547379 | ... O9: ='5-FC'!O18 -> -460.5917
B10: (+) Novas dívidas | C10: ='9-Financiamentos'!C10 -> 890 | D10: ='9-Financiamentos'!D10 -> 987 | E10: ='9-Financiamentos'!E10 -> 1121 | F10: ='9-Financiamentos'!F10 -> 1321 | G10: ='9-Financiamentos'!G10 -> 0 | H10: ='9-Financiamentos'!H10 -> 1121 | I10: ='9-Financiamentos'!I10 -> 1198 | J10: ='9-Financiamentos'!J10 -> 765 | ... O10: ='9-Financiamentos'!O10 -> 0
B11: (-) Pagamentos do principal | C11: ='9-Financiamentos'!C32 -> -804 | D11: ='9-Financiamentos'!D32 -> -696 | E11: ='9-Financiamentos'!E32 -> -505 | F11: ='9-Financiamentos'!F32 -> -449 | G11: ='9-Financiamentos'!G32 -> -1935.4 | H11: ='9-Financiamentos'!H32 -> -781.6 | I11: ='9-Financiamentos'!I32 -> -863.8 | J11: ='9-Financiamentos'!J32 -> -863.8 | ... O11: ='9-Financiamentos'!O32 -> -786.8
B12: Fluxo de Caixa Livre | C12: =SUM(C6:C11) -> 549.88662 | D12: =SUM(D6:D11) -> 1665.1955 | E12: =SUM(E6:E11) -> 3014.0493 | F12: =SUM(F6:F11) -> 3911.983 | G12: =SUM(G6:G11) -> -388.18602 | H12: =SUM(H6:H11) -> 2709.4629 | I12: =SUM(I6:I11) -> 4739.2089 | J12: =SUM(J6:J11) -> 6263.4452 | ... O12: =SUM(O6:O11) -> 20241.191
B13: (-) dividendos
B14: = var caixa
B16: Ke | C16: ='7-Cálculos'!D17 -> 0.20765195 | D16: ='7-Cálculos'!E17 -> 0.171 | E16: ='7-Cálculos'!F17 -> 0.17 | F16: ='7-Cálculos'!G17 -> 0.16 | G16: ='7-Cálculos'!H17 -> 0.15 | H16: ='7-Cálculos'!I17 -> 0.138 | I16: ='7-Cálculos'!J17 -> 0.135 | J16: ='7-Cálculos'!K17 -> 0.135 | ... O16: ='7-Cálculos'!P17 -> 0.135
B17: Ke Acumulado | C17: =(1+C16) -> 1.207652 | D17: =C17*(1+D16) -> 1.4141604 | E17: =D17*(1+E16) -> 1.6545677 | F17: =E17*(1+F16) -> 1.9192985 | G17: =F17*(1+G16) -> 2.2071933 | H17: =G17*(1+H16) -> 2.511786 | I17: =H17*(1+I16) -> 2.8508771 | J17: =I17*(1+J16) -> 3.2357455 | K17: =J17*(1+K16) -> 3.6725712 | ... O17: =N17*(1+O16) -> 6.0947187
B18: VP Fluxo de Caixa do Acionista | C18: =C12/C17 -> 455.33535 | D18: =D12/D17 -> 1177.5152 | E18: =E12/E17 -> 1821.6536 | F18: =F12/F17 -> 2038.2358 | G18: =G12/G17 -> -175.87314 | H18: =H12/H17 -> 1078.6998 | I18: =I12/I17 -> 1662.3687 | J18: =J12/J17 -> 1935.7039 | ... N18: =N12/N17 -> 3020.6624 | O18: =O21/N17 -> 35899.546
B19: Valor Final | C19: =SUM(C18:$O$18) -> 56205.248
O21: =O12/(O16-'2-Premissas'!$C$82) -> 192773.25
O22: =O21/N17 -> 35899.546
B24: Beta Desalavancado | C24: ='7-Cálculos'!C15 -> 0.82058583
B25: Beta Alavancado | C25: ='7-Cálculos'!D16 -> 0.88818815 | D25: ='7-Cálculos'!E16 -> 0.88978137 | E25: ='7-Cálculos'!F16 -> 0.89529406 | F25: ='7-Cálculos'!G16 -> 0.90306073 | G25: ='7-Cálculos'!H16 -> 0.87342784 | H25: ='7-Cálculos'!I16 -> 0.87538537 | I25: ='7-Cálculos'!J16 -> 0.87602402 | J25: ='7-Cálculos'!K16 -> 0.87094878 | ... O25: ='7-Cálculos'!P16 -> 0.83148743

Sheet 12-Analise Relativa
B1: Voltar índice
B2: AVALIAÇÃO RELATIVA
B3: Preço da Ação PN em 30/12/2004 : R$ 62,99
B4: Dolar Comercial em 30/12/2004 : 2,6540
B6: Companhias | C6: Vale do Rio Doce | D6: BHP Billington | E6: Rio Tinto
B7: Preço da Ação | C7: 23.73 | D7: 27.54 | E7: 123.29
B8: Valor de mercado | C8: 27650 | D8: 85750 | E8: 32830
B9: Crescimento de vendas | C9: 0.188 | D9: 0.4285 | E9: 0.2304
B10: Vendas | C10: 8479 | D10: 27160 | E10: 11340
B11: Margem Bruta | C11: 0.494 | D11: 0.3614 | E11: 0.2712
B12: EBITDA | C12: 3522 | D12: 8610 | E12: 2820
B13: Margem Operacional | C13: 0.372 | D13: 0.2517 | E13: 0.1425
B14: Lucro por Ação | C14: 2.2073 | D14: 1.34 | E14: 8.156
B15: P/L | C15: =+C7/C14 -> 10.750691 | D15: =+D7/D14 -> 20.552239 | E15: =+E7/E14 -> 15.116479
B16: PL/Crescimento | C16: 1.421 | D16: 0.56 | E16: 0.77
B17: Preço/Vendas | C17: =+C7/C10*1000 -> 2.7986791 | D17: 3.17 | E17: 2.91
B18: Preço/EBITDA | C18: =+C7/C12*1000 -> 6.7376491 | D18: =+D7/D12*1000 -> 3.1986063 | E18: =+E7/E12*1000 -> 43.719858

Sheet 13-Ciclo
B1: Voltar índice
C5: 2001 | D5: 2002 | E5: 2003 | F5: =+'3-Balanço'!D5 -> 42004 | G5: =+'3-Balanço'!E5 -> 42369 | H5: =+'3-Balanço'!F5 -> 42735 | I5: =+'3-Balanço'!G5 -> 43100 | J5: =+'3-Balanço'!H5 -> 43465 | K5: =+'3-Balanço'!I5 -> 43830 | L5: =+'3-Balanço'!J5 -> 44196 | M5: =+'3-Balanço'!K5 -> 44561 | ... S5: =+'3-Balanço'!Q5 -> 46752
B6: Enfoque Financeiro
B8: Ciclo Operacional e Financeiro
B9: (+) Estoque | D9: 46.451613 | E9: 58.120205 | F9: ='3-Balanço'!D11/F19*360 -> 74.893408 | G9: ='2-Premissas'!C49 -> 59.821742 | H9: ='2-Premissas'!D49 -> 59.821742 | I9: ='2-Premissas'!E49 -> 59.821742 | J9: ='2-Premissas'!F49 -> 59.821742 | K9: ='2-Premissas'!G49 -> 59.821742 | L9: ='2-Premissas'!H49 -> 59.821742 | M9: ='2-Premissas'!I49 -> 59.821742 | N9: ='2-Premissas'!J49 -> 59.821742 | ... S9: ='2-Premissas'!O49 -> 59.821742
B10: (+) Contas a Receber | D10: 55.48809 | E10: 53.107304 | F10: ='3-Balanço'!D9/'4-DRE'!B19*360 -> 43.689114 | G10: ='2-Premissas'!C50 -> 50.761503 | H10: ='2-Premissas'!D50 -> 50.761503 | I10: ='2-Premissas'!E50 -> 50.761503 | J10: ='2-Premissas'!F50 -> 50.761503 | K10: ='2-Premissas'!G50 -> 50.761503 | L10: ='2-Premissas'!H50 -> 50.761503 | M10: ='2-Premissas'!I50 -> 50.761503 | N10: ='2-Premissas'!J50 -> 50.761503 | ... S10: ='2-Premissas'!O50 -> 50.761503
B11: (=) Ciclo Operacional | D11: =SUM(D9:D10) -> 101.9397 | E11: =SUM(E9:E10) -> 111.22751 | F11: =SUM(F9:F10) -> 118.58252 | G11: =SUM(G9:G10) -> 110.58324 | H11: =SUM(H9:H10) -> 110.58324 | I11: =SUM(I9:I10) -> 110.58324 | J11: =SUM(J9:J10) -> 110.58324 | K11: =SUM(K9:K10) -> 110.58324 | ... S11: =SUM(S9:S10) -> 110.58324
B12: (-) Fornecedores | D12: 58.870968 | E12: 51.936546 | F12: ='3-Balanço'!D43/F22*360 -> 56.054237 | G12: ='2-Premissas'!C51 -> 55.620584 | H12: ='2-Premissas'!D51 -> 55.620584 | I12: ='2-Premissas'!E51 -> 55.620584 | J12: ='2-Premissas'!F51 -> 55.620584 | K12: ='2-Premissas'!G51 -> 55.620584 | L12: ='2-Premissas'!H51 -> 55.620584 | M12: ='2-Premissas'!I51 -> 55.620584 | N12: ='2-Premissas'!J51 -> 55.620584 | ... S12: ='2-Premissas'!O51 -> 55.620584
B13: (=) Ciclo Financeiro | D13: =D11-D12 -> 43.068735 | E13: =E11-E12 -> 59.290963 | F13: =F11-F12 -> 62.528285 | G13: =G11-G12 -> 54.962661 | H13: =H11-H12 -> 54.962661 | I13: =I11-I12 -> 54.962661 | J13: =J11-J12 -> 54.962661 | K13: =K11-K12 -> 54.962661 | ... S13: =S11-S12 -> 54.962661
B18: Estoques
B19: (+) CMV | D19: 2263 | E19: 3128 | F19: =-'4-DRE'!B28 -> 4081 | G19: =-'4-DRE'!C28 -> 4688.6426 | H19: =-'4-DRE'!D28 -> 5285.693 | I19: =-'4-DRE'!E28 -> 6092.9558 | J19: =-'4-DRE'!F28 -> 6959.2906 | K19: =-'4-DRE'!G28 -> 7959.6151 | L19: =-'4-DRE'!H28 -> 9115.4759 | M19: =-'4-DRE'!I28 -> 9681.2766 | ... S19: =-'4-DRE'!O28 -> 15649.837
B20: (+) Estoque Final | C20: 100 | D20: 292 | E20: 505 | F20: ='3-Balanço'!D11 -> 849 | G20: ='3-Balanço'!E11 -> 779.1188 | H20: ='3-Balanço'!F11 -> 878.33156 | I20: ='3-Balanço'!G11 -> 1012.4756 | J20: ='3-Balanço'!H11 -> 1156.4358 | K20: ='3-Balanço'!I11 -> 1322.6612 | L20: ='3-Balanço'!J11 -> 1514.7324 | M20: ='3-Balanço'!K11 -> 1608.7523 | ... S20: ='3-Balanço'!Q11 -> 2600.557
B21: (-) Estoque Inicial | C21: -100 | D21: -323 | E21: -292 | F21: =-E20 -> -505 | G21: =-F20 -> -849 | H21: =-G20 -> -779.1188 | I21: =-H20 -> -878.33156 | J21: =-I20 -> -1012.4756 | K21: =-J20 -> -1156.4358 | L21: =-K20 -> -1322.6612 | M21: =-L20 -> -1514.7324 | ... S21: =-R20 -> -2390.6092
B22: (=) Compras | C22: =SUM(C19:C21) -> 0 | D22: =SUM(D19:D21) -> 2232 | E22: =SUM(E19:E21) -> 3341 | F22: =SUM(F19:F21) -> 4425 | G22: =SUM(G19:G21) -> 4618.7614 | H22: =SUM(H19:H21) -> 5384.9057 | I22: =SUM(I19:I21) -> 6227.0998 | J22: =SUM(J19:J21) -> 7103.2507 | ... S22: =SUM(S19:S21) -> 15859.785

Sheet 14-Gráficos
B1: Voltar índice
M33: 2014 | N33: 2015 | O33: 2016 | P33: 2017
C34: ='4-DRE'!B35/1000 -> 3.522 | D34: ='4-DRE'!C35/1000 -> 4.2757767 | E34: ='4-DRE'!D35/1000 -> 5.0575989 | F34: ='4-DRE'!E35/1000 -> 5.80676 | G34: ='4-DRE'!F35/1000 -> 6.6683271 | H34: ='4-DRE'!G35/1000 -> 7.8283101 | I34: ='4-DRE'!H35/1000 -> 9.2742604 | J34: ='4-DRE'!I35/1000 -> 11.685351 | ... P34: ='4-DRE'!O35/1000 -> 35.392116

Sheet AS
A2: Análise de Sensibilidade | J2: 0.1527
B6: Variáveis | D6: Var Média Anual | G6: Preço Ferro | H6: Vol Vendas | I6: Preço Dólar | J6: Investimento
B7: Preço do Ferro | D7: 0.058086154 | F7: Mínimo | G7: =G8*0.65 -> 0.037756 | H7: =H8 -> 0.0519 | I7: =I8*0.7 -> 0.056 | J7: =D9 -> 3830
B8: Volume de Vendas | D8: 0.0519 | F8: Máximo | G8: =D7 -> 0.058086154 | H8: =D8 -> 0.0519 | I8: =D10 -> 0.08
B9: Investimento | D9: 3830
B10: Preço Dólar | D10: 0.08
B11: Preço da Ação | D11: ='10-FCLE'!C24 -> 55.075873
B12: Tx de cresc. | D12: =((1+G7)*(1+H7)*(1+I7)-1) -> 0.15274601
B15: Variação no Crescimento da Receita | C15: Preço do Ferro | E15: Vol Vendas | F15: Preço da Ação | G15: Investimento | I15: Preço Dólar | J15: Preço da Ação
C16: D | D16: Preço da Ação | E16: D | F16: Preço da Ação | G16: D | H16: Preço da Ação | I16: D | J16: Preço da Ação
D17: =D11 -> 55.075873 | F17: =D11 -> 55.075873 | H17: =D11 -> 55.075873 | J17: =D11 -> 55.075873
B18: 0.3 | C18: =$C$24*(1+B18) -> 0.075512 | D18: 67.902643 | E18: =$E$24*(1+B18) -> 0.06747 | F18: 72.821795 | G18: =$G$24*(1+B18) -> 4979 | H18: 51.712717 | I18: =$I$24*(1+B18) -> 0.104 | J18: 74.258689
B19: 0.25 | C19: =$C$24*(1+B19) -> 0.072607692 | D19: 65.665816 | E19: =$E$24*(1+B19) -> 0.064875 | F19: 69.677545 | G19: =$G$24*(1+B19) -> 4787.5 | H19: 52.273306 | I19: =$I$24*(1+B19) -> 0.1 | J19: 70.844501
B20: 0.2 | C20: =$C$24*(1+B20) -> 0.069703385 | D20: 63.469575 | E20: =$E$24*(1+B20) -> 0.06228 | F20: 66.610417 | G20: =$G$24*(1+B20) -> 4596 | H20: 52.83387 | I20: =$I$24*(1+B20) -> 0.096 | J20: 67.520237
B21: 0.15 | C21: =$C$24*(1+B21) -> 0.066799077 | D21: 61.31318 | E21: =$E$24*(1+B21) -> 0.059685 | F21: 63.618515 | G21: =$G$24*(1+B21) -> 4404.5 | H21: 53.394408 | I21: =$I$24*(1+B21) -> 0.092 | J21: 64.283526
B22: 0.1 | C22: =$C$24*(1+B22) -> 0.063894769 | D22: 59.195906 | E22: =$E$24*(1+B22) -> 0.05709 | F22: 60.69999 | G22: =$G$24*(1+B22) -> 4213 | H22: 53.954921 | I22: =$I$24*(1+B22) -> 0.088 | J22: 61.132056
B23: 0.05 | C23: =$C$24*(1+B23) -> 0.060990462 | D23: 57.117038 | E23: =$E$24*(1+B23) -> 0.054495 | F23: 57.853032 | G23: =$G$24*(1+B23) -> 4021.5 | H23: 54.51541 | I23: =$I$24*(1+B23) -> 0.084 | J23: 58.063573
B24: 0 | C24: 0.058086154 | D24: 55.075873 | E24: 0.0519 | F24: 55.075873 | G24: 3830 | H24: 55.075873 | I24: 0.08 | J24: 55.075873
B25: -0.05 | C25: =$C$24*(1+B25) -> 0.055181846 | D25: 53.07172 | E25: =$E$24*(1+B25) -> 0.049305 | F25: 52.366784 | G25: =$G$24*(1+B25) -> 3638.5 | H25: 55.636312 | I25: =$I$24*(1+B25) -> 0.076 | J25: 52.16681
B26: -0.1 | C26: =$C$24*(1+B26) -> 0.052277538 | D26: 51.1039 | E26: =$E$24*(1+B26) -> 0.04671 | F26: 49.724077 | G26: =$G$24*(1+B26) -> 3447 | H26: 56.196726 | I26: =$I$24*(1+B26) -> 0.072 | J26: 49.334288
B27: -0.15 | C27: =$C$24*(1+B27) -> 0.049373231 | D27: 49.171745 | E27: =$E$24*(1+B27) -> 0.044115 | F27: 47.1461 | G27: =$G$24*(1+B27) -> 3255.5 | H27: 56.757115 | I27: =$I$24*(1+B27) -> 0.068 | J27: 46.576263
B28: -0.2 | C28: =$C$24*(1+B28) -> 0.046468923 | D28: 47.274598 | E28: =$E$24*(1+B28) -> 0.04152 | F28: 44.63124 | G28: =$G$24*(1+B28) -> 3064 | H28: 57.31748 | I28: =$I$24*(1+B28) -> 0.064 | J28: 43.890739
B29: -0.25 | C29: =$C$24*(1+B29) -> 0.043564615 | D29: 45.411814 | E29: =$E$24*(1+B29) -> 0.038925 | F29: 42.177919 | G29: =$G$24*(1+B29) -> 2872.5 | H29: 57.877821 | I29: =$I$24*(1+B29) -> 0.06 | J29: 41.27577
B30: -0.3 | C30: =$C$24*(1+B30) -> 0.040660308 | D30: 43.582757 | E30: =$E$24*(1+B30) -> 0.03633 | F30: 39.784598 | G30: =$G$24*(1+B30) -> 2681 | H30: 58.438137 | I30: =$I$24*(1+B30) -> 0.056 | J30: 38.729457
D61: Preço | E61: Volume | F61: Dólar | G61: Tx de Cresc. | H61: Vl. Da Ação | I61: Posição
C62: Mínimo | D62: =MIN(D$65:D$214) -> 0.040709605 | E62: =MIN(E$65:E$214) -> 0.036425734 | F62: =MIN(F$65:F$214) -> 0.056440564 | G62: =MIN(G$65:G$214) -> 0.11589154 | H62: =MIN(H$65:H$214) -> 32.244183 | I62: =SUMIF($H$65:$H$214,$H62,$C$65:$C$214) -> 127
C63: Máximo | D63: =MAX(D$65:D$214) -> 0.0750199 | E63: =MAX(E$65:E$214) -> 0.067468171 | F63: =MAX(F$65:F$214) -> 0.10381182 | G63: =MAX(G$65:G$214) -> 0.19488288 | H63: =MAX(H$65:H$214) -> 105.87127 | I63: =SUMIF($H$65:$H$214,$H63,$C$65:$C$214) -> 129
H64: =D11 -> 55.075873
C65: 1 | D65: =$C$18+($C$30-$C$18)*RAND() -> 0.063170884 | E65: =$E$18+($E$30-$E$18)*RAND() -> 0.042479071 | F65: =$I$18+($I$30-$I$18)*RAND() -> 0.082155182 | G65: =((1+(D65*0.7))*(1+(E65*1))*(1+(F65*0.7)))-1 -> 0.15117967 | H65: 40.545886
C66: 2 | D66: =$C$18+($C$30-$C$18)*RAND() -> 0.06787872 | E66: =$E$18+($E$30-$E$18)*RAND() -> 0.036997044 | F66: =$I$18+($I$30-$I$18)*RAND() -> 0.074942139 | G66: =((1+(D66*0.7))*(1+(E66*1))*(1+(F66*0.7)))-1 -> 0.14325525 | H66: 47.453128
C67: 3 | D67: =$C$18+($C$30-$C$18)*RAND() -> 0.062815954 | E67: =$E$18+($E$30-$E$18)*RAND() -> 0.058008242 | F67: =$I$18+($I$30-$I$18)*RAND() -> 0.083719366 | G67: =((1+(D67*0.7))*(1+(E67*1))*(1+(F67*0.7)))-1 -> 0.16925949 | H67: 67.127081
C68: 4 | D68: =$C$18+($C$30-$C$18)*RAND() -> 0.053062922 | E68: =$E$18+($E$30-$E$18)*RAND() -> 0.054543489 | F68: =$I$18+($I$30-$I$18)*RAND() -> 0.095324846 | G68: =((1+(D68*0.7))*(1+(E68*1))*(1+(F68*0.7)))-1 -> 0.16669415 | H68: 58.463909
C69: 5 | D69: =$C$18+($C$30-$C$18)*RAND() -> 0.049580275 | E69: =$E$18+($E$30-$E$18)*RAND() -> 0.046794008 | F69: =$I$18+($I$30-$I$18)*RAND() -> 0.090338194 | G69: =((1+(D69*0.7))*(1+(E69*1))*(1+(F69*0.7)))-1 -> 0.15161748 | H69: 59.154214
C70: 6 | D70: =$C$18+($C$30-$C$18)*RAND() -> 0.055719146 | E70: =$E$18+($E$30-$E$18)*RAND() -> 0.054097131 | F70: =$I$18+($I$30-$I$18)*RAND() -> 0.058828855 | G70: =((1+(D70*0.7))*(1+(E70*1))*(1+(F70*0.7)))-1 -> 0.14031149 | H70: 44.476837
C71: 7 | D71: =$C$18+($C$30-$C$18)*RAND() -> 0.04345342 | E71: =$E$18+($E$30-$E$18)*RAND() -> 0.063248568 | F71: =$I$18+($I$30-$I$18)*RAND() -> 0.084842305 | G71: =((1+(D71*0.7))*(1+(E71*1))*(1+(F71*0.7)))-1 -> 0.16065647 | H71: 76.175904
C72: 8 | D72: =$C$18+($C$30-$C$18)*RAND() -> 0.042534458 | E72: =$E$18+($E$30-$E$18)*RAND() -> 0.053171463 | F72: =$I$18+($I$30-$I$18)*RAND() -> 0.069457047 | G72: =((1+(D72*0.7))*(1+(E72*1))*(1+(F72*0.7)))-1 -> 0.13725843 | H72: 47.686304
C73: 9 | D73: =$C$18+($C$30-$C$18)*RAND() -> 0.049097802 | E73: =$E$18+($E$30-$E$18)*RAND() -> 0.064762973 | F73: =$I$18+($I$30-$I$18)*RAND() -> 0.096473507 | G73: =((1+(D73*0.7))*(1+(E73*1))*(1+(F73*0.7)))-1 -> 0.1757335 | H73: 63.38417
C74: 10 | D74: =$C$18+($C$30-$C$18)*RAND() -> 0.047123718 | E74: =$E$18+($E$30-$E$18)*RAND() -> 0.047729627 | F74: =$I$18+($I$30-$I$18)*RAND() -> 0.097904443 | G74: =((1+(D74*0.7))*(1+(E74*1))*(1+(F74*0.7)))-1 -> 0.15646341 | H74: 54.817933
C75: 11 | D75: =$C$18+($C$30-$C$18)*RAND() -> 0.066374592 | E75: =$E$18+($E$30-$E$18)*RAND() -> 0.054568985 | F75: =$I$18+($I$30-$I$18)*RAND() -> 0.077193151 | G75: =((1+(D75*0.7))*(1+(E75*1))*(1+(F75*0.7)))-1 -> 0.16319804 | H75: 63.328408
C76: 12 | D76: =$C$18+($C$30-$C$18)*RAND() -> 0.056994328 | E76: =$E$18+($E$30-$E$18)*RAND() -> 0.051160309 | F76: =$I$18+($I$30-$I$18)*RAND() -> 0.058712272 | G76: =((1+(D76*0.7))*(1+(E76*1))*(1+(F76*0.7)))-1 -> 0.1380222 | H76: 54.195822
... C214: 150 | D214: =$C$18+($C$30-$C$18)*RAND() -> 0.068946456 | E214: =$E$18+($E$30-$E$18)*RAND() -> 0.05490666 | F214: =$I$18+($I$30-$I$18)*RAND() -> 0.097256956 | G214: =((1+(D214*0.7))*(1+(E214*1))*(1+(F214*0.7)))-1 -> 0.18110313 | H214: 55.724661
C218: Bloco | D218: Freqüência | E218: % cumulativo | F218: Bloco | G218: Freqüência | H218: % cumulativo
C219: 23.629533 | D219: 2 | E219: 0.013333333 | F219: 54.250209 | G219: 24 | H219: 0.16
C220: 29.753668 | D220: 3 | E220: 0.033333333 | F220: 72.622615 | G220: 22 | H220: 0.30666667
C221: 35.877803 | D221: 15 | E221: 0.13333333 | F221: 42.001939 | G221: 19 | H221: 0.43333333
C222: 42.001939 | D222: 19 | E222: 0.26 | F222: 60.374344 | G222: 19 | H222: 0.56
C223: 48.126074 | D223: 14 | E223: 0.35333333 | F223: 35.877803 | G223: 15 | H223: 0.66
C224: 54.250209 | D224: 24 | E224: 0.51333333 | F224: 48.126074 | G224: 14 | H224: 0.75333333
C225: 60.374344 | D225: 19 | E225: 0.64 | F225: 66.498479 | G225: 11 | H225: 0.82666667
C226: 66.498479 | D226: 11 | E226: 0.71333333 | F226: 78.74675 | G226: 9 | H226: 0.88666667
C227: 72.622615 | D227: 22 | E227: 0.86 | F227: 84.870885 | G227: 8 | H227: 0.94
C228: 78.74675 | D228: 9 | E228: 0.92 | F228: 29.753668 | G228: 3 | H228: 0.96
C229: 84.870885 | D229: 8 | E229: 0.97333333 | F229: 90.99502 | G229: 3 | H229: 0.98
C230: 90.99502 | D230: 3 | E230: 0.99333333 | F230: 23.629533 | G230: 2 | H230: 0.99333333
C231: Mais | D231: 1 | E231: 1 | F231: Mais | G231: 1 | H231: 1

Sheet Sensibilidade
B3: Variáveis
B5: Preço do Minério
B6: Qtd Venda do Mínério
B7: Investimento
